Workbook

Sheet Summary
A1: Govenor | B1: Votes | C1: Percentage
A2: Ken McFeeters | B2: =SUM(Autauga:Winston!B2) -> 47239 | C2: =B2/B5 -> 0.095627829
A3: "Alabama" Will Santivasci | B3: =SUM(Autauga:Winston!B3) -> 24494 | C3: =B3/B5 -> 0.0495842
A4: Thomas Tuberville | B4: =SUM(Autauga:Winston!B4) -> 422255 | C4: =B4/B5 -> 0.85478797
A5: Total | B5: =SUM(B2:B4) -> 493988 | C5: =SUM(C2:C4) -> 1
A7: Lt. Govenor | B7: Votes | C7: Percentage
A8: Wes Allen | B8: =SUM(Autauga:Winston!B8) -> 180497 | C8: =B8/B15 -> 0.37993369
A9: Pat Bishop | B9: =SUM(Autauga:Winston!B9) -> 15428 | C9: =B9/B15 -> 0.032474872
A10: George Childress | B10: =SUM(Autauga:Winston!B10) -> 10339 | C10: =B10/B15 -> 0.02176288
A11: Rick Pate | B11: =SUM(Autauga:Winston!B11) -> 34662 | C11: =B11/B15 -> 0.072961111
A12: Stewart Hill Tankersley | B12: =SUM(Autauga:Winston!B12) -> 13537 | C12: =B12/B15 -> 0.028494448
A13: Nicole Jones Wadsworth | B13: =SUM(Autauga:Winston!B13) -> 27948 | C13: =B13/B15 -> 0.058828606
A14: John Wahl | B14: =SUM(Autauga:Winston!B14) -> 192664 | C14: =B14/B15 -> 0.40554439
A15: Total | B15: =SUM(B8:B14) -> 475075 | C15: =SUM(C8:C14) -> 1
A17: Senator | B17: Votes | C17: Percentage
A18: Seth Burton | B18: =SUM(Autauga:Winston!B18) -> 15142 | C18: =B18/B25 -> 0.031379717
A19: Dale Shelton Deas Jr. | B19: =SUM(Autauga:Winston!B19) -> 10117 | C19: =B19/B25 -> 0.020966094
A20: Jared Hudson | B20: =SUM(Autauga:Winston!B20) -> 123672 | C20: =B20/B25 -> 0.25629325
A21: Steve Marshall | B21: =SUM(Autauga:Winston!B21) -> 118361 | C21: =B21/B25 -> 0.24528693
A22: Barry Moore | B22: =SUM(Autauga:Winston!B22) -> 189067 | C22: =B22/B25 -> 0.39181541
A23: Morgan Murphy | B23: =SUM(Autauga:Winston!B23) -> 6485 | C23: =B23/B25 -> 0.013439273
A24: Rodney Walker | B24: =SUM(Autauga:Winston!B24) -> 19697 | C24: =B24/B25 -> 0.040819329
A25: Total | B25: =SUM(B18:B24) -> 482541 | C25: =SUM(C18:C24) -> 1
A27: Attorney General | B27: Votes | C27: Percentage
A28: Pamela L. Casey | B28: =SUM(Autauga:Winston!B28) -> 117071 | C28: =B28/B31 -> 0.25051249
A29: Jay Mitchell | B29: =SUM(Autauga:Winston!B29) -> 160834 | C29: =B29/B31 -> 0.34415804
A30: Katherine Robertson | B30: =SUM(Autauga:Winston!B30) -> 189421 | C30: =B30/B31 -> 0.40532947
A31: Total | B31: =SUM(B28:B30) -> 467326 | C31: =SUM(C28:C30) -> 1
A33: Secretary of State | B33: Votes | C33: Percentage
A34: Caroleene Dobson | B34: =SUM(Autauga:Winston!B34) -> 287222 | C34: =B34/B37 -> 0.65466688
A35: Christopher Christian Horn | B35: =SUM(Autauga:Winston!B35) -> 99251 | C35: =B35/B37 -> 0.22622342
A36: Glenda S. Jackson | B36: =SUM(Autauga:Winston!B36) -> 52257 | C36: =B36/B37 -> 0.1191097
A37: Total | B37: =SUM(B34:B36) -> 438730 | C37: =SUM(C34:C36) -> 1
A39: Treasurer | B39: Votes | C39: Percentage
A40: Young Boozer | B40: =SUM(Autauga:Winston!B40) -> 306630 | C40: =B40/B42 -> 0.68033263
A41: Steve Lolley | B41: =SUM(Autauga:Winston!B41) -> 144076 | C41: =B41/B42 -> 0.31966737
A42: Total | B42: =SUM(B39:B41) -> 450706 | C42: =SUM(C39:C41) -> 1
A44: Auditor | B44: Votes | C44: Percentage
A45: Derek Chen | B45: =SUM(Autauga:Winston!B45) -> 141827 | C45: =B45/B47 -> 0.3206224
A46: Andrew Sorrell | B46: =SUM(Autauga:Winston!B46) -> 300522 | C46: =B46/B47 -> 0.6793776
A47: Total | B47: =SUM(B44:B46) -> 442349 | C47: =SUM(C44:C46) -> 1
A49: Commissioner of Agriculture & Industries | B49: Votes | C49: Percentage
A50: Cory Hill | B50: =SUM(Autauga:Winston!B50) -> 154968 | C50: =B50/B53 -> 0.50377585
A51: Christina Woerner McInnis | B51: =SUM(Autauga:Winston!B51) -> 152645 | C51: =B51/B53 -> 0.49622415
A52: Jack Williams | C52: =B52/B53 -> 0
A53: Total | B53: =SUM(B50:B52) -> 307613 | C53: =SUM(C50:C52) -> 1
A55: Public Service Commission, Place No. 1 | B55: Votes | C55: Percentage
A56: Matt Gentry | B56: =SUM(Autauga:Winston!B56) -> 319032 | C56: =B56/B58 -> 0.74799889
A57: Jeremy H. Oden | B57: =SUM(Autauga:Winston!B57) -> 107482 | C57: =B57/B58 -> 0.25200111
A58: Total | B58: =SUM(B55:B57) -> 426514 | C58: =SUM(C55:C57) -> 1
A60: Public Service Commission, Place No. 2 | B60: Votes | C60: Percentage
A61: Priscilla Andrews | B61: =SUM(Autauga:Winston!B61) -> 53627 | C61: =B61/B65 -> 0.12375157
A62: Chris Beeker | B62: =SUM(Autauga:Winston!B62) -> 106380 | C62: =B62/B65 -> 0.24548626
A63: Brent Woodall | B63: =SUM(Autauga:Winston!B63) -> 79275 | C63: =B63/B65 -> 0.1829378
A64: Jim Zig Zeigler | B64: =SUM(Autauga:Winston!B64) -> 194062 | C64: =B64/B65 -> 0.44782436
A65: Total | B65: =SUM(B61:B64) -> 433344 | C65: =SUM(C61:C64) -> 1
A67: U.S. Representative, 1st Congressional District | B67: Votes | C67: Percentage
A68: Jerry Carl | B68: =SUM(Baldwin!B68,Coffee!B68,Covington!B68,Dale!B68,Escambia!B68,Geneva!B68,Henry!B68,Houston!B68,Mobile!B68) -> 32714 | C68: =B68/B75 -> 0.40285697
A69: James (Jimmy) Dees | B69: =SUM(Baldwin!B69,Coffee!B69,Covington!B69,Dale!B69,Escambia!B69,Geneva!B69,Henry!B69,Houston!B69,Mobile!B69) -> 4194 | C69: =B69/B75 -> 0.051647066
A70: Rhett Marques | B70: =SUM(Baldwin!B70,Coffee!B70,Covington!B70,Dale!B70,Escambia!B70,Geneva!B70,Henry!B70,Houston!B70,Mobile!B70) -> 25235 | C70: =B70/B75 -> 0.31075673
A71: Joshua McKee | B71: =SUM(Baldwin!B71,Coffee!B71,Covington!B71,Dale!B71,Escambia!B71,Geneva!B71,Henry!B71,Houston!B71,Mobile!B71) -> 7336 | C71: =B71/B75 -> 0.090339265
A72: John Mills | B72: =SUM(Baldwin!B72,Coffee!B72,Covington!B72,Dale!B72,Escambia!B72,Geneva!B72,Henry!B72,Houston!B72,Mobile!B72) -> 3049 | C72: =B72/B75 -> 0.037546949
A73: James Richardson | B73: =SUM(Baldwin!B73,Coffee!B73,Covington!B73,Dale!B73,Escambia!B73,Geneva!B73,Henry!B73,Houston!B73,Mobile!B73) -> 2848 | C73: =B73/B75 -> 0.035071732
A74: Austin Sidwell | B74: =SUM(Baldwin!B74,Coffee!B74,Covington!B74,Dale!B74,Escambia!B74,Geneva!B74,Henry!B74,Houston!B74,Mobile!B74) -> 5829 | C74: =B74/B75 -> 0.071781294
A75: Total | B75: =SUM(B68:B74) -> 81205 | C75: =SUM(C68:C74) -> 1
A77: U.S. Representative, 3rd Congressional District | B77: Votes | C77: Percentage
A78: Terri LaPoint | B78: =SUM(Calhoun!B68,Chambers!B68,Cherokee!B68,Clay!B68,Cleburne!B68,Etowah!B68,Lee!B68,Randolph!B68,'St. Clair'!B68,Talladega!B68,Tallapoosa!B68) -> 12769 | C78: =B78/B80 -> 0.16820571
A79: Mike Rogers | B79: =SUM(Calhoun!B69,Chambers!B69,Cherokee!B69,Clay!B69,Cleburne!B69,Etowah!B69,Lee!B69,Randolph!B69,'St. Clair'!B69,Talladega!B69,Tallapoosa!B69) -> 63144 | C79: =B79/B80 -> 0.83179429
A80: Total | B80: =SUM(B77:B79) -> 75913 | C80: =SUM(C77:C79) -> 1
A82: U.S. Representative, 4th Congressional District | B82: Votes | C82: Percentage
A83: Robert B. Aderholt | B83: =SUM(Blount!B68,Colbert!B68,Cullman!B68,Dekalb!B68,Fayette!B68,Franklin!B68,Lamar!B68,Lauderdale!B68,Marion!B68,Marshall!B68,Tuscaloosa!B68,Walker!B68,Winston!B68) -> 72169 | C83: =B83/B85 -> 0.77606917
A84: Tommy Barnes | B84: =SUM(Blount!B69,Colbert!B69,Cullman!B69,Dekalb!B69,Fayette!B69,Franklin!B69,Lamar!B69,Lauderdale!B69,Marion!B69,Marshall!B69,Tuscaloosa!B69,Walker!B69,Winston!B69) -> 20824 | C84: =B84/B85 -> 0.22393083
A85: Total | B85: =SUM(B82:B84) -> 92993 | C85: =SUM(C82:C84) -> 1
A87: US Representative, 6th Congressional District | B87: Votes | C87: Percentage
A88: Case Dixon | B88: =SUM(Autauga!B63,Bibb!B63,Chilton!B68,Coosa!B68,Elmore!B68,Jefferson!B68,Shelby!B68,Talladega!B73,) -> 14054 | C88: =B88/B90 -> 0.19217306
A89: Gary Palmer | B89: =SUM(Autauga!B64,Bibb!B64,Chilton!B69,Coosa!B69,Elmore!B69,Jefferson!B69,Shelby!B69,Talladega!B74,) -> 59078 | C89: =B89/B90 -> 0.80782694
A90: Total | B90: =SUM(B87:B89) -> 73132 | C90: =SUM(C87:C89) -> 1
A92: Member, State Board of Education, District 6 | B92: Votes | C92: Percentage
A93: Cathi Bradford | B93: =SUM(Blount!B73,Calhoun!B80,Cherokee!B78,Cullman!B78,Etowah!B78,Marshall!B73,'St. Clair'!B83,Talladega!B78) -> 35647 | C93: =B93/B95 -> 0.539591
A94: Marie Manning | B94: =SUM(Blount!B74,Calhoun!B81,Cherokee!B79,Cullman!B79,Etowah!B79,Marshall!B74,'St. Clair'!B84,Talladega!B79) -> 30416 | C94: =B94/B95 -> 0.460409
A95: Total | B95: =SUM(B92:B94) -> 66063 | C95: =SUM(C92:C94) -> 1
A97: Member State Board of Education, District 8 | B97: Votes | C97: Percentage
A98: Emily Jones | B98: =SUM(Dekalb!B78,Jackson!B68,Limestone!B68,Madison!B73) -> 20354 | C98: =B98/B101 -> 0.42308092
A99: William Matthews | B99: =SUM(Dekalb!B79,Jackson!B69,Limestone!B69,Madison!B74) -> 15504 | C99: =B99/B101 -> 0.32226818
A100: Connie Spears | B100: =SUM(Dekalb!B80,Jackson!B70,Limestone!B70,Madison!B75) -> 12251 | C100: =B100/B101 -> 0.2546509
A101: Total | B101: =SUM(B98:B100) -> 48109 | C101: =SUM(C98:C100) -> 1
A103: State Representative, District 1 | B103: Votes | C103: Percentage
A104: Maurice McCaney | B104: =SUM(Lauderdale!B73) -> 2914 | C104: =B104/B106 -> 0.59263779
A105: Phillip Pettus | B105: =SUM(Lauderdale!B74) -> 2003 | C105: =B105/B106 -> 0.40736221
A106: Total | B106: =SUM(B103:B105) -> 4917 | C106: =SUM(C103:C105) -> 1
A108: State Representative, District 8 | B108: Votes | C108: Percentage
A109: Kevin Davenport | B109: =SUM(Morgan!B68) -> 1172 | C109: =B109/B111 -> 0.33533619
A110: Patrick Johnson | B110: =SUM(Morgan!B69) -> 2323 | C110: =B110/B111 -> 0.66466381
A111: Total | B111: =SUM(B108:B110) -> 3495 | C111: =SUM(C108:C110) -> 1
A113: State Representative, District 13 | B113: Votes | C113: Percentage
A114: Greg Barnes | B114: =SUM(Walker!B73) -> 4322 | C114: =B114/B116 -> 0.42351788
A115: Mike Elliot | B115: =SUM(Walker!B74) -> 5883 | C115: =B115/B116 -> 0.57648212
A116: Total | B116: =SUM(B113:B115) -> 10205 | C116: =SUM(C113:C115) -> 1
A118: State Representative, District 17 | B118: Votes | C118: Percentage
A119: Michael Beck | B119: =SUM(Lamar!B73,Marion!B78,Winston!B78) -> 1936 | C119: =B119/B122 -> 0.26622662
...

Sheet Autauga
A1: Govenor | B1: Votes | C1: Percentage
A2: Ken McFeeters | B2: 604 | C2: =B2/B5 -> 0.076368694
A3: "Alabama" Will Santivasci | B3: 368 | C3: =B3/B5 -> 0.04652927
A4: Thomas Tuberville | B4: 6937 | C4: =B4/B5 -> 0.87710204
A5: Total | B5: =SUM(B2:B4) -> 7909 | C5: =SUM(C2:C4) -> 1
A7: Lt. Govenor | B7: Votes | C7: Percentage
A8: Wes Allen | B8: 2958 | C8: =B8/B15 -> 0.38616188
A9: Pat Bishop | B9: 155 | C9: =B9/B15 -> 0.020234987
A10: George Childress | B10: 131 | C10: =B10/B15 -> 0.017101828
A11: Rick Pate | B11: 1204 | C11: =B11/B15 -> 0.15718016
A12: Stewart Hill Tankersley | B12: 389 | C12: =B12/B15 -> 0.05078329
A13: Nicole Jones Wadsworth | B13: 411 | C13: =B13/B15 -> 0.053655352
A14: John Wahl | B14: 2412 | C14: =B14/B15 -> 0.31488251
A15: Total | B15: =SUM(B8:B14) -> 7660 | C15: =SUM(C8:C14) -> 1
A17: Senator | B17: Votes | C17: Percentage
A18: Seth Burton | B18: 161 | C18: =B18/B25 -> 0.020683453
A19: Dale Shelton Deas Jr. | B19: 111 | C19: =B19/B25 -> 0.014260021
A20: Jared Hudson | B20: 1520 | C20: =B20/B25 -> 0.19527235
A21: Steve Marshall | B21: 1929 | C21: =B21/B25 -> 0.24781603
A22: Barry Moore | B22: 3791 | C22: =B22/B25 -> 0.48702467
A23: Morgan Murphy | B23: 69 | C23: =B23/B25 -> 0.0088643371
A24: Rodney Walker | B24: 203 | C24: =B24/B25 -> 0.026079137
A25: Total | B25: =SUM(B18:B24) -> 7784 | C25: =SUM(C18:C24) -> 1
A27: Attorney General | B27: Votes | C27: Percentage
A28: Pamela L. Casey | B28: 1721 | C28: =B28/B31 -> 0.22752512
A29: Jay Mitchell | B29: 3134 | C29: =B29/B31 -> 0.41433104
A30: Katherine Robertson | B30: 2709 | C30: =B30/B31 -> 0.35814384
A31: Total | B31: =SUM(B28:B30) -> 7564 | C31: =SUM(C28:C30) -> 1
A33: Secretary of State | B33: Votes | C33: Percentage
A34: Caroleene Dobson | B34: 5098 | C34: =B34/B37 -> 0.71280761
A35: Christopher Christian Horn | B35: 1409 | C35: =B35/B37 -> 0.19700783
A36: Glenda S. Jackson | B36: 645 | C36: =B36/B37 -> 0.090184564
A37: Total | B37: =SUM(B34:B36) -> 7152 | C37: =SUM(C34:C36) -> 1
A39: Treasurer | B39: Votes | C39: Percentage
A40: Young Boozer | B40: 5794 | C40: =B40/B42 -> 0.7766756
A41: Steve Lolley | B41: 1666 | C41: =B41/B42 -> 0.2233244
A42: Total | B42: =SUM(B39:B41) -> 7460 | C42: =SUM(C39:C41) -> 1
A44: Auditor | B44: Votes | C44: Percentage
A45: Derek Chen | B45: 2573 | C45: =B45/B47 -> 0.3556815
A46: Andrew Sorrell | B46: 4661 | C46: =B46/B47 -> 0.6443185
A47: Total | B47: =SUM(B44:B46) -> 7234 | C47: =SUM(C44:C46) -> 1
A49: Commissioner of Agriculture & Industries | B49: Votes | C49: Percentage
A50: Cory Hill | B50: 2614 | C50: =B50/B53 -> 0.37088536
A51: Christina Woerner McInnis | B51: 2544 | C51: =B51/B53 -> 0.36095346
A52: Jack Williams | B52: 1890 | C52: =B52/B53 -> 0.26816118
A53: Total | B53: =SUM(B50:B52) -> 7048 | C53: =SUM(C50:C52) -> 1
A55: Public Service Commission, Place No. 1 | B55: Votes | C55: Percentage
A56: Matt Gentry | B56: 5157 | C56: =B56/B58 -> 0.74945502
A57: Jeremy H. Oden | B57: 1724 | C57: =B57/B58 -> 0.25054498
A58: Total | B58: =SUM(B55:B57) -> 6881 | C58: =SUM(C55:C57) -> 1
A60: Public Service Commission, Place No. 2 | B60: Votes | C60: Percentage
A61: Priscilla Andrews | B61: 833 | C61: =B61/B65 -> 0.11959799
A62: Chris Beeker | B62: 1404 | C62: =B62/B65 -> 0.20157933
A63: Brent Woodall | B63: 1336 | C63: =B63/B65 -> 0.19181622
A64: Jim Zig Zeigler | B64: 3392 | C64: =B64/B65 -> 0.48700646
A65: Total | B65: =SUM(B61:B64) -> 6965 | C65: =SUM(C61:C64) -> 1
A67: US Representative, 6th Congressional District | B67: Votes | C67: Percentage
A68: Case Dixon | B68: 1667 | C68: =B68/B70 -> 0.23518623
A69: Gary Palmer | B69: 5421 | C69: =B69/B70 -> 0.76481377
A70: Total | B70: =SUM(B67:B69) -> 7088 | C70: =SUM(C67:C69) -> 1
A72: Circuit Court Judge, 19th Judicial Circuit, Place No. 5 | B72: Votes | C72: Percentage
A73: Carol Cook Carter | B73: 3251 | C73: =B73/B76 -> 0.43725622
A74: Bradley Earl Ekdahl | B74: 3595 | C74: =B74/B76 -> 0.48352387
A75: Ali Patterson | B75: 589 | C75: =B75/B76 -> 0.079219906
A76: Total | B76: =SUM(B73:B75) -> 7435 | C76: =SUM(C73:C75) -> 1
A78: Autauga County Sheriff | B78: Votes | C78: Percentage
A79: Nicholas Cognasi | B79: 215 | C79: =B79/B83 -> 0.027091734
A80: Mark B. Harrell | B80: 3739 | C80: =B80/B83 -> 0.47114415
A81: Kevin McNatt | B81: 861 | C81: =B81/B83 -> 0.10849294
A82: Ty Thompson | B82: 3121 | C82: =B82/B83 -> 0.39327117
A83: Total | B83: =SUM(B79:B82) -> 7936 | C83: =SUM(C79:C82) -> 1
A85: State Republican Execuive Committee, Autauga County, Place No.2 | B85: Votes | C85: Percentage
A86: Carol Monfee Jahns | B86: 2385 | C86: =B86/B88 -> 0.36021749
A87: Josh Pendergrass | B87: 4236 | C87: =B87/B88 -> 0.63978251
A88: Total | B88: =SUM(B85:B87) -> 6621 | C88: =SUM(C85:C87) -> 1

Sheet Baldwin
A1: Govenor | B1: Votes | C1: Percentage
A2: Ken McFeeters | B2: 3704 | C2: =B2/B5 -> 0.11319601
A3: "Alabama" Will Santivasci | B3: 1956 | C3: =B3/B5 -> 0.059776297
A4: Thomas Tuberville | B4: 27062 | C4: =B4/B5 -> 0.82702769
A5: Total | B5: =SUM(B2:B4) -> 32722 | C5: =SUM(C2:C4) -> 1
A7: Lt. Govenor | B7: Votes | C7: Percentage
A8: Wes Allen | B8: 8874 | C8: =B8/B15 -> 0.28282764
A9: Pat Bishop | B9: 1198 | C9: =B9/B15 -> 0.03818205
A10: George Childress | B10: 1252 | C10: =B10/B15 -> 0.039903111
A11: Rick Pate | B11: 1923 | C11: =B11/B15 -> 0.061288883
A12: Stewart Hill Tankersley | B12: 698 | C12: =B12/B15 -> 0.022246303
A13: Nicole Jones Wadsworth | B13: 2329 | C13: =B13/B15 -> 0.07422871
A14: John Wahl | B14: 15102 | C14: =B14/B15 -> 0.4813233
A15: Total | B15: =SUM(B8:B14) -> 31376 | C15: =SUM(C8:C14) -> 1
A17: Senator | B17: Votes | C17: Percentage
A18: Seth Burton | B18: 1051 | C18: =B18/B25 -> 0.033396886
A19: Dale Shelton Deas Jr. | B19: 1166 | C19: =B19/B25 -> 0.03705116
A20: Jared Hudson | B20: 5797 | C20: =B20/B25 -> 0.18420718
A21: Steve Marshall | B21: 5422 | C21: =B21/B25 -> 0.17229107
A22: Barry Moore | B22: 16123 | C22: =B22/B25 -> 0.5123292
A23: Morgan Murphy | B23: 604 | C23: =B23/B25 -> 0.019192882
A24: Rodney Walker | B24: 1307 | C24: =B24/B25 -> 0.041531617
A25: Total | B25: =SUM(B18:B24) -> 31470 | C25: =SUM(C18:C24) -> 1
A27: Attorney General | B27: Votes | C27: Percentage
A28: Pamela L. Casey | B28: 7352 | C28: =B28/B31 -> 0.23928397
A29: Jay Mitchell | B29: 9357 | C29: =B29/B31 -> 0.30454028
A30: Katherine Robertson | B30: 14016 | C30: =B30/B31 -> 0.45617575
A31: Total | B31: =SUM(B28:B30) -> 30725 | C31: =SUM(C28:C30) -> 1
A33: Secretary of State | B33: Votes | C33: Percentage
A34: Caroleene Dobson | B34: 20566 | C34: =B34/B37 -> 0.7017915
A35: Christopher Christian Horn | B35: 5884 | C35: =B35/B37 -> 0.20078485
A36: Glenda S. Jackson | B36: 2855 | C36: =B36/B37 -> 0.097423648
A37: Total | B37: =SUM(B34:B36) -> 29305 | C37: =SUM(C34:C36) -> 1
A39: Treasurer | B39: Votes | C39: Percentage
A40: Young Boozer | B40: 20812 | C40: =B40/B42 -> 0.69064844
A41: Steve Lolley | B41: 9322 | C41: =B41/B42 -> 0.30935156
A42: Total | B42: =SUM(B39:B41) -> 30134 | C42: =SUM(C39:C41) -> 1
A44: Auditor | B44: Votes | C44: Percentage
A45: Derek Chen | B45: 9775 | C45: =B45/B47 -> 0.34004731
A46: Andrew Sorrell | B46: 18971 | C46: =B46/B47 -> 0.65995269
A47: Total | B47: =SUM(B44:B46) -> 28746 | C47: =SUM(C44:C46) -> 1
A49: Commissioner of Agriculture & Industries | B49: Votes | C49: Percentage
A50: Cory Hill | B50: 5742 | C50: =B50/B53 -> 0.19213652
A51: Christina Woerner McInnis | B51: 18866 | C51: =B51/B53 -> 0.6312866
A52: Jack Williams | B52: 5277 | C52: =B52/B53 -> 0.17657688
A53: Total | B53: =SUM(B50:B52) -> 29885 | C53: =SUM(C50:C52) -> 1
A55: Public Service Commission, Place No. 1 | B55: Votes | C55: Percentage
A56: Matt Gentry | B56: 22510 | C56: =B56/B58 -> 0.8112004
A57: Jeremy H. Oden | B57: 5239 | C57: =B57/B58 -> 0.1887996
A58: Total | B58: =SUM(B55:B57) -> 27749 | C58: =SUM(C55:C57) -> 1
A60: Public Service Commission, Place No. 2 | B60: Votes | C60: Percentage
A61: Priscilla Andrews | B61: 4113 | C61: =B61/B65 -> 0.14326518
A62: Chris Beeker | B62: 4762 | C62: =B62/B65 -> 0.16587133
A63: Brent Woodall | B63: 4743 | C63: =B63/B65 -> 0.16520952
A64: Jim Zig Zeigler | B64: 15091 | C64: =B64/B65 -> 0.52565398
A65: Total | B65: =SUM(B61:B64) -> 28709 | C65: =SUM(C61:C64) -> 1
A67: U.S. Representative, 1st Congressional District | B67: Votes | C67: Percentage
A68: Jerry Carl | B68: 15095 | C68: =B68/B75 -> 0.48549466
A69: James (Jimmy) Dees | B69: 1571 | C69: =B69/B75 -> 0.050527467
A70: Rhett Marques | B70: 6966 | C70: =B70/B75 -> 0.22404477
A71: Joshua McKee | B71: 2332 | C71: =B71/B75 -> 0.075003216
A72: John Mills | B72: 908 | C72: =B72/B75 -> 0.029203654
A73: James Richardson | B73: 664 | C73: =B73/B75 -> 0.021355976
A74: Austin Sidwell | B74: 3556 | C74: =B74/B75 -> 0.11437026
A75: Total | B75: =SUM(B68:B74) -> 31092 | C75: =SUM(C68:C74) -> 1
A77: State Senator, District No.22 | B77: Votes | C77: Percentage
A78: Greg Albritton | B78: 3491 | C78: =B78/B80 -> 0.38371071
A79: Terry L. Waters | B79: 5607 | C79: =B79/B80 -> 0.61628929
A80: Total | B80: =SUM(B77:B79) -> 9098 | C80: =SUM(C77:C79) -> 1
A82: State Senator, District No.32 | B82: Votes | C82: Percentage
A83: Chris Elliott | B83: 14594 | C83: =B83/B85 -> 0.72773512
A84: Mike Vandenheuvel | B84: 5460 | C84: =B84/B85 -> 0.27226488
A85: Total | B85: =SUM(B82:B84) -> 20054 | C85: =SUM(C82:C84) -> 1
A87: State Representative, District No. 65 | B87: Votes | C87: Percentage
A88: Dee Ann Campbell | B88: 436 | C88: =B88/B90 -> 0.49209932
A89: John Knapp | B89: 450 | C89: =B89/B90 -> 0.50790068
A90: Total | B90: =SUM(B87:B89) -> 886 | C90: =SUM(C87:C89) -> 1
A92: State Representative, District No. 95 | B92: Votes | C92: Percentage
A93: Elijah Davidson | B93: 1451 | C93: =B93/B96 -> 0.19032004
A94: Joe Freeman | B94: 2935 | C94: =B94/B96 -> 0.38496852
A95: Frances Holk-Jones | B95: 3238 | C95: =B95/B96 -> 0.42471144
A96: Total | B96: =SUM(B93:B95) -> 7624 | C96: =SUM(C93:C95) -> 1
A98: State Representative, District No. 96 | B98: Votes | C98: Percentage
A99: Danielle Duggar | B99: 2957 | C99: =B99/B101 -> 0.5139927
A100: Matt Simpson | B100: 2796 | C100: =B100/B101 -> 0.4860073
A101: Total | B101: =SUM(B98:B100) -> 5753 | C101: =SUM(C98:C100) -> 1
A103: Circuit Court Judge, 28th Judicial Circuit, Place No. 7 | B103: Votes | C103: Percentage
A104: Jeremiah Giles | B104: 11243 | C104: =B104/B106 -> 0.37291452
A105: Kristi Hagood | B105: 18906 | C105: =B105/B106 -> 0.62708548
A106: Total | B106: =SUM(B103:B105) -> 30149 | C106: =SUM(C103:C105) -> 1
A108: District Court Judge, Baldwin County, Place No. 1 | B108: Votes | C108: Percentage
A109: Grant Blackburn | B109: 14674 | C109: =B109/B111 -> 0.50708411
A110: William "Liam" Scully | B110: 14264 | C110: =B110/B111 -> 0.49291589
A111: Total | B111: =SUM(B108:B110) -> 28938 | C111: =SUM(C108:C110) -> 1
A113: Member, Baldwin County Commission, District No. 1 | B113: Votes | C113: Percentage
A114: James E. "Jeb" Ball | B114: 13266 | C114: =B114/B116 -> 0.48294441
A115: Richard Cox | B115: 14203 | C115: =B115/B116 -> 0.51705559
A116: Total | B116: =SUM(B113:B115) -> 27469 | C116: =SUM(C113:C115) -> 1
A118: Member, Baldwin County Commission, District No. 2 | B118: Votes | C118: Percentage
A119: Angelo Fermo | B119: 14211 | C119: =B119/B121 -> 0.50565756
...

Sheet Barbour
A1: Govenor | B1: Votes | C1: Percentage
A2: Ken McFeeters | B2: 78 | C2: =B2/B5 -> 0.045322487
A3: "Alabama" Will Santivasci | B3: 58 | C3: =B3/B5 -> 0.033701336
A4: Thomas Tuberville | B4: 1585 | C4: =B4/B5 -> 0.92097618
A5: Total | B5: =SUM(B2:B4) -> 1721 | C5: =SUM(C2:C4) -> 1
A7: Lt. Govenor | B7: Votes | C7: Percentage
A8: Wes Allen | B8: 598 | C8: =B8/B15 -> 0.35980746
A9: Pat Bishop | B9: 32 | C9: =B9/B15 -> 0.019253911
A10: George Childress | B10: 27 | C10: =B10/B15 -> 0.016245487
A11: Rick Pate | B11: 89 | C11: =B11/B15 -> 0.05354994
A12: Stewart Hill Tankersley | B12: 19 | C12: =B12/B15 -> 0.01143201
A13: Nicole Jones Wadsworth | B13: 37 | C13: =B13/B15 -> 0.022262335
A14: John Wahl | B14: 860 | C14: =B14/B15 -> 0.51744886
A15: Total | B15: =SUM(B8:B14) -> 1662 | C15: =SUM(C8:C14) -> 1
A17: Senator | B17: Votes | C17: Percentage
A18: Seth Burton | B18: 33 | C18: =B18/B25 -> 0.019549763
A19: Dale Shelton Deas Jr. | B19: 23 | C19: =B19/B25 -> 0.013625592
A20: Jared Hudson | B20: 242 | C20: =B20/B25 -> 0.14336493
A21: Steve Marshall | B21: 310 | C21: =B21/B25 -> 0.18364929
A22: Barry Moore | B22: 1025 | C22: =B22/B25 -> 0.60722749
A23: Morgan Murphy | B23: 20 | C23: =B23/B25 -> 0.011848341
A24: Rodney Walker | B24: 35 | C24: =B24/B25 -> 0.020734597
A25: Total | B25: =SUM(B18:B24) -> 1688 | C25: =SUM(C18:C24) -> 1
A27: Attorney General | B27: Votes | C27: Percentage
A28: Pamela L. Casey | B28: 225 | C28: =B28/B31 -> 0.13595166
A29: Jay Mitchell | B29: 671 | C29: =B29/B31 -> 0.40543807
A30: Katherine Robertson | B30: 759 | C30: =B30/B31 -> 0.45861027
A31: Total | B31: =SUM(B28:B30) -> 1655 | C31: =SUM(C28:C30) -> 1
A33: Secretary of State | B33: Votes | C33: Percentage
A34: Caroleene Dobson | B34: 1206 | C34: =B34/B37 -> 0.7472119
A35: Christopher Christian Horn | B35: 314 | C35: =B35/B37 -> 0.19454771
A36: Glenda S. Jackson | B36: 94 | C36: =B36/B37 -> 0.058240397
A37: Total | B37: =SUM(B34:B36) -> 1614 | C37: =SUM(C34:C36) -> 1
A39: Treasurer | B39: Votes | C39: Percentage
A40: Young Boozer | B40: 1200 | C40: =B40/B42 -> 0.74349442
A41: Steve Lolley | B41: 414 | C41: =B41/B42 -> 0.25650558
A42: Total | B42: =SUM(B39:B41) -> 1614 | C42: =SUM(C39:C41) -> 1
A44: Auditor | B44: Votes | C44: Percentage
A45: Derek Chen | B45: 418 | C45: =B45/B47 -> 0.26709265
A46: Andrew Sorrell | B46: 1147 | C46: =B46/B47 -> 0.73290735
A47: Total | B47: =SUM(B44:B46) -> 1565 | C47: =SUM(C44:C46) -> 1
A49: Commissioner of Agriculture & Industries | B49: Votes | C49: Percentage
A50: Cory Hill | B50: 648 | C50: =B50/B53 -> 0.41405751
A51: Christina Woerner McInnis | B51: 499 | C51: =B51/B53 -> 0.31884984
A52: Jack Williams | B52: 418 | C52: =B52/B53 -> 0.26709265
A53: Total | B53: =SUM(B50:B52) -> 1565 | C53: =SUM(C50:C52) -> 1
A55: Public Service Commission, Place No. 1 | B55: Votes | C55: Percentage
A56: Matt Gentry | B56: 1250 | C56: =B56/B58 -> 0.82617317
A57: Jeremy H. Oden | B57: 263 | C57: =B57/B58 -> 0.17382683
A58: Total | B58: =SUM(B55:B57) -> 1513 | C58: =SUM(C55:C57) -> 1
A60: Public Service Commission, Place No. 2 | B60: Votes | C60: Percentage
A61: Priscilla Andrews | B61: 156 | C61: =B61/B65 -> 0.10084034
A62: Chris Beeker | B62: 380 | C62: =B62/B65 -> 0.24563672
A63: Brent Woodall | B63: 216 | C63: =B63/B65 -> 0.13962508
A64: Jim Zig Zeigler | B64: 795 | C64: =B64/B65 -> 0.51389787
A65: Total | B65: =SUM(B61:B64) -> 1547 | C65: =SUM(C61:C64) -> 1

Sheet Bibb
A1: Govenor | B1: Votes | C1: Percentage
A2: Ken McFeeters | B2: 184 | C2: =B2/B5 -> 0.061952862
A3: "Alabama" Will Santivasci | B3: 131 | C3: =B3/B5 -> 0.044107744
A4: Thomas Tuberville | B4: 2655 | C4: =B4/B5 -> 0.89393939
A5: Total | B5: =SUM(B2:B4) -> 2970 | C5: =SUM(C2:C4) -> 1
A7: Lt. Govenor | B7: Votes | C7: Percentage
A8: Wes Allen | B8: 1682 | C8: =B8/B15 -> 0.57191431
A9: Pat Bishop | B9: 58 | C9: =B9/B15 -> 0.019721183
A10: George Childress | B10: 35 | C10: =B10/B15 -> 0.011900714
A11: Rick Pate | B11: 119 | C11: =B11/B15 -> 0.040462428
A12: Stewart Hill Tankersley | B12: 22 | C12: =B12/B15 -> 0.0074804488
A13: Nicole Jones Wadsworth | B13: 93 | C13: =B13/B15 -> 0.031621897
A14: John Wahl | B14: 932 | C14: =B14/B15 -> 0.31689901
A15: Total | B15: =SUM(B8:B14) -> 2941 | C15: =SUM(C8:C14) -> 1
A17: Senator | B17: Votes | C17: Percentage
A18: Seth Burton | B18: 82 | C18: =B18/B25 -> 0.028324698
A19: Dale Shelton Deas Jr. | B19: 37 | C19: =B19/B25 -> 0.012780656
A20: Jared Hudson | B20: 958 | C20: =B20/B25 -> 0.33091537
A21: Steve Marshall | B21: 861 | C21: =B21/B25 -> 0.29740933
A22: Barry Moore | B22: 881 | C22: =B22/B25 -> 0.30431779
A23: Morgan Murphy | B23: 31 | C23: =B23/B25 -> 0.010708117
A24: Rodney Walker | B24: 45 | C24: =B24/B25 -> 0.015544041
A25: Total | B25: =SUM(B18:B24) -> 2895 | C25: =SUM(C18:C24) -> 1
A27: Attorney General | B27: Votes | C27: Percentage
A28: Pamela L. Casey | B28: 584 | C28: =B28/B31 -> 0.209319
A29: Jay Mitchell | B29: 989 | C29: =B29/B31 -> 0.35448029
A30: Katherine Robertson | B30: 1217 | C30: =B30/B31 -> 0.43620072
A31: Total | B31: =SUM(B28:B30) -> 2790 | C31: =SUM(C28:C30) -> 1
A33: Secretary of State | B33: Votes | C33: Percentage
A34: Caroleene Dobson | B34: 1741 | C34: =B34/B37 -> 0.65377394
A35: Christopher Christian Horn | B35: 607 | C35: =B35/B37 -> 0.22793842
A36: Glenda S. Jackson | B36: 315 | C36: =B36/B37 -> 0.11828765
A37: Total | B37: =SUM(B34:B36) -> 2663 | C37: =SUM(C34:C36) -> 1
A39: Treasurer | B39: Votes | C39: Percentage
A40: Young Boozer | B40: 1953 | C40: =B40/B42 -> 0.70837867
A41: Steve Lolley | B41: 804 | C41: =B41/B42 -> 0.29162133
A42: Total | B42: =SUM(B39:B41) -> 2757 | C42: =SUM(C39:C41) -> 1
A44: Auditor | B44: Votes | C44: Percentage
A45: Derek Chen | B45: 910 | C45: =B45/B47 -> 0.33272395
A46: Andrew Sorrell | B46: 1825 | C46: =B46/B47 -> 0.66727605
A47: Total | B47: =SUM(B44:B46) -> 2735 | C47: =SUM(C44:C46) -> 1
A49: Commissioner of Agriculture & Industries | B49: Votes | C49: Percentage
A50: Cory Hill | B50: 1046 | C50: =B50/B53 -> 0.39190708
A51: Christina Woerner McInnis | B51: 789 | C51: =B51/B53 -> 0.29561634
A52: Jack Williams | B52: 834 | C52: =B52/B53 -> 0.31247658
A53: Total | B53: =SUM(B50:B52) -> 2669 | C53: =SUM(C50:C52) -> 1
A55: Public Service Commission, Place No. 1 | B55: Votes | C55: Percentage
A56: Matt Gentry | B56: 1944 | C56: =B56/B58 -> 0.73636364
A57: Jeremy H. Oden | B57: 696 | C57: =B57/B58 -> 0.26363636
A58: Total | B58: =SUM(B55:B57) -> 2640 | C58: =SUM(C55:C57) -> 1
A60: Public Service Commission, Place No. 2 | B60: Votes | C60: Percentage
A61: Priscilla Andrews | B61: 240 | C61: =B61/B65 -> 0.088954781
A62: Chris Beeker | B62: 812 | C62: =B62/B65 -> 0.30096368
A63: Brent Woodall | B63: 377 | C63: =B63/B65 -> 0.13973314
A64: Jim Zig Zeigler | B64: 1269 | C64: =B64/B65 -> 0.47034841
A65: Total | B65: =SUM(B61:B64) -> 2698 | C65: =SUM(C61:C64) -> 1
A67: US Representative, 6th Congressional District | B67: Votes | C67: Percentage
A68: Case Dixon | B68: 487 | C68: =B68/B70 -> 0.17178131
A69: Gary Palmer | B69: 2348 | C69: =B69/B70 -> 0.82821869
A70: Total | B70: =SUM(B67:B69) -> 2835 | C70: =SUM(C67:C69) -> 1
A72: Member, Bibb County Commission, District No. 2 | B72: Votes | C72: Percentage
A73: Charles Caddell | B73: 136 | C73: =B73/B77 -> 0.15454545
A74: Jarred Keith Kornegay | B74: 209 | C74: =B74/B77 -> 0.2375
A75: Gary Uber | B75: 368 | C75: =B75/B77 -> 0.41818182
A76: Keith Watkins | B76: 167 | C76: =B76/B77 -> 0.18977273
A77: Total | B77: =SUM(B73:B76) -> 880 | C77: =SUM(C73:C76) -> 1
A79: Member, Bibb County Commission, District No. 4 | B79: Votes | C79: Percentage
A80: Ty Corbell | B80: 385 | C80: =B80/B82 -> 0.67901235
A81: Corkey Mcfarland | B81: 182 | C81: =B81/B82 -> 0.32098765
A82: Total | B82: =SUM(B79:B81) -> 567 | C82: =SUM(C79:C81) -> 1
A84: Superintendent, Bibb County Board of Education | B84: Votes | C84: Percentage
A85: Kevin Cotner | B85: 1769 | C85: =B85/B87 -> 0.60252044
A86: Lane Watts Lightsey | B86: 1167 | C86: =B86/B87 -> 0.39747956
A87: Total | B87: =SUM(B84:B86) -> 2936 | C87: =SUM(C84:C86) -> 1
A89: Member, Bibb County Board of Education, District No. 1 | B89: Votes | C89: Percentage
A90: Heath Johnson | B90: 213 | C90: =B90/B92 -> 0.33437991
A91: Candice Deerman Rice | B91: 424 | C91: =B91/B92 -> 0.66562009
A92: Total | B92: =SUM(B89:B91) -> 637 | C92: =SUM(C89:C91) -> 1

Sheet Blount
A1: Govenor | B1: Votes | C1: Percentage
A2: Ken McFeeters | B2: 648 | C2: =B2/B5 -> 0.073586191
A3: "Alabama" Will Santivasci | B3: 349 | C3: =B3/B5 -> 0.039632069
A4: Thomas Tuberville | B4: 7809 | C4: =B4/B5 -> 0.88678174
A5: Total | B5: =SUM(B2:B4) -> 8806 | C5: =SUM(C2:C4) -> 1
A7: Lt. Govenor | B7: Votes | C7: Percentage
A8: Wes Allen | B8: 3517 | C8: =B8/B15 -> 0.42322503
A9: Pat Bishop | B9: 309 | C9: =B9/B15 -> 0.037184116
A10: George Childress | B10: 140 | C10: =B10/B15 -> 0.016847172
A11: Rick Pate | B11: 514 | C11: =B11/B15 -> 0.061853189
A12: Stewart Hill Tankersley | B12: 201 | C12: =B12/B15 -> 0.024187726
A13: Nicole Jones Wadsworth | B13: 341 | C13: =B13/B15 -> 0.041034898
A14: John Wahl | B14: 3288 | C14: =B14/B15 -> 0.39566787
A15: Total | B15: =SUM(B8:B14) -> 8310 | C15: =SUM(C8:C14) -> 1
A17: Senator | B17: Votes | C17: Percentage
A18: Seth Burton | B18: 142 | C18: =B18/B25 -> 0.016338741
A19: Dale Shelton Deas Jr. | B19: 141 | C19: =B19/B25 -> 0.01622368
A20: Jared Hudson | B20: 4020 | C20: =B20/B25 -> 0.46254746
A21: Steve Marshall | B21: 2130 | C21: =B21/B25 -> 0.24508112
A22: Barry Moore | B22: 2005 | C22: =B22/B25 -> 0.23069842
A23: Morgan Murphy | B23: 54 | C23: =B23/B25 -> 0.0062133241
A24: Rodney Walker | B24: 199 | C24: =B24/B25 -> 0.02289725
A25: Total | B25: =SUM(B18:B24) -> 8691 | C25: =SUM(C18:C24) -> 1
A27: Attorney General | B27: Votes | C27: Percentage
A28: Pamela L. Casey | B28: 5222 | C28: =B28/B31 -> 0.59159397
A29: Jay Mitchell | B29: 1806 | C29: =B29/B31 -> 0.20459952
A30: Katherine Robertson | B30: 1799 | C30: =B30/B31 -> 0.2038065
A31: Total | B31: =SUM(B28:B30) -> 8827 | C31: =SUM(C28:C30) -> 1
A33: Secretary of State | B33: Votes | C33: Percentage
A34: Caroleene Dobson | B34: 4711 | C34: =B34/B37 -> 0.61373111
A35: Christopher Christian Horn | B35: 2157 | C35: =B35/B37 -> 0.28100573
A36: Glenda S. Jackson | B36: 808 | C36: =B36/B37 -> 0.10526316
A37: Total | B37: =SUM(B34:B36) -> 7676 | C37: =SUM(C34:C36) -> 1
A39: Treasurer | B39: Votes | C39: Percentage
A40: Young Boozer | B40: 5076 | C40: =B40/B42 -> 0.63945578
A41: Steve Lolley | B41: 2862 | C41: =B41/B42 -> 0.36054422
A42: Total | B42: =SUM(B39:B41) -> 7938 | C42: =SUM(C39:C41) -> 1
A44: Auditor | B44: Votes | C44: Percentage
A45: Derek Chen | B45: 2509 | C45: =B45/B47 -> 0.31961783
A46: Andrew Sorrell | B46: 5341 | C46: =B46/B47 -> 0.68038217
A47: Total | B47: =SUM(B44:B46) -> 7850 | C47: =SUM(C44:C46) -> 1
A49: Commissioner of Agriculture & Industries | B49: Votes | C49: Percentage
A50: Cory Hill | B50: 3521 | C50: =B50/B53 -> 0.44790739
A51: Christina Woerner McInnis | B51: 2065 | C51: =B51/B53 -> 0.26268923
A52: Jack Williams | B52: 2275 | C52: =B52/B53 -> 0.28940338
A53: Total | B53: =SUM(B50:B52) -> 7861 | C53: =SUM(C50:C52) -> 1
A55: Public Service Commission, Place No. 1 | B55: Votes | C55: Percentage
A56: Matt Gentry | B56: 6074 | C56: =B56/B58 -> 0.75415942
A57: Jeremy H. Oden | B57: 1980 | C57: =B57/B58 -> 0.24584058
A58: Total | B58: =SUM(B55:B57) -> 8054 | C58: =SUM(C55:C57) -> 1
A60: Public Service Commission, Place No. 2 | B60: Votes | C60: Percentage
A61: Priscilla Andrews | B61: 933 | C61: =B61/B65 -> 0.12085492
A62: Chris Beeker | B62: 2372 | C62: =B62/B65 -> 0.30725389
A63: Brent Woodall | B63: 1352 | C63: =B63/B65 -> 0.17512953
A64: Jim Zig Zeigler | B64: 3063 | C64: =B64/B65 -> 0.39676166
A65: Total | B65: =SUM(B61:B64) -> 7720 | C65: =SUM(C61:C64) -> 1
A67: U.S. Representative, 4th Congressional District | B67: Votes | C67: Percentage
A68: Robert B. Aderholt | B68: 6779 | C68: =B68/B70 -> 0.80981962
A69: Tommy Barnes | B69: 1592 | C69: =B69/B70 -> 0.19018038
A70: Total | B70: =SUM(B67:B69) -> 8371 | C70: =SUM(C67:C69) -> 1
A72: Member, State Board of Education, District No. 6 | B72: Votes | C72: Percentage
A73: Cathi Bradford | B73: 4073 | C73: =B73/B75 -> 0.55294597
A74: Marie Manning | B74: 3293 | C74: =B74/B75 -> 0.44705403
A75: Total | B75: =SUM(B72:B74) -> 7366 | C75: =SUM(C72:C74) -> 1
A77: Member, Blount County Commission, District No. 1 | B77: Votes | C77: Percentage
A78: Allen Armstrong | B78: 1757 | C78: =B78/B80 -> 0.6204096
A79: Kyle Ellison | B79: 1075 | C79: =B79/B80 -> 0.3795904
A80: Total | B80: =SUM(B77:B79) -> 2832 | C80: =SUM(C77:C79) -> 1
A82: Member, Blount County Commission, District No. 3 | B82: Votes | C82: Percentage
A83: Chase Moore | B83: 1259 | C83: =B83/B85 -> 0.62419435
A84: Daniel "Danno" Taylor | B84: 758 | C84: =B84/B85 -> 0.37580565
A85: Total | B85: =SUM(B82:B84) -> 2017 | C85: =SUM(C82:C84) -> 1
A87: Member, Blount County Board of Education, District No. 3 | B87: Votes | C87: Percentage
A88: Matthew Fallin | B88: 663 | C88: =B88/B90 -> 0.5470297
A89: Curtis Hawkins | B89: 549 | C89: =B89/B90 -> 0.4529703
A90: Total | B90: =SUM(B87:B89) -> 1212 | C90: =SUM(C87:C89) -> 1
A92: State Republican Executive Committee, Blount County, Place No. 1 | B92: Votes | C92: Percentage
A93: Patrick G. Hubauer | B93: 3159 | C93: =B93/B95 -> 0.40531178
A94: Steven King | B94: 4635 | C94: =B94/B95 -> 0.59468822
A95: Total | B95: =SUM(B92:B94) -> 7794 | C95: =SUM(C92:C94) -> 1

Sheet Bullock
A1: Govenor | B1: Votes | C1: Percentage
A2: Ken McFeeters | B2: 11 | C2: =B2/B5 -> 0.049107143
A3: "Alabama" Will Santivasci | B3: 3 | C3: =B3/B5 -> 0.013392857
A4: Thomas Tuberville | B4: 210 | C4: =B4/B5 -> 0.9375
A5: Total | B5: =SUM(B2:B4) -> 224 | C5: =SUM(C2:C4) -> 1
A7: Lt. Govenor | B7: Votes | C7: Percentage
A8: Wes Allen | B8: 112 | C8: =B8/B15 -> 0.52093023
A9: Pat Bishop | B9: 2 | C9: =B9/B15 -> 0.0093023256
A10: George Childress | B10: 2 | C10: =B10/B15 -> 0.0093023256
A11: Rick Pate | B11: 22 | C11: =B11/B15 -> 0.10232558
A12: Stewart Hill Tankersley | B12: 16 | C12: =B12/B15 -> 0.074418605
A13: Nicole Jones Wadsworth | B13: 0 | C13: =B13/B15 -> 0
A14: John Wahl | B14: 61 | C14: =B14/B15 -> 0.28372093
A15: Total | B15: =SUM(B8:B14) -> 215 | C15: =SUM(C8:C14) -> 1
A17: Senator | B17: Votes | C17: Percentage
A18: Seth Burton | B18: 3 | C18: =B18/B25 -> 0.013824885
A19: Dale Shelton Deas Jr. | B19: 4 | C19: =B19/B25 -> 0.01843318
A20: Jared Hudson | B20: 32 | C20: =B20/B25 -> 0.14746544
A21: Steve Marshall | B21: 42 | C21: =B21/B25 -> 0.19354839
A22: Barry Moore | B22: 129 | C22: =B22/B25 -> 0.59447005
A23: Morgan Murphy | B23: 1 | C23: =B23/B25 -> 0.0046082949
A24: Rodney Walker | B24: 6 | C24: =B24/B25 -> 0.02764977
A25: Total | B25: =SUM(B18:B24) -> 217 | C25: =SUM(C18:C24) -> 1
A27: Attorney General | B27: Votes | C27: Percentage
A28: Pamela L. Casey | B28: 50 | C28: =B28/B31 -> 0.2283105
A29: Jay Mitchell | B29: 68 | C29: =B29/B31 -> 0.31050228
A30: Katherine Robertson | B30: 101 | C30: =B30/B31 -> 0.46118721
A31: Total | B31: =SUM(B28:B30) -> 219 | C31: =SUM(C28:C30) -> 1
A33: Secretary of State | B33: Votes | C33: Percentage
A34: Caroleene Dobson | B34: 183 | C34: =B34/B37 -> 0.86320755
A35: Christopher Christian Horn | B35: 23 | C35: =B35/B37 -> 0.10849057
A36: Glenda S. Jackson | B36: 6 | C36: =B36/B37 -> 0.028301887
A37: Total | B37: =SUM(B34:B36) -> 212 | C37: =SUM(C34:C36) -> 1
A39: Treasurer | B39: Votes | C39: Percentage
A40: Young Boozer | B40: 181 | C40: =B40/B42 -> 0.86602871
A41: Steve Lolley | B41: 28 | C41: =B41/B42 -> 0.13397129
A42: Total | B42: =SUM(B39:B41) -> 209 | C42: =SUM(C39:C41) -> 1
A44: Auditor | B44: Votes | C44: Percentage
A45: Derek Chen | B45: 90 | C45: =B45/B47 -> 0.43269231
A46: Andrew Sorrell | B46: 118 | C46: =B46/B47 -> 0.56730769
A47: Total | B47: =SUM(B44:B46) -> 208 | C47: =SUM(C44:C46) -> 1
A49: Commissioner of Agriculture & Industries | B49: Votes | C49: Percentage
A50: Cory Hill | B50: 100 | C50: =B50/B53 -> 0.47393365
A51: Christina Woerner McInnis | B51: 64 | C51: =B51/B53 -> 0.30331754
A52: Jack Williams | B52: 47 | C52: =B52/B53 -> 0.22274882
A53: Total | B53: =SUM(B50:B52) -> 211 | C53: =SUM(C50:C52) -> 1
A55: Public Service Commission, Place No. 1 | B55: Votes | C55: Percentage
A56: Matt Gentry | B56: 163 | C56: =B56/B58 -> 0.79901961
A57: Jeremy H. Oden | B57: 41 | C57: =B57/B58 -> 0.20098039
A58: Total | B58: =SUM(B55:B57) -> 204 | C58: =SUM(C55:C57) -> 1
A60: Public Service Commission, Place No. 2 | B60: Votes | C60: Percentage
A61: Priscilla Andrews | B61: 18 | C61: =B61/B65 -> 0.088235294
A62: Chris Beeker | B62: 48 | C62: =B62/B65 -> 0.23529412
A63: Brent Woodall | B63: 23 | C63: =B63/B65 -> 0.1127451
A64: Jim Zig Zeigler | B64: 115 | C64: =B64/B65 -> 0.56372549
A65: Total | B65: =SUM(B61:B64) -> 204 | C65: =SUM(C61:C64) -> 1

Sheet Butler
A1: Govenor | B1: Votes | C1: Percentage
A2: Ken McFeeters | B2: 114 | C2: =B2/B5 -> 0.043067624
A3: "Alabama" Will Santivasci | B3: 55 | C3: =B3/B5 -> 0.02077824
A4: Thomas Tuberville | B4: 2478 | C4: =B4/B5 -> 0.93615414
A5: Total | B5: =SUM(B2:B4) -> 2647 | C5: =SUM(C2:C4) -> 1
A7: Lt. Govenor | B7: Votes | C7: Percentage
A8: Wes Allen | B8: 1134 | C8: =B8/B15 -> 0.45107399
A9: Pat Bishop | B9: 62 | C9: =B9/B15 -> 0.024661893
A10: George Childress | B10: 38 | C10: =B10/B15 -> 0.015115354
A11: Rick Pate | B11: 437 | C11: =B11/B15 -> 0.17382657
A12: Stewart Hill Tankersley | B12: 58 | C12: =B12/B15 -> 0.023070804
A13: Nicole Jones Wadsworth | B13: 80 | C13: =B13/B15 -> 0.031821798
A14: John Wahl | B14: 705 | C14: =B14/B15 -> 0.28042959
A15: Total | B15: =SUM(B8:B14) -> 2514 | C15: =SUM(C8:C14) -> 1
A17: Senator | B17: Votes | C17: Percentage
A18: Seth Burton | B18: 34 | C18: =B18/B25 -> 0.013076923
A19: Dale Shelton Deas Jr. | B19: 17 | C19: =B19/B25 -> 0.0065384615
A20: Jared Hudson | B20: 314 | C20: =B20/B25 -> 0.12076923
A21: Steve Marshall | B21: 923 | C21: =B21/B25 -> 0.355
A22: Barry Moore | B22: 1249 | C22: =B22/B25 -> 0.48038462
A23: Morgan Murphy | B23: 17 | C23: =B23/B25 -> 0.0065384615
A24: Rodney Walker | B24: 46 | C24: =B24/B25 -> 0.017692308
A25: Total | B25: =SUM(B18:B24) -> 2600 | C25: =SUM(C18:C24) -> 1
A27: Attorney General | B27: Votes | C27: Percentage
A28: Pamela L. Casey | B28: 799 | C28: =B28/B31 -> 0.3161852
A29: Jay Mitchell | B29: 768 | C29: =B29/B31 -> 0.30391769
A30: Katherine Robertson | B30: 960 | C30: =B30/B31 -> 0.37989711
A31: Total | B31: =SUM(B28:B30) -> 2527 | C31: =SUM(C28:C30) -> 1
A33: Secretary of State | B33: Votes | C33: Percentage
A34: Caroleene Dobson | B34: 2119 | C34: =B34/B37 -> 0.84220986
A35: Christopher Christian Horn | B35: 279 | C35: =B35/B37 -> 0.1108903
A36: Glenda S. Jackson | B36: 118 | C36: =B36/B37 -> 0.046899841
A37: Total | B37: =SUM(B34:B36) -> 2516 | C37: =SUM(C34:C36) -> 1
A39: Treasurer | B39: Votes | C39: Percentage
A40: Young Boozer | B40: 1938 | C40: =B40/B42 -> 0.78113664
A41: Steve Lolley | B41: 543 | C41: =B41/B42 -> 0.21886336
A42: Total | B42: =SUM(B39:B41) -> 2481 | C42: =SUM(C39:C41) -> 1
A44: Auditor | B44: Votes | C44: Percentage
A45: Derek Chen | B45: 872 | C45: =B45/B47 -> 0.35988444
A46: Andrew Sorrell | B46: 1551 | C46: =B46/B47 -> 0.64011556
A47: Total | B47: =SUM(B44:B46) -> 2423 | C47: =SUM(C44:C46) -> 1
A49: Commissioner of Agriculture & Industries | B49: Votes | C49: Percentage
A50: Cory Hill | B50: 722 | C50: =B50/B53 -> 0.30788913
A51: Christina Woerner McInnis | B51: 899 | C51: =B51/B53 -> 0.38336887
A52: Jack Williams | B52: 724 | C52: =B52/B53 -> 0.308742
A53: Total | B53: =SUM(B50:B52) -> 2345 | C53: =SUM(C50:C52) -> 1
A55: Public Service Commission, Place No. 1 | B55: Votes | C55: Percentage
A56: Matt Gentry | B56: 1707 | C56: =B56/B58 -> 0.75866667
A57: Jeremy H. Oden | B57: 543 | C57: =B57/B58 -> 0.24133333
A58: Total | B58: =SUM(B55:B57) -> 2250 | C58: =SUM(C55:C57) -> 1
A60: Public Service Commission, Place No. 2 | B60: Votes | C60: Percentage
A61: Priscilla Andrews | B61: 229 | C61: =B61/B65 -> 0.098706897
A62: Chris Beeker | B62: 491 | C62: =B62/B65 -> 0.21163793
A63: Brent Woodall | B63: 353 | C63: =B63/B65 -> 0.15215517
A64: Jim Zig Zeigler | B64: 1247 | C64: =B64/B65 -> 0.5375
A65: Total | B65: =SUM(B61:B64) -> 2320 | C65: =SUM(C61:C64) -> 1
A67: Butler County Sheriff | B67: Votes | C67: Percentage
A68: Kenneth Harden | B68: 333 | C68: =B68/B71 -> 0.12251656
A69: David Scruggs | B69: 2288 | C69: =B69/B71 -> 0.84179544
A70: Adam Smith | B70: 97 | C70: =B70/B71 -> 0.035688006
A71: Total | B71: =SUM(B68:B70) -> 2718 | C71: =SUM(C68:C70) -> 1

Sheet Calhoun
A1: Govenor | B1: Votes | C1: Percentage
A2: Ken McFeeters | B2: 901 | C2: =B2/B5 -> 0.085257381
A3: "Alabama" Will Santivasci | B3: 806 | C3: =B3/B5 -> 0.076267979
A4: Thomas Tuberville | B4: 8861 | C4: =B4/B5 -> 0.83847464
A5: Total | B5: =SUM(B2:B4) -> 10568 | C5: =SUM(C2:C4) -> 1
A7: Lt. Govenor | B7: Votes | C7: Percentage
A8: Wes Allen | B8: 3671 | C8: =B8/B15 -> 0.36618454
A9: Pat Bishop | B9: 304 | C9: =B9/B15 -> 0.03032419
A10: George Childress | B10: 241 | C10: =B10/B15 -> 0.0240399
A11: Rick Pate | B11: 795 | C11: =B11/B15 -> 0.079301746
A12: Stewart Hill Tankersley | B12: 221 | C12: =B12/B15 -> 0.022044888
A13: Nicole Jones Wadsworth | B13: 499 | C13: =B13/B15 -> 0.049775561
A14: John Wahl | B14: 4294 | C14: =B14/B15 -> 0.42832918
A15: Total | B15: =SUM(B8:B14) -> 10025 | C15: =SUM(C8:C14) -> 1
A17: Senator | B17: Votes | C17: Percentage
A18: Seth Burton | B18: 232 | C18: =B18/B25 -> 0.022522085
A19: Dale Shelton Deas Jr. | B19: 168 | C19: =B19/B25 -> 0.016309096
A20: Jared Hudson | B20: 2615 | C20: =B20/B25 -> 0.25385885
A21: Steve Marshall | B21: 3208 | C21: =B21/B25 -> 0.31142608
A22: Barry Moore | B22: 3232 | C22: =B22/B25 -> 0.31375595
A23: Morgan Murphy | B23: 141 | C23: =B23/B25 -> 0.013687991
A24: Rodney Walker | B24: 705 | C24: =B24/B25 -> 0.068439957
A25: Total | B25: =SUM(B18:B24) -> 10301 | C25: =SUM(C18:C24) -> 1
A27: Attorney General | B27: Votes | C27: Percentage
A28: Pamela L. Casey | B28: 2363 | C28: =B28/B31 -> 0.23890405
A29: Jay Mitchell | B29: 3501 | C29: =B29/B31 -> 0.35395814
A30: Katherine Robertson | B30: 4027 | C30: =B30/B31 -> 0.4071378
A31: Total | B31: =SUM(B28:B30) -> 9891 | C31: =SUM(C28:C30) -> 1
A33: Secretary of State | B33: Votes | C33: Percentage
A34: Caroleene Dobson | B34: 5306 | C34: =B34/B37 -> 0.58033468
A35: Christopher Christian Horn | B35: 2430 | C35: =B35/B37 -> 0.2657771
A36: Glenda S. Jackson | B36: 1407 | C36: =B36/B37 -> 0.15388822
A37: Total | B37: =SUM(B34:B36) -> 9143 | C37: =SUM(C34:C36) -> 1
A39: Treasurer | B39: Votes | C39: Percentage
A40: Young Boozer | B40: 6273 | C40: =B40/B42 -> 0.67342995
A41: Steve Lolley | B41: 3042 | C41: =B41/B42 -> 0.32657005
A42: Total | B42: =SUM(B39:B41) -> 9315 | C42: =SUM(C39:C41) -> 1
A44: Auditor | B44: Votes | C44: Percentage
A45: Derek Chen | B45: 3122 | C45: =B45/B47 -> 0.33166897
A46: Andrew Sorrell | B46: 6291 | C46: =B46/B47 -> 0.66833103
A47: Total | B47: =SUM(B44:B46) -> 9413 | C47: =SUM(C44:C46) -> 1
A49: Commissioner of Agriculture & Industries | B49: Votes | C49: Percentage
A50: Cory Hill | B50: 3550 | C50: =B50/B53 -> 0.38090129
A51: Christina Woerner McInnis | B51: 2891 | C51: =B51/B53 -> 0.31019313
A52: Jack Williams | B52: 2879 | C52: =B52/B53 -> 0.30890558
A53: Total | B53: =SUM(B50:B52) -> 9320 | C53: =SUM(C50:C52) -> 1
A55: Public Service Commission, Place No. 1 | B55: Votes | C55: Percentage
A56: Matt Gentry | B56: 6433 | C56: =B56/B58 -> 0.71098585
A57: Jeremy H. Oden | B57: 2615 | C57: =B57/B58 -> 0.28901415
A58: Total | B58: =SUM(B55:B57) -> 9048 | C58: =SUM(C55:C57) -> 1
A60: Public Service Commission, Place No. 2 | B60: Votes | C60: Percentage
A61: Priscilla Andrews | B61: 1312 | C61: =B61/B65 -> 0.14243839
A62: Chris Beeker | B62: 2448 | C62: =B62/B65 -> 0.26576919
A63: Brent Woodall | B63: 1619 | C63: =B63/B65 -> 0.1757681
A64: Jim Zig Zeigler | B64: 3832 | C64: =B64/B65 -> 0.41602432
A65: Total | B65: =SUM(B61:B64) -> 9211 | C65: =SUM(C61:C64) -> 1
A67: U.S. Representative, 3rd Congressional District | B67: Votes | C67: Percentage
A68: Terri LaPoint | B68: 1994 | C68: =B68/B70 -> 0.1904489
A69: Mike Rogers | B69: 8476 | C69: =B69/B70 -> 0.8095511
A70: Total | B70: =SUM(B67:B69) -> 10470 | C70: =SUM(C67:C69) -> 1
A72: State Representative, District No. 40 | B72: Votes | C72: Percentage
A73: Kaycee Cavender | B73: 748 | C73: =B73/B77 -> 0.23951329
A74: Bill Lester | B74: 457 | C74: =B74/B77 -> 0.14633365
A75: Bill McAdams | B75: 715 | C75: =B75/B77 -> 0.22894653
A76: Chad Robertson | B76: 1203 | C76: =B76/B77 -> 0.38520653
A77: Total | B77: =SUM(B73:B76) -> 3123 | C77: =SUM(C73:C76) -> 1
A79: Member, State Board of Education, District No. 6 | B79: Votes | C79: Percentage
A80: Cathi Bradford | B80: 4685 | C80: =B80/B82 -> 0.52616801
A81: Marie Manning | B81: 4219 | C81: =B81/B82 -> 0.47383199
A82: Total | B82: =SUM(B79:B81) -> 8904 | C82: =SUM(C79:C81) -> 1
A84: Member, Calhoun County Commission, District No. 2 | B84: Votes | C84: Percentage
A85: Danny Shears | B85: 1630 | C85: =B85/B87 -> 0.5393779
A86: Bud Turner | B86: 1392 | C86: =B86/B87 -> 0.4606221
A87: Total | B87: =SUM(B84:B86) -> 3022 | C87: =SUM(C84:C86) -> 1
A89: Member, Calhoun County Commission, District No. 4 | B89: Votes | C89: Percentage
A90: Tobi Burt | B90: 1452 | C90: =B90/B92 -> 0.50381679
A91: Terry Howell | B91: 1430 | C91: =B91/B92 -> 0.49618321
A92: Total | B92: =SUM(B89:B91) -> 2882 | C92: =SUM(C89:C91) -> 1
A94: Calhoun County Sheriff | B94: Votes | C94: Percentage
A95: Chris Apple | B95: 1172 | C95: =B95/B98 -> 0.11399669
A96: Darrell Collins | B96: 1038 | C96: =B96/B98 -> 0.10096294
A97: Falon Hurst | B97: 8071 | C97: =B97/B98 -> 0.78504037
A98: Total | B98: =SUM(B95:B97) -> 10281 | C98: =SUM(C95:C97) -> 1
A100: Calhoun County Revenue Commissioner | B100: Votes | C100: Percentage
A101: Tim Hodges | B101: 6928 | C101: =B101/B103 -> 0.69169329
A102: Jakob Williamson | B102: 3088 | C102: =B102/B103 -> 0.30830671
A103: Total | B103: =SUM(B100:B102) -> 10016 | C103: =SUM(C100:C102) -> 1
A105: State Republican Executive Committee, Blount County, Place No. 5 | B105: Votes | C105: Percentage
A106: Ed Isom | B106: 4757 | C106: =B106/B108 -> 0.51644773
A107: Peter "The Patriot" Leavitt | B107: 4454 | C107: =B107/B108 -> 0.48355227
A108: Total | B108: =SUM(B105:B107) -> 9211 | C108: =SUM(C105:C107) -> 1

Sheet Chambers
A1: Govenor | B1: Votes | C1: Percentage
A2: Ken McFeeters | B2: 207 | C2: =B2/B5 -> 0.071231934
A3: "Alabama" Will Santivasci | B3: 117 | C3: =B3/B5 -> 0.040261528
A4: Thomas Tuberville | B4: 2582 | C4: =B4/B5 -> 0.88850654
A5: Total | B5: =SUM(B2:B4) -> 2906 | C5: =SUM(C2:C4) -> 1
A7: Lt. Govenor | B7: Votes | C7: Percentage
A8: Wes Allen | B8: 716 | C8: =B8/B15 -> 0.26716418
A9: Pat Bishop | B9: 132 | C9: =B9/B15 -> 0.049253731
A10: George Childress | B10: 106 | C10: =B10/B15 -> 0.039552239
A11: Rick Pate | B11: 224 | C11: =B11/B15 -> 0.08358209
A12: Stewart Hill Tankersley | B12: 66 | C12: =B12/B15 -> 0.024626866
A13: Nicole Jones Wadsworth | B13: 140 | C13: =B13/B15 -> 0.052238806
A14: John Wahl | B14: 1296 | C14: =B14/B15 -> 0.48358209
A15: Total | B15: =SUM(B8:B14) -> 2680 | C15: =SUM(C8:C14) -> 1
A17: Senator | B17: Votes | C17: Percentage
A18: Seth Burton | B18: 148 | C18: =B18/B25 -> 0.055409959
A19: Dale Shelton Deas Jr. | B19: 64 | C19: =B19/B25 -> 0.023961063
A20: Jared Hudson | B20: 449 | C20: =B20/B25 -> 0.16810183
A21: Steve Marshall | B21: 514 | C21: =B21/B25 -> 0.19243729
A22: Barry Moore | B22: 1199 | C22: =B22/B25 -> 0.44889554
A23: Morgan Murphy | B23: 55 | C23: =B23/B25 -> 0.020591539
A24: Rodney Walker | B24: 242 | C24: =B24/B25 -> 0.09060277
A25: Total | B25: =SUM(B18:B24) -> 2671 | C25: =SUM(C18:C24) -> 1
A27: Attorney General | B27: Votes | C27: Percentage
A28: Pamela L. Casey | B28: 526 | C28: =B28/B31 -> 0.19939348
A29: Jay Mitchell | B29: 1312 | C29: =B29/B31 -> 0.49734647
A30: Katherine Robertson | B30: 800 | C30: =B30/B31 -> 0.30326005
A31: Total | B31: =SUM(B28:B30) -> 2638 | C31: =SUM(C28:C30) -> 1
A33: Secretary of State | B33: Votes | C33: Percentage
A34: Caroleene Dobson | B34: 1218 | C34: =B34/B37 -> 0.49411765
A35: Christopher Christian Horn | B35: 796 | C35: =B35/B37 -> 0.32292089
A36: Glenda S. Jackson | B36: 451 | C36: =B36/B37 -> 0.18296146
A37: Total | B37: =SUM(B34:B36) -> 2465 | C37: =SUM(C34:C36) -> 1
A39: Treasurer | B39: Votes | C39: Percentage
A40: Young Boozer | B40: 1445 | C40: =B40/B42 -> 0.56934594
A41: Steve Lolley | B41: 1093 | C41: =B41/B42 -> 0.43065406
A42: Total | B42: =SUM(B39:B41) -> 2538 | C42: =SUM(C39:C41) -> 1
A44: Auditor | B44: Votes | C44: Percentage
A45: Derek Chen | B45: 613 | C45: =B45/B47 -> 0.25164204
A46: Andrew Sorrell | B46: 1823 | C46: =B46/B47 -> 0.74835796
A47: Total | B47: =SUM(B44:B46) -> 2436 | C47: =SUM(C44:C46) -> 1
A49: Commissioner of Agriculture & Industries | B49: Votes | C49: Percentage
A50: Cory Hill | B50: 854 | C50: =B50/B53 -> 0.34687246
A51: Christina Woerner McInnis | B51: 731 | C51: =B51/B53 -> 0.29691308
A52: Jack Williams | B52: 877 | C52: =B52/B53 -> 0.35621446
A53: Total | B53: =SUM(B50:B52) -> 2462 | C53: =SUM(C50:C52) -> 1
A55: Public Service Commission, Place No. 1 | B55: Votes | C55: Percentage
A56: Matt Gentry | B56: 1852 | C56: =B56/B58 -> 0.77392394
A57: Jeremy H. Oden | B57: 541 | C57: =B57/B58 -> 0.22607606
A58: Total | B58: =SUM(B55:B57) -> 2393 | C58: =SUM(C55:C57) -> 1
A60: Public Service Commission, Place No. 2 | B60: Votes | C60: Percentage
A61: Priscilla Andrews | B61: 335 | C61: =B61/B65 -> 0.13584753
A62: Chris Beeker | B62: 497 | C62: =B62/B65 -> 0.20154096
A63: Brent Woodall | B63: 461 | C63: =B63/B65 -> 0.18694242
A64: Jim Zig Zeigler | B64: 1173 | C64: =B64/B65 -> 0.4756691
A65: Total | B65: =SUM(B61:B64) -> 2466 | C65: =SUM(C61:C64) -> 1
A67: U.S. Representative, 3rd Congressional District | B67: Votes | C67: Percentage
A68: Terri LaPoint | B68: 411 | C68: =B68/B70 -> 0.14605544
A69: Mike Rogers | B69: 2403 | C69: =B69/B70 -> 0.85394456
A70: Total | B70: =SUM(B67:B69) -> 2814 | C70: =SUM(C67:C69) -> 1
A72: State Senator, District No. 13 | B72: Votes | C72: Percentage
A73: Gerald Dial | B73: 998 | C73: =B73/B75 -> 0.34882908
A74: Randy Price | B74: 1863 | C74: =B74/B75 -> 0.65117092
A75: Total | B75: =SUM(B72:B74) -> 2861 | C75: =SUM(C72:C74) -> 1
A77: State Representative, District No. 37 | B77: Votes | C77: Percentage
A78: John Jacobs | B78: 332 | C78: =B78/B81 -> 0.2862069
A79: Donna Bailey McKay | B79: 296 | C79: =B79/B81 -> 0.25517241
A80: Jeff Monroe | B80: 532 | C80: =B80/B81 -> 0.45862069
A81: Total | B81: =SUM(B78:B80) -> 1160 | C81: =SUM(C78:C80) -> 1
A83: Member, Chambers County Commission, District No. 3 | B83: Votes | C83: Percentage
A84: John Benefield | B84: 543 | C84: =B84/B86 -> 0.64184397
A85: James "Moto" Williams | B85: 303 | C85: =B85/B86 -> 0.35815603
A86: Total | B86: =SUM(B83:B85) -> 846 | C86: =SUM(C83:C85) -> 1
A88: Member, Chambers County Commission, District No. 5 | B88: Votes | C88: Percentage
A89: James "Toby" Boyd | B89: 173 | C89: =B89/B91 -> 0.31227437
A90: Sara Crutchfield | B90: 381 | C90: =B90/B91 -> 0.68772563
A91: Total | B91: =SUM(B88:B90) -> 554 | C91: =SUM(C88:C90) -> 1
A93: Chambers County Coroner | B93: Votes | C93: Percentage
A94: Jonathan Brown | B94: 388 | C94: =B94/B99 -> 0.13997114
A95: Glenn Johnson | B95: 663 | C95: =B95/B99 -> 0.23917749
A96: Levi Richardson | B96: 814 | C96: =B96/B99 -> 0.29365079
A97: David Gerald Smith | B97: 505 | C97: =B97/B99 -> 0.18217893
A98: Sam Thrower | B98: 402 | C98: =B98/B99 -> 0.14502165
A99: Total | B99: =SUM(B94:B98) -> 2772 | C99: =SUM(C94:C98) -> 1
A101: Member, Chambers County Board of Education, District No. 4 | B101: Votes | C101: Percentage
A102: Jody Jennings | B102: 210 | C102: =B102/B104 -> 0.60518732
A103: Mary Slay Terry | B103: 137 | C103: =B103/B104 -> 0.39481268
A104: Total | B104: =SUM(B101:B103) -> 347 | C104: =SUM(C101:C103) -> 1

Sheet Cherokee
A1: Govenor | B1: Votes | C1: Percentage
A2: Ken McFeeters | B2: 258 | C2: =B2/B5 -> 0.074523397
A3: "Alabama" Will Santivasci | B3: 144 | C3: =B3/B5 -> 0.041594454
A4: Thomas Tuberville | B4: 3060 | C4: =B4/B5 -> 0.88388215
A5: Total | B5: =SUM(B2:B4) -> 3462 | C5: =SUM(C2:C4) -> 1
A7: Lt. Govenor | B7: Votes | C7: Percentage
A8: Wes Allen | B8: 1299 | C8: =B8/B15 -> 0.3926844
A9: Pat Bishop | B9: 84 | C9: =B9/B15 -> 0.025392987
A10: George Childress | B10: 79 | C10: =B10/B15 -> 0.023881499
A11: Rick Pate | B11: 243 | C11: =B11/B15 -> 0.073458283
A12: Stewart Hill Tankersley | B12: 61 | C12: =B12/B15 -> 0.018440145
A13: Nicole Jones Wadsworth | B13: 165 | C13: =B13/B15 -> 0.049879081
A14: John Wahl | B14: 1377 | C14: =B14/B15 -> 0.4162636
A15: Total | B15: =SUM(B8:B14) -> 3308 | C15: =SUM(C8:C14) -> 1
A17: Senator | B17: Votes | C17: Percentage
A18: Seth Burton | B18: 95 | C18: =B18/B25 -> 0.028290649
A19: Dale Shelton Deas Jr. | B19: 43 | C19: =B19/B25 -> 0.012805241
A20: Jared Hudson | B20: 733 | C20: =B20/B25 -> 0.21828469
A21: Steve Marshall | B21: 1016 | C21: =B21/B25 -> 0.30256105
A22: Barry Moore | B22: 1259 | C22: =B22/B25 -> 0.37492555
A23: Morgan Murphy | B23: 35 | C23: =B23/B25 -> 0.010422871
A24: Rodney Walker | B24: 177 | C24: =B24/B25 -> 0.052709946
A25: Total | B25: =SUM(B18:B24) -> 3358 | C25: =SUM(C18:C24) -> 1
A27: Attorney General | B27: Votes | C27: Percentage
A28: Pamela L. Casey | B28: 706 | C28: =B28/B31 -> 0.21973234
A29: Jay Mitchell | B29: 1232 | C29: =B29/B31 -> 0.38344227
A30: Katherine Robertson | B30: 1275 | C30: =B30/B31 -> 0.3968254
A31: Total | B31: =SUM(B28:B30) -> 3213 | C31: =SUM(C28:C30) -> 1
A33: Secretary of State | B33: Votes | C33: Percentage
A34: Caroleene Dobson | B34: 1694 | C34: =B34/B37 -> 0.56372712
A35: Christopher Christian Horn | B35: 801 | C35: =B35/B37 -> 0.26655574
A36: Glenda S. Jackson | B36: 510 | C36: =B36/B37 -> 0.16971714
A37: Total | B37: =SUM(B34:B36) -> 3005 | C37: =SUM(C34:C36) -> 1
A39: Treasurer | B39: Votes | C39: Percentage
A40: Young Boozer | B40: 2063 | C40: =B40/B42 -> 0.66441224
A41: Steve Lolley | B41: 1042 | C41: =B41/B42 -> 0.33558776
A42: Total | B42: =SUM(B39:B41) -> 3105 | C42: =SUM(C39:C41) -> 1
A44: Auditor | B44: Votes | C44: Percentage
A45: Derek Chen | B45: 1001 | C45: =B45/B47 -> 0.31960409
A46: Andrew Sorrell | B46: 2131 | C46: =B46/B47 -> 0.68039591
A47: Total | B47: =SUM(B44:B46) -> 3132 | C47: =SUM(C44:C46) -> 1
A49: Commissioner of Agriculture & Industries | B49: Votes | C49: Percentage
A50: Cory Hill | B50: 1229 | C50: =B50/B53 -> 0.39391026
A51: Christina Woerner McInnis | B51: 923 | C51: =B51/B53 -> 0.29583333
A52: Jack Williams | B52: 968 | C52: =B52/B53 -> 0.31025641
A53: Total | B53: =SUM(B50:B52) -> 3120 | C53: =SUM(C50:C52) -> 1
A55: Public Service Commission, Place No. 1 | B55: Votes | C55: Percentage
A56: Matt Gentry | B56: 2078 | C56: =B56/B58 -> 0.69266667
A57: Jeremy H. Oden | B57: 922 | C57: =B57/B58 -> 0.30733333
A58: Total | B58: =SUM(B55:B57) -> 3000 | C58: =SUM(C55:C57) -> 1
A60: Public Service Commission, Place No. 2 | B60: Votes | C60: Percentage
A61: Priscilla Andrews | B61: 364 | C61: =B61/B65 -> 0.11922699
A62: Chris Beeker | B62: 853 | C62: =B62/B65 -> 0.27939731
A63: Brent Woodall | B63: 639 | C63: =B63/B65 -> 0.20930233
A64: Jim Zig Zeigler | B64: 1197 | C64: =B64/B65 -> 0.39207337
A65: Total | B65: =SUM(B61:B64) -> 3053 | C65: =SUM(C61:C64) -> 1
A67: U.S. Representative, 3rd Congressional District | B67: Votes | C67: Percentage
A68: Terri LaPoint | B68: 428 | C68: =B68/B70 -> 0.12681481
A69: Mike Rogers | B69: 2947 | C69: =B69/B70 -> 0.87318519
A70: Total | B70: =SUM(B67:B69) -> 3375 | C70: =SUM(C67:C69) -> 1
A72: State Senator, District No. 10 | B72: Votes | C72: Percentage
A73: Andrew Jones | B73: 1757 | C73: =B73/B75 -> 0.53161876
A74: Amy Dozier Minton | B74: 1548 | C74: =B74/B75 -> 0.46838124
A75: Total | B75: =SUM(B72:B74) -> 3305 | C75: =SUM(C72:C74) -> 1
A77: Member, State Board of Education, District No. 6 | B77: Votes | C77: Percentage
A78: Cathi Bradford | B78: 1597 | C78: =B78/B80 -> 0.53807278
A79: Marie Manning | B79: 1371 | C79: =B79/B80 -> 0.46192722
A80: Total | B80: =SUM(B77:B79) -> 2968 | C80: =SUM(C77:C79) -> 1

Sheet Chilton
A1: Govenor | B1: Votes | C1: Percentage
A2: Ken McFeeters | B2: 341 | C2: =B2/B5 -> 0.055429129
A3: "Alabama" Will Santivasci | B3: 234 | C3: =B3/B5 -> 0.038036411
A4: Thomas Tuberville | B4: 5577 | C4: =B4/B5 -> 0.90653446
A5: Total | B5: =SUM(B2:B4) -> 6152 | C5: =SUM(C2:C4) -> 1
A7: Lt. Govenor | B7: Votes | C7: Percentage
A8: Wes Allen | B8: 2824 | C8: =B8/B15 -> 0.48240519
A9: Pat Bishop | B9: 164 | C9: =B9/B15 -> 0.028015032
A10: George Childress | B10: 98 | C10: =B10/B15 -> 0.01674069
A11: Rick Pate | B11: 461 | C11: =B11/B15 -> 0.078749573
A12: Stewart Hill Tankersley | B12: 83 | C12: =B12/B15 -> 0.01417834
A13: Nicole Jones Wadsworth | B13: 251 | C13: =B13/B15 -> 0.042876666
A14: John Wahl | B14: 1973 | C14: =B14/B15 -> 0.33703451
A15: Total | B15: =SUM(B8:B14) -> 5854 | C15: =SUM(C8:C14) -> 1
A17: Senator | B17: Votes | C17: Percentage
A18: Seth Burton | B18: 95 | C18: =B18/B25 -> 0.015870364
A19: Dale Shelton Deas Jr. | B19: 98 | C19: =B19/B25 -> 0.016371534
A20: Jared Hudson | B20: 1903 | C20: =B20/B25 -> 0.31790845
A21: Steve Marshall | B21: 1931 | C21: =B21/B25 -> 0.32258603
A22: Barry Moore | B22: 1753 | C22: =B22/B25 -> 0.29284998
A23: Morgan Murphy | B23: 60 | C23: =B23/B25 -> 0.010023388
A24: Rodney Walker | B24: 146 | C24: =B24/B25 -> 0.024390244
A25: Total | B25: =SUM(B18:B24) -> 5986 | C25: =SUM(C18:C24) -> 1
A27: Attorney General | B27: Votes | C27: Percentage
A28: Pamela L. Casey | B28: 1301 | C28: =B28/B31 -> 0.22508651
A29: Jay Mitchell | B29: 1876 | C29: =B29/B31 -> 0.32456747
A30: Katherine Robertson | B30: 2603 | C30: =B30/B31 -> 0.45034602
A31: Total | B31: =SUM(B28:B30) -> 5780 | C31: =SUM(C28:C30) -> 1
A33: Secretary of State | B33: Votes | C33: Percentage
A34: Caroleene Dobson | B34: 3413 | C34: =B34/B37 -> 0.6350949
A35: Christopher Christian Horn | B35: 1228 | C35: =B35/B37 -> 0.22850763
A36: Glenda S. Jackson | B36: 733 | C36: =B36/B37 -> 0.13639747
A37: Total | B37: =SUM(B34:B36) -> 5374 | C37: =SUM(C34:C36) -> 1
A39: Treasurer | B39: Votes | C39: Percentage
A40: Young Boozer | B40: 3946 | C40: =B40/B42 -> 0.70276046
A41: Steve Lolley | B41: 1669 | C41: =B41/B42 -> 0.29723954
A42: Total | B42: =SUM(B39:B41) -> 5615 | C42: =SUM(C39:C41) -> 1
A44: Auditor | B44: Votes | C44: Percentage
A45: Derek Chen | B45: 1813 | C45: =B45/B47 -> 0.32660782
A46: Andrew Sorrell | B46: 3738 | C46: =B46/B47 -> 0.67339218
A47: Total | B47: =SUM(B44:B46) -> 5551 | C47: =SUM(C44:C46) -> 1
A49: Commissioner of Agriculture & Industries | B49: Votes | C49: Percentage
A50: Cory Hill | B50: 2312 | C50: =B50/B53 -> 0.41793203
A51: Christina Woerner McInnis | B51: 1570 | C51: =B51/B53 -> 0.28380333
A52: Jack Williams | B52: 1650 | C52: =B52/B53 -> 0.29826464
A53: Total | B53: =SUM(B50:B52) -> 5532 | C53: =SUM(C50:C52) -> 1
A55: Public Service Commission, Place No. 1 | B55: Votes | C55: Percentage
A56: Matt Gentry | B56: 4145 | C56: =B56/B58 -> 0.76759259
A57: Jeremy H. Oden | B57: 1255 | C57: =B57/B58 -> 0.23240741
A58: Total | B58: =SUM(B55:B57) -> 5400 | C58: =SUM(C55:C57) -> 1
A60: Public Service Commission, Place No. 2 | B60: Votes | C60: Percentage
A61: Priscilla Andrews | B61: 506 | C61: =B61/B65 -> 0.092066958
A62: Chris Beeker | B62: 1764 | C62: =B62/B65 -> 0.3209607
A63: Brent Woodall | B63: 1068 | C63: =B63/B65 -> 0.19432314
A64: Jim Zig Zeigler | B64: 2158 | C64: =B64/B65 -> 0.3926492
A65: Total | B65: =SUM(B61:B64) -> 5496 | C65: =SUM(C61:C64) -> 1
A67: US Representative, 6th Congressional District | B67: Votes | C67: Percentage
A68: Case Dixon | B68: 948 | C68: =B68/B70 -> 0.16013514
A69: Gary Palmer | B69: 4972 | C69: =B69/B70 -> 0.83986486
A70: Total | B70: =SUM(B67:B69) -> 5920 | C70: =SUM(C67:C69) -> 1
A72: Circuit Court Judge, 19th Judicial Circuit, Place No. 5 | B72: Votes | C72: Percentage
A73: Carol Cook Carter | B73: 2338 | C73: =B73/B76 -> 0.40569148
A74: Bradley Earl Ekdahl | B74: 1477 | C74: =B74/B76 -> 0.25629013
A75: Ali Patterson | B75: 1948 | C75: =B75/B76 -> 0.33801839
A76: Total | B76: =SUM(B73:B75) -> 5763 | C76: =SUM(C73:C75) -> 1
A78: Chilton County Revenue Commissioner | B78: Votes | C78: Percentage
A79: Brad Carter | B79: 2390 | C79: =B79/B82 -> 0.39103403
A80: Michele Porter Headley | B80: 2540 | C80: =B80/B82 -> 0.41557592
A81: Evan Wyatt | B81: 1182 | C81: =B81/B82 -> 0.19339005
A82: Total | B82: =SUM(B79:B81) -> 6112 | C82: =SUM(C79:C81) -> 1
A84: Superintendent, Chilton County Board of Education | B84: Votes | C84: Percentage
A85: Corey Clements | B85: 5018 | C85: =B85/B87 -> 0.83093227
A86: Jamie Gault | B86: 1021 | C86: =B86/B87 -> 0.16906773
A87: Total | B87: =SUM(B84:B86) -> 6039 | C87: =SUM(C84:C86) -> 1

Sheet Choctaw
A1: Govenor | B1: Votes | C1: Percentage
A2: Ken McFeeters | B2: 77 | C2: =B2/B5 -> 0.044482958
A3: "Alabama" Will Santivasci | B3: 57 | C3: =B3/B5 -> 0.032928943
A4: Thomas Tuberville | B4: 1597 | C4: =B4/B5 -> 0.9225881
A5: Total | B5: =SUM(B2:B4) -> 1731 | C5: =SUM(C2:C4) -> 1
A7: Lt. Govenor | B7: Votes | C7: Percentage
A8: Wes Allen | B8: 670 | C8: =B8/B15 -> 0.40556901
A9: Pat Bishop | B9: 59 | C9: =B9/B15 -> 0.035714286
A10: George Childress | B10: 37 | C10: =B10/B15 -> 0.022397094
A11: Rick Pate | B11: 95 | C11: =B11/B15 -> 0.057506053
A12: Stewart Hill Tankersley | B12: 16 | C12: =B12/B15 -> 0.00968523
A13: Nicole Jones Wadsworth | B13: 35 | C13: =B13/B15 -> 0.021186441
A14: John Wahl | B14: 740 | C14: =B14/B15 -> 0.44794189
A15: Total | B15: =SUM(B8:B14) -> 1652 | C15: =SUM(C8:C14) -> 1
A17: Senator | B17: Votes | C17: Percentage
A18: Seth Burton | B18: 62 | C18: =B18/B25 -> 0.03834261
A19: Dale Shelton Deas Jr. | B19: 38 | C19: =B19/B25 -> 0.023500309
A20: Jared Hudson | B20: 226 | C20: =B20/B25 -> 0.139765
A21: Steve Marshall | B21: 293 | C21: =B21/B25 -> 0.18119975
A22: Barry Moore | B22: 908 | C22: =B22/B25 -> 0.5615337
A23: Morgan Murphy | B23: 26 | C23: =B23/B25 -> 0.016079159
A24: Rodney Walker | B24: 64 | C24: =B24/B25 -> 0.039579468
A25: Total | B25: =SUM(B18:B24) -> 1617 | C25: =SUM(C18:C24) -> 1
A27: Attorney General | B27: Votes | C27: Percentage
A28: Pamela L. Casey | B28: 544 | C28: =B28/B31 -> 0.33894081
A29: Jay Mitchell | B29: 700 | C29: =B29/B31 -> 0.43613707
A30: Katherine Robertson | B30: 361 | C30: =B30/B31 -> 0.22492212
A31: Total | B31: =SUM(B28:B30) -> 1605 | C31: =SUM(C28:C30) -> 1
A33: Secretary of State | B33: Votes | C33: Percentage
A34: Caroleene Dobson | B34: 943 | C34: =B34/B37 -> 0.63501684
A35: Christopher Christian Horn | B35: 343 | C35: =B35/B37 -> 0.23097643
A36: Glenda S. Jackson | B36: 199 | C36: =B36/B37 -> 0.13400673
A37: Total | B37: =SUM(B34:B36) -> 1485 | C37: =SUM(C34:C36) -> 1
A39: Treasurer | B39: Votes | C39: Percentage
A40: Young Boozer | B40: 1043 | C40: =B40/B42 -> 0.6777128
A41: Steve Lolley | B41: 496 | C41: =B41/B42 -> 0.3222872
A42: Total | B42: =SUM(B39:B41) -> 1539 | C42: =SUM(C39:C41) -> 1
A44: Auditor | B44: Votes | C44: Percentage
A45: Derek Chen | B45: 289 | C45: =B45/B47 -> 0.19369973
A46: Andrew Sorrell | B46: 1203 | C46: =B46/B47 -> 0.80630027
A47: Total | B47: =SUM(B44:B46) -> 1492 | C47: =SUM(C44:C46) -> 1
A49: Commissioner of Agriculture & Industries | B49: Votes | C49: Percentage
A50: Cory Hill | B50: 636 | C50: =B50/B53 -> 0.41732283
A51: Christina Woerner McInnis | B51: 499 | C51: =B51/B53 -> 0.32742782
A52: Jack Williams | B52: 389 | C52: =B52/B53 -> 0.25524934
A53: Total | B53: =SUM(B50:B52) -> 1524 | C53: =SUM(C50:C52) -> 1
A55: Public Service Commission, Place No. 1 | B55: Votes | C55: Percentage
A56: Matt Gentry | B56: 1232 | C56: =B56/B58 -> 0.83074848
A57: Jeremy H. Oden | B57: 251 | C57: =B57/B58 -> 0.16925152
A58: Total | B58: =SUM(B55:B57) -> 1483 | C58: =SUM(C55:C57) -> 1
A60: Public Service Commission, Place No. 2 | B60: Votes | C60: Percentage
A61: Priscilla Andrews | B61: 146 | C61: =B61/B65 -> 0.095238095
A62: Chris Beeker | B62: 281 | C62: =B62/B65 -> 0.18330072
A63: Brent Woodall | B63: 227 | C63: =B63/B65 -> 0.14807567
A64: Jim Zig Zeigler | B64: 879 | C64: =B64/B65 -> 0.57338552
A65: Total | B65: =SUM(B61:B64) -> 1533 | C65: =SUM(C61:C64) -> 1
A67: State Representative, District No. 65 | B67: Votes | C67: Percentage
A68: Dee Ann Campbell | B68: 1249 | C68: =B68/B70 -> 0.72154824
A69: John Knapp | B69: 482 | C69: =B69/B70 -> 0.27845176
A70: Total | B70: =SUM(B67:B69) -> 1731 | C70: =SUM(C67:C69) -> 1
A72: Member, Choctaw County Commission, District No. 4 | B72: Votes | C72: Percentage
A73: Kelley Briggs | B73: 205 | C73: =B73/B76 -> 0.3092006
A74: Marlon R. Lucus | B74: 234 | C74: =B74/B76 -> 0.35294118
A75: Johnathan Mayfield | B75: 224 | C75: =B75/B76 -> 0.33785822
A76: Total | B76: =SUM(B73:B75) -> 663 | C76: =SUM(C73:C75) -> 1
A78: Superintendent, Choctaw County Board of Education | B78: Votes | C78: Percentage
A79: Jeremy D. Adams | B79: 1156 | C79: =B79/B81 -> 0.68605341
A80: Jacqui James | B80: 529 | C80: =B80/B81 -> 0.31394659
A81: Total | B81: =SUM(B78:B80) -> 1685 | C81: =SUM(C78:C80) -> 1

Sheet Clarke
A1: Govenor | B1: Votes | C1: Percentage
A2: Ken McFeeters | B2: 115 | C2: =B2/B5 -> 0.051043054
A3: "Alabama" Will Santivasci | B3: 76 | C3: =B3/B5 -> 0.033732801
A4: Thomas Tuberville | B4: 2062 | C4: =B4/B5 -> 0.91522415
A5: Total | B5: =SUM(B2:B4) -> 2253 | C5: =SUM(C2:C4) -> 1
A7: Lt. Govenor | B7: Votes | C7: Percentage
A8: Wes Allen | B8: 913 | C8: =B8/B15 -> 0.42248959
A9: Pat Bishop | B9: 59 | C9: =B9/B15 -> 0.027302175
A10: George Childress | B10: 32 | C10: =B10/B15 -> 0.014807959
A11: Rick Pate | B11: 111 | C11: =B11/B15 -> 0.051365109
A12: Stewart Hill Tankersley | B12: 13 | C12: =B12/B15 -> 0.0060157335
A13: Nicole Jones Wadsworth | B13: 69 | C13: =B13/B15 -> 0.031929662
A14: John Wahl | B14: 964 | C14: =B14/B15 -> 0.44608977
A15: Total | B15: =SUM(B8:B14) -> 2161 | C15: =SUM(C8:C14) -> 1
A17: Senator | B17: Votes | C17: Percentage
A18: Seth Burton | B18: 44 | C18: =B18/B25 -> 0.02
A19: Dale Shelton Deas Jr. | B19: 64 | C19: =B19/B25 -> 0.029090909
A20: Jared Hudson | B20: 805 | C20: =B20/B25 -> 0.36590909
A21: Steve Marshall | B21: 418 | C21: =B21/B25 -> 0.19
A22: Barry Moore | B22: 781 | C22: =B22/B25 -> 0.355
A23: Morgan Murphy | B23: 16 | C23: =B23/B25 -> 0.0072727273
A24: Rodney Walker | B24: 72 | C24: =B24/B25 -> 0.032727273
A25: Total | B25: =SUM(B18:B24) -> 2200 | C25: =SUM(C18:C24) -> 1
A27: Attorney General | B27: Votes | C27: Percentage
A28: Pamela L. Casey | B28: 444 | C28: =B28/B31 -> 0.2095328
A29: Jay Mitchell | B29: 680 | C29: =B29/B31 -> 0.32090609
A30: Katherine Robertson | B30: 995 | C30: =B30/B31 -> 0.46956111
A31: Total | B31: =SUM(B28:B30) -> 2119 | C31: =SUM(C28:C30) -> 1
A33: Secretary of State | B33: Votes | C33: Percentage
A34: Caroleene Dobson | B34: 1609 | C34: =B34/B37 -> 0.78641251
A35: Christopher Christian Horn | B35: 262 | C35: =B35/B37 -> 0.12805474
A36: Glenda S. Jackson | B36: 175 | C36: =B36/B37 -> 0.085532747
A37: Total | B37: =SUM(B34:B36) -> 2046 | C37: =SUM(C34:C36) -> 1
A39: Treasurer | B39: Votes | C39: Percentage
A40: Young Boozer | B40: 1410 | C40: =B40/B42 -> 0.68746953
A41: Steve Lolley | B41: 641 | C41: =B41/B42 -> 0.31253047
A42: Total | B42: =SUM(B39:B41) -> 2051 | C42: =SUM(C39:C41) -> 1
A44: Auditor | B44: Votes | C44: Percentage
A45: Derek Chen | B45: 692 | C45: =B45/B47 -> 0.34617309
A46: Andrew Sorrell | B46: 1307 | C46: =B46/B47 -> 0.65382691
A47: Total | B47: =SUM(B44:B46) -> 1999 | C47: =SUM(C44:C46) -> 1
A49: Commissioner of Agriculture & Industries | B49: Votes | C49: Percentage
A50: Cory Hill | B50: 578 | C50: =B50/B53 -> 0.29295489
A51: Christina Woerner McInnis | B51: 711 | C51: =B51/B53 -> 0.36036493
A52: Jack Williams | B52: 684 | C52: =B52/B53 -> 0.34668018
A53: Total | B53: =SUM(B50:B52) -> 1973 | C53: =SUM(C50:C52) -> 1
A55: Public Service Commission, Place No. 1 | B55: Votes | C55: Percentage
A56: Matt Gentry | B56: 1524 | C56: =B56/B58 -> 0.79665447
A57: Jeremy H. Oden | B57: 389 | C57: =B57/B58 -> 0.20334553
A58: Total | B58: =SUM(B55:B57) -> 1913 | C58: =SUM(C55:C57) -> 1
A60: Public Service Commission, Place No. 2 | B60: Votes | C60: Percentage
A61: Priscilla Andrews | B61: 171 | C61: =B61/B65 -> 0.086146096
A62: Chris Beeker | B62: 550 | C62: =B62/B65 -> 0.27707809
A63: Brent Woodall | B63: 284 | C63: =B63/B65 -> 0.14307305
A64: Jim Zig Zeigler | B64: 980 | C64: =B64/B65 -> 0.49370277
A65: Total | B65: =SUM(B61:B64) -> 1985 | C65: =SUM(C61:C64) -> 1
A67: State Representative, District No. 65 | B67: Votes | C67: Percentage
A68: Dee Ann Campbell | B68: 350 | C68: =B68/B70 -> 0.27689873
A69: John Knapp | B69: 914 | C69: =B69/B70 -> 0.72310127
A70: Total | B70: =SUM(B67:B69) -> 1264 | C70: =SUM(C67:C69) -> 1
A72: Member, Clarke County Commission, District No. 3 | B72: Votes | C72: Percentage
A73: Barry Chancey | B73: 387 | C73: =B73/B75 -> 0.54353933
A74: Joe Parden | B74: 325 | C74: =B74/B75 -> 0.45646067
A75: Total | B75: =SUM(B72:B74) -> 712 | C75: =SUM(C72:C74) -> 1

Sheet Clay
A1: Govenor | B1: Votes | C1: Percentage
A2: Ken McFeeters | B2: 123 | C2: =B2/B5 -> 0.057235924
A3: "Alabama" Will Santivasci | B3: 96 | C3: =B3/B5 -> 0.04467194
A4: Thomas Tuberville | B4: 1930 | C4: =B4/B5 -> 0.89809214
A5: Total | B5: =SUM(B2:B4) -> 2149 | C5: =SUM(C2:C4) -> 1
A7: Lt. Govenor | B7: Votes | C7: Percentage
A8: Wes Allen | B8: 840 | C8: =B8/B15 -> 0.40935673
A9: Pat Bishop | B9: 44 | C9: =B9/B15 -> 0.021442495
A10: George Childress | B10: 45 | C10: =B10/B15 -> 0.021929825
A11: Rick Pate | B11: 180 | C11: =B11/B15 -> 0.087719298
A12: Stewart Hill Tankersley | B12: 29 | C12: =B12/B15 -> 0.014132554
A13: Nicole Jones Wadsworth | B13: 61 | C13: =B13/B15 -> 0.029727096
A14: John Wahl | B14: 853 | C14: =B14/B15 -> 0.41569201
A15: Total | B15: =SUM(B8:B14) -> 2052 | C15: =SUM(C8:C14) -> 1
A17: Senator | B17: Votes | C17: Percentage
A18: Seth Burton | B18: 28 | C18: =B18/B25 -> 0.013084112
A19: Dale Shelton Deas Jr. | B19: 27 | C19: =B19/B25 -> 0.012616822
A20: Jared Hudson | B20: 494 | C20: =B20/B25 -> 0.23084112
A21: Steve Marshall | B21: 584 | C21: =B21/B25 -> 0.2728972
A22: Barry Moore | B22: 527 | C22: =B22/B25 -> 0.24626168
A23: Morgan Murphy | B23: 19 | C23: =B23/B25 -> 0.0088785047
A24: Rodney Walker | B24: 461 | C24: =B24/B25 -> 0.21542056
A25: Total | B25: =SUM(B18:B24) -> 2140 | C25: =SUM(C18:C24) -> 1
A27: Attorney General | B27: Votes | C27: Percentage
A28: Pamela L. Casey | B28: 422 | C28: =B28/B31 -> 0.20849802
A29: Jay Mitchell | B29: 683 | C29: =B29/B31 -> 0.33745059
A30: Katherine Robertson | B30: 919 | C30: =B30/B31 -> 0.45405138
A31: Total | B31: =SUM(B28:B30) -> 2024 | C31: =SUM(C28:C30) -> 1
A33: Secretary of State | B33: Votes | C33: Percentage
A34: Caroleene Dobson | B34: 1161 | C34: =B34/B37 -> 0.6046875
A35: Christopher Christian Horn | B35: 528 | C35: =B35/B37 -> 0.275
A36: Glenda S. Jackson | B36: 231 | C36: =B36/B37 -> 0.1203125
A37: Total | B37: =SUM(B34:B36) -> 1920 | C37: =SUM(C34:C36) -> 1
A39: Treasurer | B39: Votes | C39: Percentage
A40: Young Boozer | B40: 1332 | C40: =B40/B42 -> 0.68237705
A41: Steve Lolley | B41: 620 | C41: =B41/B42 -> 0.31762295
A42: Total | B42: =SUM(B39:B41) -> 1952 | C42: =SUM(C39:C41) -> 1
A44: Auditor | B44: Votes | C44: Percentage
A45: Derek Chen | B45: 629 | C45: =B45/B47 -> 0.32108218
A46: Andrew Sorrell | B46: 1330 | C46: =B46/B47 -> 0.67891782
A47: Total | B47: =SUM(B44:B46) -> 1959 | C47: =SUM(C44:C46) -> 1
A49: Commissioner of Agriculture & Industries | B49: Votes | C49: Percentage
A50: Cory Hill | B50: 760 | C50: =B50/B53 -> 0.39460021
A51: Christina Woerner McInnis | B51: 526 | C51: =B51/B53 -> 0.27310488
A52: Jack Williams | B52: 640 | C52: =B52/B53 -> 0.33229491
A53: Total | B53: =SUM(B50:B52) -> 1926 | C53: =SUM(C50:C52) -> 1
A55: Public Service Commission, Place No. 1 | B55: Votes | C55: Percentage
A56: Matt Gentry | B56: 1424 | C56: =B56/B58 -> 0.75304072
A57: Jeremy H. Oden | B57: 467 | C57: =B57/B58 -> 0.24695928
A58: Total | B58: =SUM(B55:B57) -> 1891 | C58: =SUM(C55:C57) -> 1
A60: Public Service Commission, Place No. 2 | B60: Votes | C60: Percentage
A61: Priscilla Andrews | B61: 228 | C61: =B61/B65 -> 0.11662404
A62: Chris Beeker | B62: 589 | C62: =B62/B65 -> 0.30127877
A63: Brent Woodall | B63: 248 | C63: =B63/B65 -> 0.12685422
A64: Jim Zig Zeigler | B64: 890 | C64: =B64/B65 -> 0.45524297
A65: Total | B65: =SUM(B61:B64) -> 1955 | C65: =SUM(C61:C64) -> 1
A67: U.S. Representative, 3rd Congressional District | B67: Votes | C67: Percentage
A68: Terri LaPoint | B68: 268 | C68: =B68/B70 -> 0.12665406
A69: Mike Rogers | B69: 1848 | C69: =B69/B70 -> 0.87334594
A70: Total | B70: =SUM(B67:B69) -> 2116 | C70: =SUM(C67:C69) -> 1
A72: State Senator, District No. 13 | B72: Votes | C72: Percentage
A73: Gerald Dial | B73: 890 | C73: =B73/B75 -> 0.42000944
A74: Randy Price | B74: 1229 | C74: =B74/B75 -> 0.57999056
A75: Total | B75: =SUM(B72:B74) -> 2119 | C75: =SUM(C72:C74) -> 1

Sheet Cleburne
A1: Govenor | B1: Votes | C1: Percentage
A2: Ken McFeeters | B2: 288 | C2: =B2/B5 -> 0.089831566
A3: "Alabama" Will Santivasci | B3: 278 | C3: =B3/B5 -> 0.086712414
A4: Thomas Tuberville | B4: 2640 | C4: =B4/B5 -> 0.82345602
A5: Total | B5: =SUM(B2:B4) -> 3206 | C5: =SUM(C2:C4) -> 1
A7: Lt. Govenor | B7: Votes | C7: Percentage
A8: Wes Allen | B8: 1011 | C8: =B8/B15 -> 0.34329372
A9: Pat Bishop | B9: 120 | C9: =B9/B15 -> 0.040747029
A10: George Childress | B10: 98 | C10: =B10/B15 -> 0.03327674
A11: Rick Pate | B11: 284 | C11: =B11/B15 -> 0.096434635
A12: Stewart Hill Tankersley | B12: 58 | C12: =B12/B15 -> 0.019694397
A13: Nicole Jones Wadsworth | B13: 123 | C13: =B13/B15 -> 0.041765705
A14: John Wahl | B14: 1251 | C14: =B14/B15 -> 0.42478778
A15: Total | B15: =SUM(B8:B14) -> 2945 | C15: =SUM(C8:C14) -> 1
A17: Senator | B17: Votes | C17: Percentage
A18: Seth Burton | B18: 96 | C18: =B18/B25 -> 0.032053422
A19: Dale Shelton Deas Jr. | B19: 66 | C19: =B19/B25 -> 0.022036728
A20: Jared Hudson | B20: 587 | C20: =B20/B25 -> 0.19599332
A21: Steve Marshall | B21: 573 | C21: =B21/B25 -> 0.19131886
A22: Barry Moore | B22: 859 | C22: =B22/B25 -> 0.28681135
A23: Morgan Murphy | B23: 68 | C23: =B23/B25 -> 0.022704508
A24: Rodney Walker | B24: 746 | C24: =B24/B25 -> 0.2490818
A25: Total | B25: =SUM(B18:B24) -> 2995 | C25: =SUM(C18:C24) -> 1
A27: Attorney General | B27: Votes | C27: Percentage
A28: Pamela L. Casey | B28: 795 | C28: =B28/B31 -> 0.27865405
A29: Jay Mitchell | B29: 1148 | C29: =B29/B31 -> 0.40238346
A30: Katherine Robertson | B30: 910 | C30: =B30/B31 -> 0.3189625
A31: Total | B31: =SUM(B28:B30) -> 2853 | C31: =SUM(C28:C30) -> 1
A33: Secretary of State | B33: Votes | C33: Percentage
A34: Caroleene Dobson | B34: 1172 | C34: =B34/B37 -> 0.44393939
A35: Christopher Christian Horn | B35: 813 | C35: =B35/B37 -> 0.30795455
A36: Glenda S. Jackson | B36: 655 | C36: =B36/B37 -> 0.24810606
A37: Total | B37: =SUM(B34:B36) -> 2640 | C37: =SUM(C34:C36) -> 1
A39: Treasurer | B39: Votes | C39: Percentage
A40: Young Boozer | B40: 1726 | C40: =B40/B42 -> 0.63643068
A41: Steve Lolley | B41: 986 | C41: =B41/B42 -> 0.36356932
A42: Total | B42: =SUM(B39:B41) -> 2712 | C42: =SUM(C39:C41) -> 1
A44: Auditor | B44: Votes | C44: Percentage
A45: Derek Chen | B45: 685 | C45: =B45/B47 -> 0.25
A46: Andrew Sorrell | B46: 2055 | C46: =B46/B47 -> 0.75
A47: Total | B47: =SUM(B44:B46) -> 2740 | C47: =SUM(C44:C46) -> 1
A49: Commissioner of Agriculture & Industries | B49: Votes | C49: Percentage
A50: Cory Hill | B50: 966 | C50: =B50/B53 -> 0.35977654
A51: Christina Woerner McInnis | B51: 723 | C51: =B51/B53 -> 0.26927374
A52: Jack Williams | B52: 996 | C52: =B52/B53 -> 0.37094972
A53: Total | B53: =SUM(B50:B52) -> 2685 | C53: =SUM(C50:C52) -> 1
A55: Public Service Commission, Place No. 1 | B55: Votes | C55: Percentage
A56: Matt Gentry | B56: 1954 | C56: =B56/B58 -> 0.74523265
A57: Jeremy H. Oden | B57: 668 | C57: =B57/B58 -> 0.25476735
A58: Total | B58: =SUM(B55:B57) -> 2622 | C58: =SUM(C55:C57) -> 1
A60: Public Service Commission, Place No. 2 | B60: Votes | C60: Percentage
A61: Priscilla Andrews | B61: 403 | C61: =B61/B65 -> 0.15259371
A62: Chris Beeker | B62: 639 | C62: =B62/B65 -> 0.24195381
A63: Brent Woodall | B63: 564 | C63: =B63/B65 -> 0.21355547
A64: Jim Zig Zeigler | B64: 1035 | C64: =B64/B65 -> 0.39189701
A65: Total | B65: =SUM(B61:B64) -> 2641 | C65: =SUM(C61:C64) -> 1
A67: U.S. Representative, 3rd Congressional District | B67: Votes | C67: Percentage
A68: Terri LaPoint | B68: 482 | C68: =B68/B70 -> 0.15345431
A69: Mike Rogers | B69: 2659 | C69: =B69/B70 -> 0.84654569
A70: Total | B70: =SUM(B67:B69) -> 3141 | C70: =SUM(C67:C69) -> 1
A72: State Senator, District No. 13 | B72: Votes | C72: Percentage
A73: Gerald Dial | B73: 1230 | C73: =B73/B75 -> 0.39209436
A74: Randy Price | B74: 1907 | C74: =B74/B75 -> 0.60790564
A75: Total | B75: =SUM(B72:B74) -> 3137 | C75: =SUM(C72:C74) -> 1
A77: State Representative, District No. 40 | B77: Votes | C77: Percentage
A78: Kaycee Cavender | B78: 699 | C78: =B78/B82 -> 0.21323978
A79: Bill Lester | B79: 49 | C79: =B79/B82 -> 0.014948139
A80: Bill McAdams | B80: 252 | C80: =B80/B82 -> 0.076876144
A81: Chad Robertson | B81: 2278 | C81: =B81/B82 -> 0.69493594
A82: Total | B82: =SUM(B78:B81) -> 3278 | C82: =SUM(C78:C81) -> 1
A84: Member, Cleburne County Commission, District No. 3 | B84: Votes | C84: Percentage
A85: Ron Hendrix | B85: 249 | C85: =B85/B88 -> 0.26349206
A86: Justin Johnson | B86: 118 | C86: =B86/B88 -> 0.12486772
A87: Mike Pollard | B87: 578 | C87: =B87/B88 -> 0.61164021
A88: Total | B88: =SUM(B85:B87) -> 945 | C88: =SUM(C85:C87) -> 1
A90: Cleburne County Sheriff | B90: Votes | C90: Percentage
A91: Jon Daniel | B91: 2376 | C91: =B91/B93 -> 0.71652593
A92: Patrick Nolen | B92: 940 | C92: =B92/B93 -> 0.28347407
A93: Total | B93: =SUM(B90:B92) -> 3316 | C93: =SUM(C90:C92) -> 1
A95: Member, Cleburne County Board of Education, At Large | B95: Votes | C95: Percentage
A96: Misty Cobb | B96: 2596 | C96: =B96/B98 -> 0.81099656
A97: Alexis McMahan Simmons | B97: 605 | C97: =B97/B98 -> 0.18900344
A98: Total | B98: =SUM(B95:B97) -> 3201 | C98: =SUM(C95:C97) -> 1

Sheet Coffee
A1: Govenor | B1: Votes | C1: Percentage
A2: Ken McFeeters | B2: 500 | C2: =B2/B5 -> 0.075426158
A3: "Alabama" Will Santivasci | B3: 278 | C3: =B3/B5 -> 0.041936944
A4: Thomas Tuberville | B4: 5851 | C4: =B4/B5 -> 0.8826369
A5: Total | B5: =SUM(B2:B4) -> 6629 | C5: =SUM(C2:C4) -> 1
A7: Lt. Govenor | B7: Votes | C7: Percentage
A8: Wes Allen | B8: 2684 | C8: =B8/B15 -> 0.41885144
A9: Pat Bishop | B9: 166 | C9: =B9/B15 -> 0.025905119
A10: George Childress | B10: 125 | C10: =B10/B15 -> 0.019506866
A11: Rick Pate | B11: 358 | C11: =B11/B15 -> 0.055867665
A12: Stewart Hill Tankersley | B12: 211 | C12: =B12/B15 -> 0.032927591
A13: Nicole Jones Wadsworth | B13: 280 | C13: =B13/B15 -> 0.043695381
A14: John Wahl | B14: 2584 | C14: =B14/B15 -> 0.40324594
A15: Total | B15: =SUM(B8:B14) -> 6408 | C15: =SUM(C8:C14) -> 1
A17: Senator | B17: Votes | C17: Percentage
A18: Seth Burton | B18: 134 | C18: =B18/B25 -> 0.019961269
A19: Dale Shelton Deas Jr. | B19: 61 | C19: =B19/B25 -> 0.0090868464
A20: Jared Hudson | B20: 769 | C20: =B20/B25 -> 0.11455385
A21: Steve Marshall | B21: 543 | C21: =B21/B25 -> 0.08088783
A22: Barry Moore | B22: 5046 | C22: =B22/B25 -> 0.75167585
A23: Morgan Murphy | B23: 38 | C23: =B23/B25 -> 0.0056606584
A24: Rodney Walker | B24: 122 | C24: =B24/B25 -> 0.018173693
A25: Total | B25: =SUM(B18:B24) -> 6713 | C25: =SUM(C18:C24) -> 1
A27: Attorney General | B27: Votes | C27: Percentage
A28: Pamela L. Casey | B28: 2000 | C28: =B28/B31 -> 0.31994881
A29: Jay Mitchell | B29: 2348 | C29: =B29/B31 -> 0.3756199
A30: Katherine Robertson | B30: 1903 | C30: =B30/B31 -> 0.30443129
A31: Total | B31: =SUM(B28:B30) -> 6251 | C31: =SUM(C28:C30) -> 1
A33: Secretary of State | B33: Votes | C33: Percentage
A34: Caroleene Dobson | B34: 3335 | C34: =B34/B37 -> 0.57869165
A35: Christopher Christian Horn | B35: 1610 | C35: =B35/B37 -> 0.27936838
A36: Glenda S. Jackson | B36: 818 | C36: =B36/B37 -> 0.14193996
A37: Total | B37: =SUM(B34:B36) -> 5763 | C37: =SUM(C34:C36) -> 1
A39: Treasurer | B39: Votes | C39: Percentage
A40: Young Boozer | B40: 4050 | C40: =B40/B42 -> 0.66557108
A41: Steve Lolley | B41: 2035 | C41: =B41/B42 -> 0.33442892
A42: Total | B42: =SUM(B39:B41) -> 6085 | C42: =SUM(C39:C41) -> 1
A44: Auditor | B44: Votes | C44: Percentage
A45: Derek Chen | B45: 1542 | C45: =B45/B47 -> 0.26012146
A46: Andrew Sorrell | B46: 4386 | C46: =B46/B47 -> 0.73987854
A47: Total | B47: =SUM(B44:B46) -> 5928 | C47: =SUM(C44:C46) -> 1
A49: Commissioner of Agriculture & Industries | B49: Votes | C49: Percentage
A50: Cory Hill | B50: 2259 | C50: =B50/B53 -> 0.3819104
A51: Christina Woerner McInnis | B51: 1901 | C51: =B51/B53 -> 0.32138631
A52: Jack Williams | B52: 1755 | C52: =B52/B53 -> 0.2967033
A53: Total | B53: =SUM(B50:B52) -> 5915 | C53: =SUM(C50:C52) -> 1
A55: Public Service Commission, Place No. 1 | B55: Votes | C55: Percentage
A56: Matt Gentry | B56: 4350 | C56: =B56/B58 -> 0.76665492
A57: Jeremy H. Oden | B57: 1324 | C57: =B57/B58 -> 0.23334508
A58: Total | B58: =SUM(B55:B57) -> 5674 | C58: =SUM(C55:C57) -> 1
A60: Public Service Commission, Place No. 2 | B60: Votes | C60: Percentage
A61: Priscilla Andrews | B61: 711 | C61: =B61/B65 -> 0.12048805
A62: Chris Beeker | B62: 1000 | C62: =B62/B65 -> 0.1694628
A63: Brent Woodall | B63: 1356 | C63: =B63/B65 -> 0.22979156
A64: Jim Zig Zeigler | B64: 2834 | C64: =B64/B65 -> 0.48025758
A65: Total | B65: =SUM(B61:B64) -> 5901 | C65: =SUM(C61:C64) -> 1
A67: U.S. Representative, 1st Congressional District | B67: Votes | C67: Percentage
A68: Jerry Carl | B68: 501 | C68: =B68/B75 -> 0.078379224
A69: James (Jimmy) Dees | B69: 202 | C69: =B69/B75 -> 0.031602003
A70: Rhett Marques | B70: 4130 | C70: =B70/B75 -> 0.64612015
A71: Joshua McKee | B71: 995 | C71: =B71/B75 -> 0.15566333
A72: John Mills | B72: 237 | C72: =B72/B75 -> 0.037077597
A73: James Richardson | B73: 140 | C73: =B73/B75 -> 0.021902378
A74: Austin Sidwell | B74: 187 | C74: =B74/B75 -> 0.029255319
A75: Total | B75: =SUM(B68:B74) -> 6392 | C75: =SUM(C68:C74) -> 1
A77: State Representative, District No. 91 | B77: Votes | C77: Percentage
A78: Jody Linton | B78: 3265 | C78: =B78/B80 -> 0.62143129
A79: Rod Morgan | B79: 1989 | C79: =B79/B80 -> 0.37856871
A80: Total | B80: =SUM(B77:B79) -> 5254 | C80: =SUM(C77:C79) -> 1
A82: Coffee County Sheriff | B82: Votes | C82: Percentage
A83: Jason Burch | B83: 1073 | C83: =B83/B85 -> 0.1623298
A84: Scott Byrd | B84: 5537 | C84: =B84/B85 -> 0.8376702
A85: Total | B85: =SUM(B82:B84) -> 6610 | C85: =SUM(C82:C84) -> 1

Sheet Colbert
A1: Govenor | B1: Votes | C1: Percentage
A2: Ken McFeeters | B2: 441 | C2: =B2/B5 -> 0.089579525
A3: "Alabama" Will Santivasci | B3: 226 | C3: =B3/B5 -> 0.045906967
A4: Thomas Tuberville | B4: 4256 | C4: =B4/B5 -> 0.86451351
A5: Total | B5: =SUM(B2:B4) -> 4923 | C5: =SUM(C2:C4) -> 1
A7: Lt. Govenor | B7: Votes | C7: Percentage
A8: Wes Allen | B8: 1704 | C8: =B8/B15 -> 0.35141266
A9: Pat Bishop | B9: 110 | C9: =B9/B15 -> 0.02268509
A10: George Childress | B10: 49 | C10: =B10/B15 -> 0.010105176
A11: Rick Pate | B11: 236 | C11: =B11/B15 -> 0.048669829
A12: Stewart Hill Tankersley | B12: 86 | C12: =B12/B15 -> 0.017735616
A13: Nicole Jones Wadsworth | B13: 222 | C13: =B13/B15 -> 0.045782636
A14: John Wahl | B14: 2442 | C14: =B14/B15 -> 0.50360899
A15: Total | B15: =SUM(B8:B14) -> 4849 | C15: =SUM(C8:C14) -> 1
A17: Senator | B17: Votes | C17: Percentage
A18: Seth Burton | B18: 129 | C18: =B18/B25 -> 0.026774595
A19: Dale Shelton Deas Jr. | B19: 64 | C19: =B19/B25 -> 0.01328352
A20: Jared Hudson | B20: 1172 | C20: =B20/B25 -> 0.24325446
A21: Steve Marshall | B21: 1099 | C21: =B21/B25 -> 0.22810295
A22: Barry Moore | B22: 2065 | C22: =B22/B25 -> 0.42860108
A23: Morgan Murphy | B23: 67 | C23: =B23/B25 -> 0.013906185
A24: Rodney Walker | B24: 222 | C24: =B24/B25 -> 0.04607721
A25: Total | B25: =SUM(B18:B24) -> 4818 | C25: =SUM(C18:C24) -> 1
A27: Attorney General | B27: Votes | C27: Percentage
A28: Pamela L. Casey | B28: 1062 | C28: =B28/B31 -> 0.22779923
A29: Jay Mitchell | B29: 1894 | C29: =B29/B31 -> 0.40626341
A30: Katherine Robertson | B30: 1706 | C30: =B30/B31 -> 0.36593737
A31: Total | B31: =SUM(B28:B30) -> 4662 | C31: =SUM(C28:C30) -> 1
A33: Secretary of State | B33: Votes | C33: Percentage
A34: Caroleene Dobson | B34: 2973 | C34: =B34/B37 -> 0.66884139
A35: Christopher Christian Horn | B35: 1009 | C35: =B35/B37 -> 0.22699663
A36: Glenda S. Jackson | B36: 463 | C36: =B36/B37 -> 0.10416198
A37: Total | B37: =SUM(B34:B36) -> 4445 | C37: =SUM(C34:C36) -> 1
A39: Treasurer | B39: Votes | C39: Percentage
A40: Young Boozer | B40: 2716 | C40: =B40/B42 -> 0.59982332
A41: Steve Lolley | B41: 1812 | C41: =B41/B42 -> 0.40017668
A42: Total | B42: =SUM(B39:B41) -> 4528 | C42: =SUM(C39:C41) -> 1
A44: Auditor | B44: Votes | C44: Percentage
A45: Derek Chen | B45: 998 | C45: =B45/B47 -> 0.20835073
A46: Andrew Sorrell | B46: 3792 | C46: =B46/B47 -> 0.79164927
A47: Total | B47: =SUM(B44:B46) -> 4790 | C47: =SUM(C44:C46) -> 1
A49: Commissioner of Agriculture & Industries | B49: Votes | C49: Percentage
A50: Cory Hill | B50: 1691 | C50: =B50/B53 -> 0.37889312
A51: Christina Woerner McInnis | B51: 1381 | C51: =B51/B53 -> 0.30943312
A52: Jack Williams | B52: 1391 | C52: =B52/B53 -> 0.31167376
A53: Total | B53: =SUM(B50:B52) -> 4463 | C53: =SUM(C50:C52) -> 1
A55: Public Service Commission, Place No. 1 | B55: Votes | C55: Percentage
A56: Matt Gentry | B56: 3051 | C56: =B56/B58 -> 0.71118881
A57: Jeremy H. Oden | B57: 1239 | C57: =B57/B58 -> 0.28881119
A58: Total | B58: =SUM(B55:B57) -> 4290 | C58: =SUM(C55:C57) -> 1
A60: Public Service Commission, Place No. 2 | B60: Votes | C60: Percentage
A61: Priscilla Andrews | B61: 509 | C61: =B61/B65 -> 0.11394672
A62: Chris Beeker | B62: 841 | C62: =B62/B65 -> 0.18826953
A63: Brent Woodall | B63: 1319 | C63: =B63/B65 -> 0.29527647
A64: Jim Zig Zeigler | B64: 1798 | C64: =B64/B65 -> 0.40250728
A65: Total | B65: =SUM(B61:B64) -> 4467 | C65: =SUM(C61:C64) -> 1
A67: U.S. Representative, 4th Congressional District | B67: Votes | C67: Percentage
A68: Robert B. Aderholt | B68: 3082 | C68: =B68/B70 -> 0.62439222
A69: Tommy Barnes | B69: 1854 | C69: =B69/B70 -> 0.37560778
A70: Total | B70: =SUM(B67:B69) -> 4936 | C70: =SUM(C67:C69) -> 1

Sheet Conecuh
A1: Govenor | B1: Votes | C1: Percentage
A2: Ken McFeeters | B2: 83 | C2: =B2/B5 -> 0.052832591
A3: "Alabama" Will Santivasci | B3: 60 | C3: =B3/B5 -> 0.038192234
A4: Thomas Tuberville | B4: 1428 | C4: =B4/B5 -> 0.90897518
A5: Total | B5: =SUM(B2:B4) -> 1571 | C5: =SUM(C2:C4) -> 1
A7: Lt. Govenor | B7: Votes | C7: Percentage
A8: Wes Allen | B8: 515 | C8: =B8/B15 -> 0.35105658
A9: Pat Bishop | B9: 78 | C9: =B9/B15 -> 0.053169734
A10: George Childress | B10: 38 | C10: =B10/B15 -> 0.025903204
A11: Rick Pate | B11: 153 | C11: =B11/B15 -> 0.10429448
A12: Stewart Hill Tankersley | B12: 19 | C12: =B12/B15 -> 0.012951602
A13: Nicole Jones Wadsworth | B13: 55 | C13: =B13/B15 -> 0.037491479
A14: John Wahl | B14: 609 | C14: =B14/B15 -> 0.41513292
A15: Total | B15: =SUM(B8:B14) -> 1467 | C15: =SUM(C8:C14) -> 1
A17: Senator | B17: Votes | C17: Percentage
A18: Seth Burton | B18: 53 | C18: =B18/B25 -> 0.036054422
A19: Dale Shelton Deas Jr. | B19: 33 | C19: =B19/B25 -> 0.02244898
A20: Jared Hudson | B20: 249 | C20: =B20/B25 -> 0.16938776
A21: Steve Marshall | B21: 345 | C21: =B21/B25 -> 0.23469388
A22: Barry Moore | B22: 654 | C22: =B22/B25 -> 0.44489796
A23: Morgan Murphy | B23: 22 | C23: =B23/B25 -> 0.014965986
A24: Rodney Walker | B24: 114 | C24: =B24/B25 -> 0.07755102
A25: Total | B25: =SUM(B18:B24) -> 1470 | C25: =SUM(C18:C24) -> 1
A27: Attorney General | B27: Votes | C27: Percentage
A28: Pamela L. Casey | B28: 496 | C28: =B28/B31 -> 0.34929577
A29: Jay Mitchell | B29: 362 | C29: =B29/B31 -> 0.25492958
A30: Katherine Robertson | B30: 562 | C30: =B30/B31 -> 0.39577465
A31: Total | B31: =SUM(B28:B30) -> 1420 | C31: =SUM(C28:C30) -> 1
A33: Secretary of State | B33: Votes | C33: Percentage
A34: Caroleene Dobson | B34: 1217 | C34: =B34/B37 -> 0.83470508
A35: Christopher Christian Horn | B35: 163 | C35: =B35/B37 -> 0.11179698
A36: Glenda S. Jackson | B36: 78 | C36: =B36/B37 -> 0.053497942
A37: Total | B37: =SUM(B34:B36) -> 1458 | C37: =SUM(C34:C36) -> 1
A39: Treasurer | B39: Votes | C39: Percentage
A40: Young Boozer | B40: 967 | C40: =B40/B42 -> 0.69318996
A41: Steve Lolley | B41: 428 | C41: =B41/B42 -> 0.30681004
A42: Total | B42: =SUM(B39:B41) -> 1395 | C42: =SUM(C39:C41) -> 1
A44: Auditor | B44: Votes | C44: Percentage
A45: Derek Chen | B45: 564 | C45: =B45/B47 -> 0.41777778
A46: Andrew Sorrell | B46: 786 | C46: =B46/B47 -> 0.58222222
A47: Total | B47: =SUM(B44:B46) -> 1350 | C47: =SUM(C44:C46) -> 1
A49: Commissioner of Agriculture & Industries | B49: Votes | C49: Percentage
A50: Cory Hill | B50: 518 | C50: =B50/B53 -> 0.3778264
A51: Christina Woerner McInnis | B51: 469 | C51: =B51/B53 -> 0.34208607
A52: Jack Williams | B52: 384 | C52: =B52/B53 -> 0.28008753
A53: Total | B53: =SUM(B50:B52) -> 1371 | C53: =SUM(C50:C52) -> 1
A55: Public Service Commission, Place No. 1 | B55: Votes | C55: Percentage
A56: Matt Gentry | B56: 989 | C56: =B56/B58 -> 0.78243671
A57: Jeremy H. Oden | B57: 275 | C57: =B57/B58 -> 0.21756329
A58: Total | B58: =SUM(B55:B57) -> 1264 | C58: =SUM(C55:C57) -> 1
A60: Public Service Commission, Place No. 2 | B60: Votes | C60: Percentage
A61: Priscilla Andrews | B61: 156 | C61: =B61/B65 -> 0.1194487
A62: Chris Beeker | B62: 257 | C62: =B62/B65 -> 0.19678407
A63: Brent Woodall | B63: 226 | C63: =B63/B65 -> 0.17304747
A64: Jim Zig Zeigler | B64: 667 | C64: =B64/B65 -> 0.51071975
A65: Total | B65: =SUM(B61:B64) -> 1306 | C65: =SUM(C61:C64) -> 1
A67: Conecuh County Sheriff | B67: Votes | C67: Percentage
A68: Maxwell (Mike) Blackmon | B68: 619 | C68: =B68/B70 -> 0.38808777
A69: Randal Cleveland Brown | B69: 976 | C69: =B69/B70 -> 0.61191223
A70: Total | B70: =SUM(B67:B69) -> 1595 | C70: =SUM(C67:C69) -> 1

Sheet Coosa
A1: Govenor | B1: Votes | C1: Percentage
A2: Ken McFeeters | B2: 75 | C2: =B2/B5 -> 0.049668874
A3: "Alabama" Will Santivasci | B3: 54 | C3: =B3/B5 -> 0.035761589
A4: Thomas Tuberville | B4: 1381 | C4: =B4/B5 -> 0.91456954
A5: Total | B5: =SUM(B2:B4) -> 1510 | C5: =SUM(C2:C4) -> 1
A7: Lt. Govenor | B7: Votes | C7: Percentage
A8: Wes Allen | B8: 515 | C8: =B8/B15 -> 0.35249829
A9: Pat Bishop | B9: 75 | C9: =B9/B15 -> 0.051334702
A10: George Childress | B10: 28 | C10: =B10/B15 -> 0.019164956
A11: Rick Pate | B11: 117 | C11: =B11/B15 -> 0.080082136
A12: Stewart Hill Tankersley | B12: 44 | C12: =B12/B15 -> 0.030116359
A13: Nicole Jones Wadsworth | B13: 71 | C13: =B13/B15 -> 0.048596851
A14: John Wahl | B14: 611 | C14: =B14/B15 -> 0.41820671
A15: Total | B15: =SUM(B8:B14) -> 1461 | C15: =SUM(C8:C14) -> 1
A17: Senator | B17: Votes | C17: Percentage
A18: Seth Burton | B18: 57 | C18: =B18/B25 -> 0.038306452
A19: Dale Shelton Deas Jr. | B19: 13 | C19: =B19/B25 -> 0.0087365591
A20: Jared Hudson | B20: 387 | C20: =B20/B25 -> 0.26008065
A21: Steve Marshall | B21: 386 | C21: =B21/B25 -> 0.2594086
A22: Barry Moore | B22: 528 | C22: =B22/B25 -> 0.35483871
A23: Morgan Murphy | B23: 13 | C23: =B23/B25 -> 0.0087365591
A24: Rodney Walker | B24: 104 | C24: =B24/B25 -> 0.069892473
A25: Total | B25: =SUM(B18:B24) -> 1488 | C25: =SUM(C18:C24) -> 1
A27: Attorney General | B27: Votes | C27: Percentage
A28: Pamela L. Casey | B28: 417 | C28: =B28/B31 -> 0.28699243
A29: Jay Mitchell | B29: 523 | C29: =B29/B31 -> 0.35994494
A30: Katherine Robertson | B30: 513 | C30: =B30/B31 -> 0.35306263
A31: Total | B31: =SUM(B28:B30) -> 1453 | C31: =SUM(C28:C30) -> 1
A33: Secretary of State | B33: Votes | C33: Percentage
A34: Caroleene Dobson | B34: 920 | C34: =B34/B37 -> 0.66957787
A35: Christopher Christian Horn | B35: 288 | C35: =B35/B37 -> 0.20960699
A36: Glenda S. Jackson | B36: 166 | C36: =B36/B37 -> 0.12081514
A37: Total | B37: =SUM(B34:B36) -> 1374 | C37: =SUM(C34:C36) -> 1
A39: Treasurer | B39: Votes | C39: Percentage
A40: Young Boozer | B40: 993 | C40: =B40/B42 -> 0.7037562
A41: Steve Lolley | B41: 418 | C41: =B41/B42 -> 0.2962438
A42: Total | B42: =SUM(B39:B41) -> 1411 | C42: =SUM(C39:C41) -> 1
A44: Auditor | B44: Votes | C44: Percentage
A45: Derek Chen | B45: 439 | C45: =B45/B47 -> 0.31178977
A46: Andrew Sorrell | B46: 969 | C46: =B46/B47 -> 0.68821023
A47: Total | B47: =SUM(B44:B46) -> 1408 | C47: =SUM(C44:C46) -> 1
A49: Commissioner of Agriculture & Industries | B49: Votes | C49: Percentage
A50: Cory Hill | B50: 464 | C50: =B50/B53 -> 0.33333333
A51: Christina Woerner McInnis | B51: 402 | C51: =B51/B53 -> 0.2887931
A52: Jack Williams | B52: 526 | C52: =B52/B53 -> 0.37787356
A53: Total | B53: =SUM(B50:B52) -> 1392 | C53: =SUM(C50:C52) -> 1
A55: Public Service Commission, Place No. 1 | B55: Votes | C55: Percentage
A56: Matt Gentry | B56: 1081 | C56: =B56/B58 -> 0.78561047
A57: Jeremy H. Oden | B57: 295 | C57: =B57/B58 -> 0.21438953
A58: Total | B58: =SUM(B55:B57) -> 1376 | C58: =SUM(C55:C57) -> 1
A60: Public Service Commission, Place No. 2 | B60: Votes | C60: Percentage
A61: Priscilla Andrews | B61: 130 | C61: =B61/B65 -> 0.092592593
A62: Chris Beeker | B62: 397 | C62: =B62/B65 -> 0.28276353
A63: Brent Woodall | B63: 138 | C63: =B63/B65 -> 0.098290598
A64: Jim Zig Zeigler | B64: 739 | C64: =B64/B65 -> 0.52635328
A65: Total | B65: =SUM(B61:B64) -> 1404 | C65: =SUM(C61:C64) -> 1
A67: U.S. Representative, 6th Congressional District | B67: Votes | C67: Percentage
A68: Case Dixon | B68: 292 | C68: =B68/B70 -> 0.20462509
A69: Gary Palmer | B69: 1135 | C69: =B69/B70 -> 0.79537491
A70: Total | B70: =SUM(B67:B69) -> 1427 | C70: =SUM(C67:C69) -> 1
A72: Member, Coosa County Commission, District No. 4 | B72: Votes | C72: Percentage
A73: Matthew Reams | B73: 373 | C73: =B73/B75 -> 0.74302789
A74: Johnnie Schmidt | B74: 129 | C74: =B74/B75 -> 0.25697211
A75: Total | B75: =SUM(B72:B74) -> 502 | C75: =SUM(C72:C74) -> 1
A77: Member, Coosa County Commission, District No. 5 | B77: Votes | C77: Percentage
A78: Dillon Adams | B78: 339 | C78: =B78/B80 -> 0.62894249
A79: Lamar Daugherty | B79: 200 | C79: =B79/B80 -> 0.37105751
A80: Total | B80: =SUM(B77:B79) -> 539 | C80: =SUM(C77:C79) -> 1
A82: Member, Coosa County Board of Education, District No. 4 | B82: Votes | C82: Percentage
A83: Sharon Coffman | B83: 244 | C83: =B83/B85 -> 0.53159041
A84: Kimberly D. Crowe | B84: 215 | C84: =B84/B85 -> 0.46840959
A85: Total | B85: =SUM(B82:B84) -> 459 | C85: =SUM(C82:C84) -> 1

Sheet Covington
A1: Govenor | B1: Votes | C1: Percentage
A2: Ken McFeeters | B2: 441 | C2: =B2/B5 -> 0.076165803
A3: "Alabama" Will Santivasci | B3: 245 | C3: =B3/B5 -> 0.042314335
A4: Thomas Tuberville | B4: 5104 | C4: =B4/B5 -> 0.88151986
A5: Total | B5: =SUM(B2:B4) -> 5790 | C5: =SUM(C2:C4) -> 1
A7: Lt. Govenor | B7: Votes | C7: Percentage
A8: Wes Allen | B8: 2764 | C8: =B8/B15 -> 0.51062258
A9: Pat Bishop | B9: 144 | C9: =B9/B15 -> 0.026602623
A10: George Childress | B10: 101 | C10: =B10/B15 -> 0.018658784
A11: Rick Pate | B11: 353 | C11: =B11/B15 -> 0.065213375
A12: Stewart Hill Tankersley | B12: 87 | C12: =B12/B15 -> 0.016072418
A13: Nicole Jones Wadsworth | B13: 222 | C13: =B13/B15 -> 0.041012378
A14: John Wahl | B14: 1742 | C14: =B14/B15 -> 0.32181785
A15: Total | B15: =SUM(B8:B14) -> 5413 | C15: =SUM(C8:C14) -> 1
A17: Senator | B17: Votes | C17: Percentage
A18: Seth Burton | B18: 94 | C18: =B18/B25 -> 0.016625398
A19: Dale Shelton Deas Jr. | B19: 42 | C19: =B19/B25 -> 0.0074283693
A20: Jared Hudson | B20: 918 | C20: =B20/B25 -> 0.16236293
A21: Steve Marshall | B21: 705 | C21: =B21/B25 -> 0.12469048
A22: Barry Moore | B22: 3407 | C22: =B22/B25 -> 0.60258224
A23: Morgan Murphy | B23: 53 | C23: =B23/B25 -> 0.0093738946
A24: Rodney Walker | B24: 435 | C24: =B24/B25 -> 0.076936682
A25: Total | B25: =SUM(B18:B24) -> 5654 | C25: =SUM(C18:C24) -> 1
A27: Attorney General | B27: Votes | C27: Percentage
A28: Pamela L. Casey | B28: 2276 | C28: =B28/B31 -> 0.41953917
A29: Jay Mitchell | B29: 1410 | C29: =B29/B31 -> 0.25990783
A30: Katherine Robertson | B30: 1739 | C30: =B30/B31 -> 0.320553
A31: Total | B31: =SUM(B28:B30) -> 5425 | C31: =SUM(C28:C30) -> 1
A33: Secretary of State | B33: Votes | C33: Percentage
A34: Caroleene Dobson | B34: 3344 | C34: =B34/B37 -> 0.67541911
A35: Christopher Christian Horn | B35: 962 | C35: =B35/B37 -> 0.19430418
A36: Glenda S. Jackson | B36: 645 | C36: =B36/B37 -> 0.13027671
A37: Total | B37: =SUM(B34:B36) -> 4951 | C37: =SUM(C34:C36) -> 1
A39: Treasurer | B39: Votes | C39: Percentage
A40: Young Boozer | B40: 3596 | C40: =B40/B42 -> 0.69961089
A41: Steve Lolley | B41: 1544 | C41: =B41/B42 -> 0.30038911
A42: Total | B42: =SUM(B39:B41) -> 5140 | C42: =SUM(C39:C41) -> 1
A44: Auditor | B44: Votes | C44: Percentage
A45: Derek Chen | B45: 1704 | C45: =B45/B47 -> 0.34209998
A46: Andrew Sorrell | B46: 3277 | C46: =B46/B47 -> 0.65790002
A47: Total | B47: =SUM(B44:B46) -> 4981 | C47: =SUM(C44:C46) -> 1
A49: Commissioner of Agriculture & Industries | B49: Votes | C49: Percentage
A50: Cory Hill | B50: 1869 | C50: =B50/B53 -> 0.38228677
A51: Christina Woerner McInnis | B51: 1578 | C51: =B51/B53 -> 0.32276539
A52: Jack Williams | B52: 1442 | C52: =B52/B53 -> 0.29494784
A53: Total | B53: =SUM(B50:B52) -> 4889 | C53: =SUM(C50:C52) -> 1
A55: Public Service Commission, Place No. 1 | B55: Votes | C55: Percentage
A56: Matt Gentry | B56: 3441 | C56: =B56/B58 -> 0.73072839
A57: Jeremy H. Oden | B57: 1268 | C57: =B57/B58 -> 0.26927161
A58: Total | B58: =SUM(B55:B57) -> 4709 | C58: =SUM(C55:C57) -> 1
A60: Public Service Commission, Place No. 2 | B60: Votes | C60: Percentage
A61: Priscilla Andrews | B61: 574 | C61: =B61/B65 -> 0.11624139
A62: Chris Beeker | B62: 1036 | C62: =B62/B65 -> 0.20980154
A63: Brent Woodall | B63: 849 | C63: =B63/B65 -> 0.17193196
A64: Jim Zig Zeigler | B64: 2479 | C64: =B64/B65 -> 0.50202511
A65: Total | B65: =SUM(B61:B64) -> 4938 | C65: =SUM(C61:C64) -> 1
A67: U.S. Representative, 1st Congressional District | B67: Votes | C67: Percentage
A68: Jerry Carl | B68: 1224 | C68: =B68/B75 -> 0.2556925
A69: James (Jimmy) Dees | B69: 410 | C69: =B69/B75 -> 0.085648632
A70: Rhett Marques | B70: 1252 | C70: =B70/B75 -> 0.26154168
A71: Joshua McKee | B71: 535 | C71: =B71/B75 -> 0.11176102
A72: John Mills | B72: 372 | C72: =B72/B75 -> 0.077710466
A73: James Richardson | B73: 304 | C73: =B73/B75 -> 0.063505327
A74: Austin Sidwell | B74: 690 | C74: =B74/B75 -> 0.14414038
A75: Total | B75: =SUM(B68:B74) -> 4787 | C75: =SUM(C68:C74) -> 1
A77: Covington County Sheriff | B77: Votes | C77: Percentage
A78: Mark Odom | B78: 2278 | C78: =B78/B81 -> 0.38642918
A79: Landon Thigpen | B79: 133 | C79: =B79/B81 -> 0.022561493
A80: David Blake Turman | B80: 3484 | C80: =B80/B81 -> 0.59100933
A81: Total | B81: =SUM(B78:B80) -> 5895 | C81: =SUM(C78:C80) -> 1
A83: Member, Covington County Board of Education, Place No. 5 | B83: Votes | C83: Percentage
A84: Micah J. Garner | B84: 2109 | C84: =B84/B88 -> 0.55137255
A85: Amanda Inabinett | B85: 565 | C85: =B85/B88 -> 0.14771242
A86: Jimmy Prestwood | B86: 699 | C86: =B86/B88 -> 0.1827451
A87: Evan Robbins | B87: 452 | C87: =B87/B88 -> 0.11816993
A88: Total | B88: =SUM(B84:B87) -> 3825 | C88: =SUM(C84:C87) -> 1

Sheet Crenshaw
A1: Govenor | B1: Votes | C1: Percentage
A2: Ken McFeeters | B2: 119 | C2: =B2/B5 -> 0.046666667
A3: "Alabama" Will Santivasci | B3: 105 | C3: =B3/B5 -> 0.041176471
A4: Thomas Tuberville | B4: 2326 | C4: =B4/B5 -> 0.91215686
A5: Total | B5: =SUM(B2:B4) -> 2550 | C5: =SUM(C2:C4) -> 1
A7: Lt. Govenor | B7: Votes | C7: Percentage
A8: Wes Allen | B8: 1439 | C8: =B8/B15 -> 0.58472166
A9: Pat Bishop | B9: 53 | C9: =B9/B15 -> 0.021535961
A10: George Childress | B10: 31 | C10: =B10/B15 -> 0.012596505
A11: Rick Pate | B11: 245 | C11: =B11/B15 -> 0.099553027
A12: Stewart Hill Tankersley | B12: 61 | C12: =B12/B15 -> 0.024786672
A13: Nicole Jones Wadsworth | B13: 70 | C13: =B13/B15 -> 0.028443722
A14: John Wahl | B14: 562 | C14: =B14/B15 -> 0.22836245
A15: Total | B15: =SUM(B8:B14) -> 2461 | C15: =SUM(C8:C14) -> 1
A17: Senator | B17: Votes | C17: Percentage
A18: Seth Burton | B18: 34 | C18: =B18/B25 -> 0.013654618
A19: Dale Shelton Deas Jr. | B19: 17 | C19: =B19/B25 -> 0.0068273092
A20: Jared Hudson | B20: 318 | C20: =B20/B25 -> 0.12771084
A21: Steve Marshall | B21: 587 | C21: =B21/B25 -> 0.23574297
A22: Barry Moore | B22: 1431 | C22: =B22/B25 -> 0.5746988
A23: Morgan Murphy | B23: 18 | C23: =B23/B25 -> 0.0072289157
A24: Rodney Walker | B24: 85 | C24: =B24/B25 -> 0.034136546
A25: Total | B25: =SUM(B18:B24) -> 2490 | C25: =SUM(C18:C24) -> 1
A27: Attorney General | B27: Votes | C27: Percentage
A28: Pamela L. Casey | B28: 524 | C28: =B28/B31 -> 0.21679768
A29: Jay Mitchell | B29: 879 | C29: =B29/B31 -> 0.36367398
A30: Katherine Robertson | B30: 1014 | C30: =B30/B31 -> 0.41952834
A31: Total | B31: =SUM(B28:B30) -> 2417 | C31: =SUM(C28:C30) -> 1
A33: Secretary of State | B33: Votes | C33: Percentage
A34: Caroleene Dobson | B34: 1892 | C34: =B34/B37 -> 0.80958494
A35: Christopher Christian Horn | B35: 299 | C35: =B35/B37 -> 0.12794181
A36: Glenda S. Jackson | B36: 146 | C36: =B36/B37 -> 0.062473256
A37: Total | B37: =SUM(B34:B36) -> 2337 | C37: =SUM(C34:C36) -> 1
A39: Treasurer | B39: Votes | C39: Percentage
A40: Young Boozer | B40: 1794 | C40: =B40/B42 -> 0.76405451
A41: Steve Lolley | B41: 554 | C41: =B41/B42 -> 0.23594549
A42: Total | B42: =SUM(B39:B41) -> 2348 | C42: =SUM(C39:C41) -> 1
A44: Auditor | B44: Votes | C44: Percentage
A45: Derek Chen | B45: 811 | C45: =B45/B47 -> 0.35445804
A46: Andrew Sorrell | B46: 1477 | C46: =B46/B47 -> 0.64554196
A47: Total | B47: =SUM(B44:B46) -> 2288 | C47: =SUM(C44:C46) -> 1
A49: Commissioner of Agriculture & Industries | B49: Votes | C49: Percentage
A50: Cory Hill | B50: 992 | C50: =B50/B53 -> 0.43527863
A51: Christina Woerner McInnis | B51: 607 | C51: =B51/B53 -> 0.26634489
A52: Jack Williams | B52: 680 | C52: =B52/B53 -> 0.29837648
A53: Total | B53: =SUM(B50:B52) -> 2279 | C53: =SUM(C50:C52) -> 1
A55: Public Service Commission, Place No. 1 | B55: Votes | C55: Percentage
A56: Matt Gentry | B56: 1676 | C56: =B56/B58 -> 0.77022059
A57: Jeremy H. Oden | B57: 500 | C57: =B57/B58 -> 0.22977941
A58: Total | B58: =SUM(B55:B57) -> 2176 | C58: =SUM(C55:C57) -> 1
A60: Public Service Commission, Place No. 2 | B60: Votes | C60: Percentage
A61: Priscilla Andrews | B61: 271 | C61: =B61/B65 -> 0.1219622
A62: Chris Beeker | B62: 548 | C62: =B62/B65 -> 0.24662466
A63: Brent Woodall | B63: 324 | C63: =B63/B65 -> 0.14581458
A64: Jim Zig Zeigler | B64: 1079 | C64: =B64/B65 -> 0.48559856
A65: Total | B65: =SUM(B61:B64) -> 2222 | C65: =SUM(C61:C64) -> 1
A67: Member, Crenshaw County Commissionm, District No. 1 | B67: Votes | C67: Percentage
A68: Raymond McGough | B68: 280 | C68: =B68/B70 -> 0.39106145
A69: Ricky McElwain | B69: 436 | C69: =B69/B70 -> 0.60893855
A70: Total | B70: =SUM(B67:B69) -> 716 | C70: =SUM(C67:C69) -> 1
A72: Crenshaw County Sheriff | B72: Votes | C72: Percentage
A73: Terry Mears | B73: 1196 | C73: =B73/B75 -> 0.45736138
A74: Lee Simmons | B74: 1419 | C74: =B74/B75 -> 0.54263862
A75: Total | B75: =SUM(B72:B74) -> 2615 | C75: =SUM(C72:C74) -> 1

Sheet Cullman
A1: Govenor | B1: Votes | C1: Percentage
A2: Ken McFeeters | B2: 1170 | C2: =B2/B5 -> 0.07676158
A3: "Alabama" Will Santivasci | B3: 638 | C3: =B3/B5 -> 0.041858024
A4: Thomas Tuberville | B4: 13434 | C4: =B4/B5 -> 0.8813804
A5: Total | B5: =SUM(B2:B4) -> 15242 | C5: =SUM(C2:C4) -> 1
A7: Lt. Govenor | B7: Votes | C7: Percentage
A8: Wes Allen | B8: 5017 | C8: =B8/B15 -> 0.34561863
A9: Pat Bishop | B9: 1145 | C9: =B9/B15 -> 0.078878479
A10: George Childress | B10: 247 | C10: =B10/B15 -> 0.017015707
A11: Rick Pate | B11: 936 | C11: =B11/B15 -> 0.064480573
A12: Stewart Hill Tankersley | B12: 379 | C12: =B12/B15 -> 0.026109121
A13: Nicole Jones Wadsworth | B13: 952 | C13: =B13/B15 -> 0.065582805
A14: John Wahl | B14: 5840 | C14: =B14/B15 -> 0.40231469
A15: Total | B15: =SUM(B8:B14) -> 14516 | C15: =SUM(C8:C14) -> 1
A17: Senator | B17: Votes | C17: Percentage
A18: Seth Burton | B18: 275 | C18: =B18/B25 -> 0.018448947
A19: Dale Shelton Deas Jr. | B19: 251 | C19: =B19/B25 -> 0.016838857
A20: Jared Hudson | B20: 5665 | C20: =B20/B25 -> 0.3800483
A21: Steve Marshall | B21: 3751 | C21: =B21/B25 -> 0.25164363
A22: Barry Moore | B22: 3944 | C22: =B22/B25 -> 0.26459144
A23: Morgan Murphy | B23: 199 | C23: =B23/B25 -> 0.013350329
A24: Rodney Walker | B24: 821 | C24: =B24/B25 -> 0.055078492
A25: Total | B25: =SUM(B18:B24) -> 14906 | C25: =SUM(C18:C24) -> 1
A27: Attorney General | B27: Votes | C27: Percentage
A28: Pamela L. Casey | B28: 4279 | C28: =B28/B31 -> 0.29661722
A29: Jay Mitchell | B29: 4892 | C29: =B29/B31 -> 0.33910994
A30: Katherine Robertson | B30: 5255 | C30: =B30/B31 -> 0.36427284
A31: Total | B31: =SUM(B28:B30) -> 14426 | C31: =SUM(C28:C30) -> 1
A33: Secretary of State | B33: Votes | C33: Percentage
A34: Caroleene Dobson | B34: 8936 | C34: =B34/B37 -> 0.66330166
A35: Christopher Christian Horn | B35: 2983 | C35: =B35/B37 -> 0.22142221
A36: Glenda S. Jackson | B36: 1553 | C36: =B36/B37 -> 0.11527613
A37: Total | B37: =SUM(B34:B36) -> 13472 | C37: =SUM(C34:C36) -> 1
A39: Treasurer | B39: Votes | C39: Percentage
A40: Young Boozer | B40: 8705 | C40: =B40/B42 -> 0.64486258
A41: Steve Lolley | B41: 4794 | C41: =B41/B42 -> 0.35513742
A42: Total | B42: =SUM(B39:B41) -> 13499 | C42: =SUM(C39:C41) -> 1
A44: Auditor | B44: Votes | C44: Percentage
A45: Derek Chen | B45: 4073 | C45: =B45/B47 -> 0.30074577
A46: Andrew Sorrell | B46: 9470 | C46: =B46/B47 -> 0.69925423
A47: Total | B47: =SUM(B44:B46) -> 13543 | C47: =SUM(C44:C46) -> 1
A49: Commissioner of Agriculture & Industries | B49: Votes | C49: Percentage
A50: Cory Hill | B50: 5522 | C50: =B50/B53 -> 0.41255136
A51: Christina Woerner McInnis | B51: 3772 | C51: =B51/B53 -> 0.28180799
A52: Jack Williams | B52: 4091 | C52: =B52/B53 -> 0.30564064
A53: Total | B53: =SUM(B50:B52) -> 13385 | C53: =SUM(C50:C52) -> 1
A55: Public Service Commission, Place No. 1 | B55: Votes | C55: Percentage
A56: Matt Gentry | B56: 12201 | C56: =B56/B58 -> 0.78828014
A57: Jeremy H. Oden | B57: 3277 | C57: =B57/B58 -> 0.21171986
A58: Total | B58: =SUM(B55:B57) -> 15478 | C58: =SUM(C55:C57) -> 1
A60: Public Service Commission, Place No. 2 | B60: Votes | C60: Percentage
A61: Priscilla Andrews | B61: 1787 | C61: =B61/B65 -> 0.13509223
A62: Chris Beeker | B62: 3394 | C62: =B62/B65 -> 0.25657696
A63: Brent Woodall | B63: 2676 | C63: =B63/B65 -> 0.20229816
A64: Jim Zig Zeigler | B64: 5371 | C64: =B64/B65 -> 0.40603266
A65: Total | B65: =SUM(B61:B64) -> 13228 | C65: =SUM(C61:C64) -> 1
A67: U.S. Representative, 4th Congressional District | B67: Votes | C67: Percentage
A68: Robert B. Aderholt | B68: 11586 | C68: =B68/B70 -> 0.77550201
A69: Tommy Barnes | B69: 3354 | C69: =B69/B70 -> 0.22449799
A70: Total | B70: =SUM(B67:B69) -> 14940 | C70: =SUM(C67:C69) -> 1
A72: State Senator, District No. 4 | B72: Votes | C72: Percentage
A73: J.R. Bowling | B73: 6326 | C73: =B73/B75 -> 0.41384273
A74: Garlan Gudger | B74: 8960 | C74: =B74/B75 -> 0.58615727
A75: Total | B75: =SUM(B72:B74) -> 15286 | C75: =SUM(C72:C74) -> 1
A77: Member, State Board of Education, District No. 6 | B77: Votes | C77: Percentage
A78: Cathi Bradford | B78: 8375 | C78: =B78/B80 -> 0.64078041
A79: Marie Manning | B79: 4695 | C79: =B79/B80 -> 0.35921959
A80: Total | B80: =SUM(B77:B79) -> 13070 | C80: =SUM(C77:C79) -> 1
A82: Member, Cullman County Commission, District 1 | B82: Votes | C82: Percentage
A83: Reburn Miller | B83: 3621 | C83: =B83/B85 -> 0.26780564
A84: Kenneth Walker | B84: 9900 | C84: =B84/B85 -> 0.73219436
A85: Total | B85: =SUM(B82:B84) -> 13521 | C85: =SUM(C82:C84) -> 1
A87: Member, Cullman County Commission, District 2 | B87: Votes | C87: Percentage
A88: Richard Barnett | B88: 8063 | C88: =B88/B90 -> 0.59633163
A89: Josh Speakman | B89: 5458 | C89: =B89/B90 -> 0.40366837
A90: Total | B90: =SUM(B87:B89) -> 13521 | C90: =SUM(C87:C89) -> 1
A92: Cullman County Revenue Commissioner | B92: Votes | C92: Percentage
A93: Kenneth Cornelius | B93: 6661 | C93: =B93/B95 -> 0.46260157
A94: Mike Pitts | B94: 7738 | C94: =B94/B95 -> 0.53739843
A95: Total | B95: =SUM(B92:B94) -> 14399 | C95: =SUM(C92:C94) -> 1
A97: Cullman County Sheriff | B97: Votes | C97: Percentage
A98: Tim Creel | B98: 5132 | C98: =B98/B100 -> 0.33344162
A99: Chad Whaley | B99: 10259 | C99: =B99/B100 -> 0.66655838
A100: Total | B100: =SUM(B97:B99) -> 15391 | C100: =SUM(C97:C99) -> 1
A102: Member, Cullman County Board of Education, Hanceville/District No. 4 | B102: Votes | C102: Percentage
A103: Kenny Brockman | B103: 1055 | C103: =B103/B105 -> 0.53336704
A104: Stephen McRea | B104: 923 | C104: =B104/B105 -> 0.46663296
A105: Total | B105: =SUM(B102:B104) -> 1978 | C105: =SUM(C102:C104) -> 1
A107: State Republican Executive Committee, Cullman County, Place No. 2 | B107: Votes | C107: Percentage
A108: Cathi Bradford | B108: 7903 | C108: =B108/B110 -> 0.5958682
A109: Jamie Speakman | B109: 5360 | C109: =B109/B110 -> 0.4041318
A110: Total | B110: =SUM(B107:B109) -> 13263 | C110: =SUM(C107:C109) -> 1
A112: State Republican Executive Committee, Cullman County, Place No. 4 | B112: Votes | C112: Percentage
A113: J.R. Bowling | B113: 7541 | C113: =B113/B116 -> 0.56242542
A114: Chatty Freeman | B114: 2341 | C114: =B114/B116 -> 0.17459726
A115: Samuel "Sam" L. Roberts | B115: 3526 | C115: =B115/B116 -> 0.26297733
A116: Total | B116: =SUM(B113:B115) -> 13408 | C116: =SUM(C113:C115) -> 1
A118: Cullman County Republican Executive Committee, West Side | B118: Votes | C118: Percentage
A119: Chatty Freeman | B119: 4607 | C119: =B119/B123 -> 0.22992464
A120: Jacqueline B. Schendel | B120: 4248 | C120: =B120/B123 -> 0.21200779
...

Sheet Dale
A1: Govenor | B1: Votes | C1: Percentage
A2: Ken McFeeters | B2: 359 | C2: =B2/B5 -> 0.077470868
A3: "Alabama" Will Santivasci | B3: 222 | C3: =B3/B5 -> 0.047906776
A4: Thomas Tuberville | B4: 4053 | C4: =B4/B5 -> 0.87462236
A5: Total | B5: =SUM(B2:B4) -> 4634 | C5: =SUM(C2:C4) -> 1
A7: Lt. Govenor | B7: Votes | C7: Percentage
A8: Wes Allen | B8: 2088 | C8: =B8/B15 -> 0.45549738
A9: Pat Bishop | B9: 110 | C9: =B9/B15 -> 0.02399651
A10: George Childress | B10: 91 | C10: =B10/B15 -> 0.019851658
A11: Rick Pate | B11: 244 | C11: =B11/B15 -> 0.053228621
A12: Stewart Hill Tankersley | B12: 76 | C12: =B12/B15 -> 0.016579407
A13: Nicole Jones Wadsworth | B13: 198 | C13: =B13/B15 -> 0.043193717
A14: John Wahl | B14: 1777 | C14: =B14/B15 -> 0.38765271
A15: Total | B15: =SUM(B8:B14) -> 4584 | C15: =SUM(C8:C14) -> 1
A17: Senator | B17: Votes | C17: Percentage
A18: Seth Burton | B18: 79 | C18: =B18/B25 -> 0.016829996
A19: Dale Shelton Deas Jr. | B19: 67 | C19: =B19/B25 -> 0.014273541
A20: Jared Hudson | B20: 519 | C20: =B20/B25 -> 0.11056668
A21: Steve Marshall | B21: 777 | C21: =B21/B25 -> 0.16553046
A22: Barry Moore | B22: 3149 | C22: =B22/B25 -> 0.67085641
A23: Morgan Murphy | B23: 41 | C23: =B23/B25 -> 0.0087345548
A24: Rodney Walker | B24: 62 | C24: =B24/B25 -> 0.013208351
A25: Total | B25: =SUM(B18:B24) -> 4694 | C25: =SUM(C18:C24) -> 1
A27: Attorney General | B27: Votes | C27: Percentage
A28: Pamela L. Casey | B28: 1204 | C28: =B28/B31 -> 0.26809174
A29: Jay Mitchell | B29: 1316 | C29: =B29/B31 -> 0.29303051
A30: Katherine Robertson | B30: 1971 | C30: =B30/B31 -> 0.43887776
A31: Total | B31: =SUM(B28:B30) -> 4491 | C31: =SUM(C28:C30) -> 1
A33: Secretary of State | B33: Votes | C33: Percentage
A34: Caroleene Dobson | B34: 2331 | C34: =B34/B37 -> 0.56756757
A35: Christopher Christian Horn | B35: 1145 | C35: =B35/B37 -> 0.27879231
A36: Glenda S. Jackson | B36: 631 | C36: =B36/B37 -> 0.15364013
A37: Total | B37: =SUM(B34:B36) -> 4107 | C37: =SUM(C34:C36) -> 1
A39: Treasurer | B39: Votes | C39: Percentage
A40: Young Boozer | B40: 2961 | C40: =B40/B42 -> 0.67788462
A41: Steve Lolley | B41: 1407 | C41: =B41/B42 -> 0.32211538
A42: Total | B42: =SUM(B39:B41) -> 4368 | C42: =SUM(C39:C41) -> 1
A44: Auditor | B44: Votes | C44: Percentage
A45: Derek Chen | B45: 1106 | C45: =B45/B47 -> 0.25986842
A46: Andrew Sorrell | B46: 3150 | C46: =B46/B47 -> 0.74013158
A47: Total | B47: =SUM(B44:B46) -> 4256 | C47: =SUM(C44:C46) -> 1
A49: Commissioner of Agriculture & Industries | B49: Votes | C49: Percentage
A50: Cory Hill | B50: 1600 | C50: =B50/B53 -> 0.37959668
A51: Christina Woerner McInnis | B51: 1515 | C51: =B51/B53 -> 0.3594306
A52: Jack Williams | B52: 1100 | C52: =B52/B53 -> 0.26097272
A53: Total | B53: =SUM(B50:B52) -> 4215 | C53: =SUM(C50:C52) -> 1
A55: Public Service Commission, Place No. 1 | B55: Votes | C55: Percentage
A56: Matt Gentry | B56: 3186 | C56: =B56/B58 -> 0.77878269
A57: Jeremy H. Oden | B57: 905 | C57: =B57/B58 -> 0.22121731
A58: Total | B58: =SUM(B55:B57) -> 4091 | C58: =SUM(C55:C57) -> 1
A60: Public Service Commission, Place No. 2 | B60: Votes | C60: Percentage
A61: Priscilla Andrews | B61: 691 | C61: =B61/B65 -> 0.16228276
A62: Chris Beeker | B62: 860 | C62: =B62/B65 -> 0.20197276
A63: Brent Woodall | B63: 794 | C63: =B63/B65 -> 0.18647252
A64: Jim Zig Zeigler | B64: 1913 | C64: =B64/B65 -> 0.44927196
A65: Total | B65: =SUM(B61:B64) -> 4258 | C65: =SUM(C61:C64) -> 1
A67: U.S. Representative, 1st Congressional District | B67: Votes | C67: Percentage
A68: Jerry Carl | B68: 621 | C68: =B68/B75 -> 0.14312053
A69: James (Jimmy) Dees | B69: 221 | C69: =B69/B75 -> 0.050933395
A70: Rhett Marques | B70: 2101 | C70: =B70/B75 -> 0.48421295
A71: Joshua McKee | B71: 764 | C71: =B71/B75 -> 0.17607744
A72: John Mills | B72: 188 | C72: =B72/B75 -> 0.043327956
A73: James Richardson | B73: 243 | C73: =B73/B75 -> 0.056003687
A74: Austin Sidwell | B74: 201 | C74: =B74/B75 -> 0.046324038
A75: Total | B75: =SUM(B68:B74) -> 4339 | C75: =SUM(C68:C74) -> 1
A77: State Senator, District No.29 | B77: Votes | C77: Percentage
A78: Donnie Chesteen | B78: 2263 | C78: =B78/B81 -> 0.7852186
A79: Zachary J. Hurst | B79: 462 | C79: =B79/B81 -> 0.16030534
A80: Val Glasgow Paul | B80: 157 | C80: =B80/B81 -> 0.054476058
A81: Total | B81: =SUM(B78:B80) -> 2882 | C81: =SUM(C78:C80) -> 1
A83: State Representative, District No. 93 | B83: Votes | C83: Percentage
A84: Steve Clouse | B84: 2507 | C84: =B84/B86 -> 0.70441135
A85: "Stormin" Norman Horton | B85: 1052 | C85: =B85/B86 -> 0.29558865
A86: Total | B86: =SUM(B83:B85) -> 3559 | C86: =SUM(C83:C85) -> 1

Sheet Dallas
A1: Govenor | B1: Votes | C1: Percentage
A2: Ken McFeeters | B2: 51 | C2: =B2/B5 -> 0.032671365
A3: "Alabama" Will Santivasci | B3: 29 | C3: =B3/B5 -> 0.018577835
A4: Thomas Tuberville | B4: 1481 | C4: =B4/B5 -> 0.9487508
A5: Total | B5: =SUM(B2:B4) -> 1561 | C5: =SUM(C2:C4) -> 1
A7: Lt. Govenor | B7: Votes | C7: Percentage
A8: Wes Allen | B8: 797 | C8: =B8/B15 -> 0.5288653
A9: Pat Bishop | B9: 24 | C9: =B9/B15 -> 0.01592568
A10: George Childress | B10: 30 | C10: =B10/B15 -> 0.0199071
A11: Rick Pate | B11: 234 | C11: =B11/B15 -> 0.15527538
A12: Stewart Hill Tankersley | B12: 20 | C12: =B12/B15 -> 0.0132714
A13: Nicole Jones Wadsworth | B13: 38 | C13: =B13/B15 -> 0.02521566
A14: John Wahl | B14: 364 | C14: =B14/B15 -> 0.24153948
A15: Total | B15: =SUM(B8:B14) -> 1507 | C15: =SUM(C8:C14) -> 1
A17: Senator | B17: Votes | C17: Percentage
A18: Seth Burton | B18: 28 | C18: =B18/B25 -> 0.018421053
A19: Dale Shelton Deas Jr. | B19: 16 | C19: =B19/B25 -> 0.010526316
A20: Jared Hudson | B20: 218 | C20: =B20/B25 -> 0.14342105
A21: Steve Marshall | B21: 530 | C21: =B21/B25 -> 0.34868421
A22: Barry Moore | B22: 692 | C22: =B22/B25 -> 0.45526316
A23: Morgan Murphy | B23: 13 | C23: =B23/B25 -> 0.0085526316
A24: Rodney Walker | B24: 23 | C24: =B24/B25 -> 0.015131579
A25: Total | B25: =SUM(B18:B24) -> 1520 | C25: =SUM(C18:C24) -> 1
A27: Attorney General | B27: Votes | C27: Percentage
A28: Pamela L. Casey | B28: 176 | C28: =B28/B31 -> 0.11325611
A29: Jay Mitchell | B29: 259 | C29: =B29/B31 -> 0.16666667
A30: Katherine Robertson | B30: 1119 | C30: =B30/B31 -> 0.72007722
A31: Total | B31: =SUM(B28:B30) -> 1554 | C31: =SUM(C28:C30) -> 1
A33: Secretary of State | B33: Votes | C33: Percentage
A34: Caroleene Dobson | B34: 1164 | C34: =B34/B37 -> 0.80553633
A35: Christopher Christian Horn | B35: 217 | C35: =B35/B37 -> 0.15017301
A36: Glenda S. Jackson | B36: 64 | C36: =B36/B37 -> 0.044290657
A37: Total | B37: =SUM(B34:B36) -> 1445 | C37: =SUM(C34:C36) -> 1
A39: Treasurer | B39: Votes | C39: Percentage
A40: Young Boozer | B40: 1158 | C40: =B40/B42 -> 0.8024948
A41: Steve Lolley | B41: 285 | C41: =B41/B42 -> 0.1975052
A42: Total | B42: =SUM(B39:B41) -> 1443 | C42: =SUM(C39:C41) -> 1
A44: Auditor | B44: Votes | C44: Percentage
A45: Derek Chen | B45: 641 | C45: =B45/B47 -> 0.45268362
A46: Andrew Sorrell | B46: 775 | C46: =B46/B47 -> 0.54731638
A47: Total | B47: =SUM(B44:B46) -> 1416 | C47: =SUM(C44:C46) -> 1
A49: Commissioner of Agriculture & Industries | B49: Votes | C49: Percentage
A50: Cory Hill | B50: 646 | C50: =B50/B53 -> 0.45557123
A51: Christina Woerner McInnis | B51: 467 | C51: =B51/B53 -> 0.32933709
A52: Jack Williams | B52: 305 | C52: =B52/B53 -> 0.21509168
A53: Total | B53: =SUM(B50:B52) -> 1418 | C53: =SUM(C50:C52) -> 1
A55: Public Service Commission, Place No. 1 | B55: Votes | C55: Percentage
A56: Matt Gentry | B56: 1078 | C56: =B56/B58 -> 0.79323032
A57: Jeremy H. Oden | B57: 281 | C57: =B57/B58 -> 0.20676968
A58: Total | B58: =SUM(B55:B57) -> 1359 | C58: =SUM(C55:C57) -> 1
A60: Public Service Commission, Place No. 2 | B60: Votes | C60: Percentage
A61: Priscilla Andrews | B61: 106 | C61: =B61/B65 -> 0.076313895
A62: Chris Beeker | B62: 406 | C62: =B62/B65 -> 0.29229662
A63: Brent Woodall | B63: 203 | C63: =B63/B65 -> 0.14614831
A64: Jim Zig Zeigler | B64: 674 | C64: =B64/B65 -> 0.48524118
A65: Total | B65: =SUM(B61:B64) -> 1389 | C65: =SUM(C61:C64) -> 1

Sheet Dekalb
A1: Govenor | B1: Votes | C1: Percentage
A2: Ken McFeeters | B2: 546 | C2: =B2/B5 -> 0.076696165
A3: "Alabama" Will Santivasci | B3: 283 | C3: =B3/B5 -> 0.039752774
A4: Thomas Tuberville | B4: 6290 | C4: =B4/B5 -> 0.88355106
A5: Total | B5: =SUM(B2:B4) -> 7119 | C5: =SUM(C2:C4) -> 1
A7: Lt. Govenor | B7: Votes | C7: Percentage
A8: Wes Allen | B8: 2502 | C8: =B8/B15 -> 0.36837456
A9: Pat Bishop | B9: 147 | C9: =B9/B15 -> 0.02164311
A10: George Childress | B10: 122 | C10: =B10/B15 -> 0.017962309
A11: Rick Pate | B11: 785 | C11: =B11/B15 -> 0.11557715
A12: Stewart Hill Tankersley | B12: 74 | C12: =B12/B15 -> 0.010895171
A13: Nicole Jones Wadsworth | B13: 331 | C13: =B13/B15 -> 0.048733804
A14: John Wahl | B14: 2831 | C14: =B14/B15 -> 0.4168139
A15: Total | B15: =SUM(B8:B14) -> 6792 | C15: =SUM(C8:C14) -> 1
A17: Senator | B17: Votes | C17: Percentage
A18: Seth Burton | B18: 120 | C18: =B18/B25 -> 0.017084282
A19: Dale Shelton Deas Jr. | B19: 68 | C19: =B19/B25 -> 0.0096810934
A20: Jared Hudson | B20: 1949 | C20: =B20/B25 -> 0.27747722
A21: Steve Marshall | B21: 2065 | C21: =B21/B25 -> 0.29399203
A22: Barry Moore | B22: 2600 | C22: =B22/B25 -> 0.37015945
A23: Morgan Murphy | B23: 48 | C23: =B23/B25 -> 0.006833713
A24: Rodney Walker | B24: 174 | C24: =B24/B25 -> 0.02477221
A25: Total | B25: =SUM(B18:B24) -> 7024 | C25: =SUM(C18:C24) -> 1
A27: Attorney General | B27: Votes | C27: Percentage
A28: Pamela L. Casey | B28: 1830 | C28: =B28/B31 -> 0.2787085
A29: Jay Mitchell | B29: 2517 | C29: =B29/B31 -> 0.38333841
A30: Katherine Robertson | B30: 2219 | C30: =B30/B31 -> 0.33795309
A31: Total | B31: =SUM(B28:B30) -> 6566 | C31: =SUM(C28:C30) -> 1
A33: Secretary of State | B33: Votes | C33: Percentage
A34: Caroleene Dobson | B34: 3832 | C34: =B34/B37 -> 0.62117037
A35: Christopher Christian Horn | B35: 1428 | C35: =B35/B37 -> 0.23147998
A36: Glenda S. Jackson | B36: 909 | C36: =B36/B37 -> 0.14734965
A37: Total | B37: =SUM(B34:B36) -> 6169 | C37: =SUM(C34:C36) -> 1
A39: Treasurer | B39: Votes | C39: Percentage
A40: Young Boozer | B40: 4416 | C40: =B40/B42 -> 0.70106366
A41: Steve Lolley | B41: 1883 | C41: =B41/B42 -> 0.29893634
A42: Total | B42: =SUM(B39:B41) -> 6299 | C42: =SUM(C39:C41) -> 1
A44: Auditor | B44: Votes | C44: Percentage
A45: Derek Chen | B45: 1903 | C45: =B45/B47 -> 0.30129829
A46: Andrew Sorrell | B46: 4413 | C46: =B46/B47 -> 0.69870171
A47: Total | B47: =SUM(B44:B46) -> 6316 | C47: =SUM(C44:C46) -> 1
A49: Commissioner of Agriculture & Industries | B49: Votes | C49: Percentage
A50: Cory Hill | B50: 2318 | C50: =B50/B53 -> 0.35865697
A51: Christina Woerner McInnis | B51: 1482 | C51: =B51/B53 -> 0.22930528
A52: Jack Williams | B52: 2663 | C52: =B52/B53 -> 0.41203775
A53: Total | B53: =SUM(B50:B52) -> 6463 | C53: =SUM(C50:C52) -> 1
A55: Public Service Commission, Place No. 1 | B55: Votes | C55: Percentage
A56: Matt Gentry | B56: 4364 | C56: =B56/B58 -> 0.72455587
A57: Jeremy H. Oden | B57: 1659 | C57: =B57/B58 -> 0.27544413
A58: Total | B58: =SUM(B55:B57) -> 6023 | C58: =SUM(C55:C57) -> 1
A60: Public Service Commission, Place No. 2 | B60: Votes | C60: Percentage
A61: Priscilla Andrews | B61: 690 | C61: =B61/B65 -> 0.11239616
A62: Chris Beeker | B62: 1424 | C62: =B62/B65 -> 0.2319596
A63: Brent Woodall | B63: 1814 | C63: =B63/B65 -> 0.29548786
A64: Jim Zig Zeigler | B64: 2211 | C64: =B64/B65 -> 0.36015638
A65: Total | B65: =SUM(B61:B64) -> 6139 | C65: =SUM(C61:C64) -> 1
A67: U.S. Representative, 4th Congressional District | B67: Votes | C67: Percentage
A68: Robert B. Aderholt | B68: 5246 | C68: =B68/B70 -> 0.75017875
A69: Tommy Barnes | B69: 1747 | C69: =B69/B70 -> 0.24982125
A70: Total | B70: =SUM(B67:B69) -> 6993 | C70: =SUM(C67:C69) -> 1
A72: State Senator, District No. 10 | B72: Votes | C72: Percentage
A73: Andrew Jones | B73: 1308 | C73: =B73/B75 -> 0.70588235
A74: Amy Dozier Minton | B74: 545 | C74: =B74/B75 -> 0.29411765
A75: Total | B75: =SUM(B72:B74) -> 1853 | C75: =SUM(C72:C74) -> 1
A77: Member, State Board of Education, District No. 8 | B77: Votes | C77: Percentage
A78: Emily Jones | B78: 2779 | C78: =B78/B81 -> 0.46347565
A79: William Matthews | B79: 1746 | C79: =B79/B81 -> 0.29119413
A80: Connie Spears | B80: 1471 | C80: =B80/B81 -> 0.24533022
A81: Total | B81: =SUM(B78:B80) -> 5996 | C81: =SUM(C78:C80) -> 1
A83: President, Dekalb County Commission | B83: Votes | C83: Percentage
A84: Brent Rhodes | B84: 2194 | C84: =B84/B86 -> 0.32561591
A85: Ron Saferite | B85: 4544 | C85: =B85/B86 -> 0.67438409
A86: Total | B86: =SUM(B83:B85) -> 6738 | C86: =SUM(C83:C85) -> 1
A88: Member, Dekalb County Commission, District No. 3 | B88: Votes | C88: Percentage
A89: David Bowen | B89: 752 | C89: =B89/B91 -> 0.54100719
A90: Larry Sanders | B90: 638 | C90: =B90/B91 -> 0.45899281
A91: Total | B91: =SUM(B88:B90) -> 1390 | C91: =SUM(C88:C90) -> 1
A93: Member, Dekalb County Commission, District No. 4 | B93: Votes | C93: Percentage
A94: Lester Black | B94: 1246 | C94: =B94/B97 -> 0.54458042
A95: Reggie Byrum | B95: 739 | C95: =B95/B97 -> 0.32298951
A96: Dale Graben | B96: 303 | C96: =B96/B97 -> 0.13243007
A97: Total | B97: =SUM(B94:B96) -> 2288 | C97: =SUM(C94:C96) -> 1
A99: Dekalb County Republican Executive Committee, At Large, Place No. 2 | B99: Votes | C99: Percentage
A100: Nick Jones | B100: 2797 | C100: =B100/B103 -> 0.43377792
A101: Jenny Wootten Mann | B101: 1999 | C101: =B101/B103 -> 0.31001861
A102: Blake Sisemore | B102: 1652 | C102: =B102/B103 -> 0.25620347
A103: Total | B103: =SUM(B100:B102) -> 6448 | C103: =SUM(C100:C102) -> 1
A105: Dekalb County Republican Executive Committee, Place No. 3, District No. 1 | B105: Votes | C105: Percentage
A106: Tyler Dalton | B106: 887 | C106: =B106/B108 -> 0.57560026
A107: David Gulledge | B107: 654 | C107: =B107/B108 -> 0.42439974
A108: Total | B108: =SUM(B105:B107) -> 1541 | C108: =SUM(C105:C107) -> 1
A110: Dekalb County Republican Executive Committee, Place No. 4, District No. 1 | B110: Votes | C110: Percentage
A111: Lee Davis | B111: 646 | C111: =B111/B113 -> 0.42002601
A112: Cindy Holcomb | B112: 892 | C112: =B112/B113 -> 0.57997399
A113: Total | B113: =SUM(B110:B112) -> 1538 | C113: =SUM(C110:C112) -> 1
A115: Dekalb County Republican Executive Committee, Place No. 1, District No. 2 | B115: Votes | C115: Percentage
A116: Monica Anderson | B116: 492 | C116: =B116/B118 -> 0.35243553
A117: Chase Buttram | B117: 904 | C117: =B117/B118 -> 0.64756447
A118: Total | B118: =SUM(B115:B117) -> 1396 | C118: =SUM(C115:C117) -> 1
A120: Dekalb County Republican Executive Committee, Place No. 2, District No. 2 | B120: Votes | C120: Percentage
...

Sheet Elmore
A1: Govenor | B1: Votes | C1: Percentage
A2: Ken McFeeters | B2: 809 | C2: =B2/B5 -> 0.071860011
A3: "Alabama" Will Santivasci | B3: 371 | C3: =B3/B5 -> 0.032954344
A4: Thomas Tuberville | B4: 10078 | C4: =B4/B5 -> 0.89518565
A5: Total | B5: =SUM(B2:B4) -> 11258 | C5: =SUM(C2:C4) -> 1
A7: Lt. Govenor | B7: Votes | C7: Percentage
A8: Wes Allen | B8: 4217 | C8: =B8/B15 -> 0.38416689
A9: Pat Bishop | B9: 194 | C9: =B9/B15 -> 0.017673317
A10: George Childress | B10: 129 | C10: =B10/B15 -> 0.011751845
A11: Rick Pate | B11: 1545 | C11: =B11/B15 -> 0.14074884
A12: Stewart Hill Tankersley | B12: 788 | C12: =B12/B15 -> 0.071786463
A13: Nicole Jones Wadsworth | B13: 416 | C13: =B13/B15 -> 0.037897422
A14: John Wahl | B14: 3688 | C14: =B14/B15 -> 0.33597522
A15: Total | B15: =SUM(B8:B14) -> 10977 | C15: =SUM(C8:C14) -> 1
A17: Senator | B17: Votes | C17: Percentage
A18: Seth Burton | B18: 171 | C18: =B18/B25 -> 0.015248796
A19: Dale Shelton Deas Jr. | B19: 138 | C19: =B19/B25 -> 0.012306046
A20: Jared Hudson | B20: 2205 | C20: =B20/B25 -> 0.19662921
A21: Steve Marshall | B21: 2571 | C21: =B21/B25 -> 0.22926699
A22: Barry Moore | B22: 5779 | C22: =B22/B25 -> 0.51533797
A23: Morgan Murphy | B23: 89 | C23: =B23/B25 -> 0.0079365079
A24: Rodney Walker | B24: 261 | C24: =B24/B25 -> 0.023274478
A25: Total | B25: =SUM(B18:B24) -> 11214 | C25: =SUM(C18:C24) -> 1
A27: Attorney General | B27: Votes | C27: Percentage
A28: Pamela L. Casey | B28: 2656 | C28: =B28/B31 -> 0.24477007
A29: Jay Mitchell | B29: 4546 | C29: =B29/B31 -> 0.41894756
A30: Katherine Robertson | B30: 3649 | C30: =B30/B31 -> 0.33628237
A31: Total | B31: =SUM(B28:B30) -> 10851 | C31: =SUM(C28:C30) -> 1
A33: Secretary of State | B33: Votes | C33: Percentage
A34: Caroleene Dobson | B34: 7813 | C34: =B34/B37 -> 0.7529151
A35: Christopher Christian Horn | B35: 1747 | C35: =B35/B37 -> 0.16835309
A36: Glenda S. Jackson | B36: 817 | C36: =B36/B37 -> 0.078731811
A37: Total | B37: =SUM(B34:B36) -> 10377 | C37: =SUM(C34:C36) -> 1
A39: Treasurer | B39: Votes | C39: Percentage
A40: Young Boozer | B40: 8659 | C40: =B40/B42 -> 0.80563826
A41: Steve Lolley | B41: 2089 | C41: =B41/B42 -> 0.19436174
A42: Total | B42: =SUM(B39:B41) -> 10748 | C42: =SUM(C39:C41) -> 1
A44: Auditor | B44: Votes | C44: Percentage
A45: Derek Chen | B45: 3730 | C45: =B45/B47 -> 0.36028204
A46: Andrew Sorrell | B46: 6623 | C46: =B46/B47 -> 0.63971796
A47: Total | B47: =SUM(B44:B46) -> 10353 | C47: =SUM(C44:C46) -> 1
A49: Commissioner of Agriculture & Industries | B49: Votes | C49: Percentage
A50: Cory Hill | B50: 3950 | C50: =B50/B53 -> 0.38797761
A51: Christina Woerner McInnis | B51: 3597 | C51: =B51/B53 -> 0.35330518
A52: Jack Williams | B52: 2634 | C52: =B52/B53 -> 0.25871722
A53: Total | B53: =SUM(B50:B52) -> 10181 | C53: =SUM(C50:C52) -> 1
A55: Public Service Commission, Place No. 1 | B55: Votes | C55: Percentage
A56: Matt Gentry | B56: 7566 | C56: =B56/B58 -> 0.76999796
A57: Jeremy H. Oden | B57: 2260 | C57: =B57/B58 -> 0.23000204
A58: Total | B58: =SUM(B55:B57) -> 9826 | C58: =SUM(C55:C57) -> 1
A60: Public Service Commission, Place No. 2 | B60: Votes | C60: Percentage
A61: Priscilla Andrews | B61: 1023 | C61: =B61/B65 -> 0.10176067
A62: Chris Beeker | B62: 1996 | C62: =B62/B65 -> 0.1985477
A63: Brent Woodall | B63: 1869 | C63: =B63/B65 -> 0.18591465
A64: Jim Zig Zeigler | B64: 5165 | C64: =B64/B65 -> 0.51377698
A65: Total | B65: =SUM(B61:B64) -> 10053 | C65: =SUM(C61:C64) -> 1
A67: U.S. Representative, 6th Congressional District | B67: Votes | C67: Percentage
A68: Case Dixon | B68: 2309 | C68: =B68/B70 -> 0.22701799
A69: Gary Palmer | B69: 7862 | C69: =B69/B70 -> 0.77298201
A70: Total | B70: =SUM(B67:B69) -> 10171 | C70: =SUM(C67:C69) -> 1
A72: Circuit Court Judge, 19th Judicial Circuit, Place No. 5 | B72: Votes | C72: Percentage
A73: Carol Cook Carter | B73: 4972 | C73: =B73/B76 -> 0.49149862
A74: Bradley Earl Ekdahl | B74: 4267 | C74: =B74/B76 -> 0.42180704
A75: Ali Patterson | B75: 877 | C75: =B75/B76 -> 0.086694346
A76: Total | B76: =SUM(B73:B75) -> 10116 | C76: =SUM(C73:C75) -> 1
A78: District Court Judge, Elmore County, Place No. 2 | B78: Votes | C78: Percentage
A79: Desirae Lewis | B79: 5003 | C79: =B79/B81 -> 0.48031874
A80: Dwight "Tray" M. Richardson III | B80: 5413 | C80: =B80/B81 -> 0.51968126
A81: Total | B81: =SUM(B78:B80) -> 10416 | C81: =SUM(C78:C80) -> 1
A83: State Republican Executive Committee, Elmore County, Place No. 1 | B83: Votes | C83: Percentage
A84: Randall V. Houston | B84: 7535 | C84: =B84/B86 -> 0.74663099
A85: Aaron Wright | B85: 2557 | C85: =B85/B86 -> 0.25336901
A86: Total | B86: =SUM(B83:B85) -> 10092 | C86: =SUM(C83:C85) -> 1
A88: State Republican Executive Committee, Elmore County, Place No. 2 | B88: Votes | C88: Percentage
A89: Nick J. Carter | B89: 5116 | C89: =B89/B91 -> 0.51739482
A90: Art Faulkner | B90: 4772 | C90: =B90/B91 -> 0.48260518
A91: Total | B91: =SUM(B88:B90) -> 9888 | C91: =SUM(C88:C90) -> 1

Sheet Escambia
A1: Govenor | B1: Votes | C1: Percentage
A2: Ken McFeeters | B2: 184 | C2: =B2/B5 -> 0.055555556
A3: "Alabama" Will Santivasci | B3: 125 | C3: =B3/B5 -> 0.037741546
A4: Thomas Tuberville | B4: 3003 | C4: =B4/B5 -> 0.9067029
A5: Total | B5: =SUM(B2:B4) -> 3312 | C5: =SUM(C2:C4) -> 1
A7: Lt. Govenor | B7: Votes | C7: Percentage
A8: Wes Allen | B8: 1055 | C8: =B8/B15 -> 0.33470812
A9: Pat Bishop | B9: 82 | C9: =B9/B15 -> 0.026015228
A10: George Childress | B10: 86 | C10: =B10/B15 -> 0.027284264
A11: Rick Pate | B11: 278 | C11: =B11/B15 -> 0.08819797
A12: Stewart Hill Tankersley | B12: 42 | C12: =B12/B15 -> 0.013324873
A13: Nicole Jones Wadsworth | B13: 133 | C13: =B13/B15 -> 0.042195431
A14: John Wahl | B14: 1476 | C14: =B14/B15 -> 0.46827411
A15: Total | B15: =SUM(B8:B14) -> 3152 | C15: =SUM(C8:C14) -> 1
A17: Senator | B17: Votes | C17: Percentage
A18: Seth Burton | B18: 94 | C18: =B18/B25 -> 0.029681086
A19: Dale Shelton Deas Jr. | B19: 50 | C19: =B19/B25 -> 0.015787812
A20: Jared Hudson | B20: 453 | C20: =B20/B25 -> 0.14303757
A21: Steve Marshall | B21: 765 | C21: =B21/B25 -> 0.24155352
A22: Barry Moore | B22: 1553 | C22: =B22/B25 -> 0.49036943
A23: Morgan Murphy | B23: 35 | C23: =B23/B25 -> 0.011051468
A24: Rodney Walker | B24: 217 | C24: =B24/B25 -> 0.068519103
A25: Total | B25: =SUM(B18:B24) -> 3167 | C25: =SUM(C18:C24) -> 1
A27: Attorney General | B27: Votes | C27: Percentage
A28: Pamela L. Casey | B28: 643 | C28: =B28/B31 -> 0.20842788
A29: Jay Mitchell | B29: 745 | C29: =B29/B31 -> 0.24149109
A30: Katherine Robertson | B30: 1697 | C30: =B30/B31 -> 0.55008104
A31: Total | B31: =SUM(B28:B30) -> 3085 | C31: =SUM(C28:C30) -> 1
A33: Secretary of State | B33: Votes | C33: Percentage
A34: Caroleene Dobson | B34: 2211 | C34: =B34/B37 -> 0.73798398
A35: Christopher Christian Horn | B35: 508 | C35: =B35/B37 -> 0.16955941
A36: Glenda S. Jackson | B36: 277 | C36: =B36/B37 -> 0.092456609
A37: Total | B37: =SUM(B34:B36) -> 2996 | C37: =SUM(C34:C36) -> 1
A39: Treasurer | B39: Votes | C39: Percentage
A40: Young Boozer | B40: 2160 | C40: =B40/B42 -> 0.7154687
A41: Steve Lolley | B41: 859 | C41: =B41/B42 -> 0.2845313
A42: Total | B42: =SUM(B39:B41) -> 3019 | C42: =SUM(C39:C41) -> 1
A44: Auditor | B44: Votes | C44: Percentage
A45: Derek Chen | B45: 1007 | C45: =B45/B47 -> 0.35001738
A46: Andrew Sorrell | B46: 1870 | C46: =B46/B47 -> 0.64998262
A47: Total | B47: =SUM(B44:B46) -> 2877 | C47: =SUM(C44:C46) -> 1
A49: Commissioner of Agriculture & Industries | B49: Votes | C49: Percentage
A50: Cory Hill | B50: 915 | C50: =B50/B53 -> 0.31378601
A51: Christina Woerner McInnis | B51: 1327 | C51: =B51/B53 -> 0.45507545
A52: Jack Williams | B52: 674 | C52: =B52/B53 -> 0.23113855
A53: Total | B53: =SUM(B50:B52) -> 2916 | C53: =SUM(C50:C52) -> 1
A55: Public Service Commission, Place No. 1 | B55: Votes | C55: Percentage
A56: Matt Gentry | B56: 2262 | C56: =B56/B58 -> 0.80440967
A57: Jeremy H. Oden | B57: 550 | C57: =B57/B58 -> 0.19559033
A58: Total | B58: =SUM(B55:B57) -> 2812 | C58: =SUM(C55:C57) -> 1
A60: Public Service Commission, Place No. 2 | B60: Votes | C60: Percentage
A61: Priscilla Andrews | B61: 376 | C61: =B61/B65 -> 0.12881124
A62: Chris Beeker | B62: 565 | C62: =B62/B65 -> 0.19355944
A63: Brent Woodall | B63: 470 | C63: =B63/B65 -> 0.16101405
A64: Jim Zig Zeigler | B64: 1508 | C64: =B64/B65 -> 0.51661528
A65: Total | B65: =SUM(B61:B64) -> 2919 | C65: =SUM(C61:C64) -> 1
A67: U.S. Representative, 1st Congressional District | B67: Votes | C67: Percentage
A68: Jerry Carl | B68: 2169 | C68: =B68/B75 -> 0.72590361
A69: James (Jimmy) Dees | B69: 140 | C69: =B69/B75 -> 0.046854083
A70: Rhett Marques | B70: 314 | C70: =B70/B75 -> 0.10508701
A71: Joshua McKee | B71: 110 | C71: =B71/B75 -> 0.036813922
A72: John Mills | B72: 99 | C72: =B72/B75 -> 0.03313253
A73: James Richardson | B73: 65 | C73: =B73/B75 -> 0.021753681
A74: Austin Sidwell | B74: 91 | C74: =B74/B75 -> 0.030455154
A75: Total | B75: =SUM(B68:B74) -> 2988 | C75: =SUM(C68:C74) -> 1
A77: Member, Escambia County Commission, District No. 3 | B77: Votes | C77: Percentage
A78: Billy Blair | B78: 646 | C78: =B78/B80 -> 0.56866197
A79: Scottie Stewart | B79: 490 | C79: =B79/B80 -> 0.43133803
A80: Total | B80: =SUM(B77:B79) -> 1136 | C80: =SUM(C77:C79) -> 1

Sheet Etowah
A1: Govenor | B1: Votes | C1: Percentage
A2: Ken McFeeters | B2: 885 | C2: =B2/B5 -> 0.076689775
A3: "Alabama" Will Santivasci | B3: 574 | C3: =B3/B5 -> 0.049740035
A4: Thomas Tuberville | B4: 10081 | C4: =B4/B5 -> 0.87357019
A5: Total | B5: =SUM(B2:B4) -> 11540 | C5: =SUM(C2:C4) -> 1
A7: Lt. Govenor | B7: Votes | C7: Percentage
A8: Wes Allen | B8: 4281 | C8: =B8/B15 -> 0.39282437
A9: Pat Bishop | B9: 297 | C9: =B9/B15 -> 0.027252707
A10: George Childress | B10: 237 | C10: =B10/B15 -> 0.02174711
A11: Rick Pate | B11: 686 | C11: =B11/B15 -> 0.06294733
A12: Stewart Hill Tankersley | B12: 196 | C12: =B12/B15 -> 0.017984951
A13: Nicole Jones Wadsworth | B13: 555 | C13: =B13/B15 -> 0.050926776
A14: John Wahl | B14: 4646 | C14: =B14/B15 -> 0.42631676
A15: Total | B15: =SUM(B8:B14) -> 10898 | C15: =SUM(C8:C14) -> 1
A17: Senator | B17: Votes | C17: Percentage
A18: Seth Burton | B18: 243 | C18: =B18/B25 -> 0.021544463
A19: Dale Shelton Deas Jr. | B19: 160 | C19: =B19/B25 -> 0.014185655
A20: Jared Hudson | B20: 4076 | C20: =B20/B25 -> 0.36137955
A21: Steve Marshall | B21: 3181 | C21: =B21/B25 -> 0.28202855
A22: Barry Moore | B22: 3214 | C22: =B22/B25 -> 0.28495434
A23: Morgan Murphy | B23: 127 | C23: =B23/B25 -> 0.011259863
A24: Rodney Walker | B24: 278 | C24: =B24/B25 -> 0.024647575
A25: Total | B25: =SUM(B18:B24) -> 11279 | C25: =SUM(C18:C24) -> 1
A27: Attorney General | B27: Votes | C27: Percentage
A28: Pamela L. Casey | B28: 2926 | C28: =B28/B31 -> 0.27185729
A29: Jay Mitchell | B29: 3929 | C29: =B29/B31 -> 0.36504692
A30: Katherine Robertson | B30: 3908 | C30: =B30/B31 -> 0.36309579
A31: Total | B31: =SUM(B28:B30) -> 10763 | C31: =SUM(C28:C30) -> 1
A33: Secretary of State | B33: Votes | C33: Percentage
A34: Caroleene Dobson | B34: 5261 | C34: =B34/B37 -> 0.53248988
A35: Christopher Christian Horn | B35: 2795 | C35: =B35/B37 -> 0.28289474
A36: Glenda S. Jackson | B36: 1824 | C36: =B36/B37 -> 0.18461538
A37: Total | B37: =SUM(B34:B36) -> 9880 | C37: =SUM(C34:C36) -> 1
A39: Treasurer | B39: Votes | C39: Percentage
A40: Young Boozer | B40: 6827 | C40: =B40/B42 -> 0.66983909
A41: Steve Lolley | B41: 3365 | C41: =B41/B42 -> 0.33016091
A42: Total | B42: =SUM(B39:B41) -> 10192 | C42: =SUM(C39:C41) -> 1
A44: Auditor | B44: Votes | C44: Percentage
A45: Derek Chen | B45: 3008 | C45: =B45/B47 -> 0.29392222
A46: Andrew Sorrell | B46: 7226 | C46: =B46/B47 -> 0.70607778
A47: Total | B47: =SUM(B44:B46) -> 10234 | C47: =SUM(C44:C46) -> 1
A49: Commissioner of Agriculture & Industries | B49: Votes | C49: Percentage
A50: Corey Hill | B50: 3936 | C50: =B50/B53 -> 0.38897124
A51: Christina Woerner McInnis | B51: 3073 | C51: =B51/B53 -> 0.30368613
A52: Jack Williams | B52: 3110 | C52: =B52/B53 -> 0.30734262
A53: Total | B53: =SUM(B50:B52) -> 10119 | C53: =SUM(C50:C52) -> 1
A55: Public Service Commission, Place No. 1 | B55: Votes | C55: Percentage
A56: Matt Gentry | B56: 7516 | C56: =B56/B58 -> 0.7586555
A57: Jeremy H. Oden | B57: 2391 | C57: =B57/B58 -> 0.2413445
A58: Total | B58: =SUM(B55:B57) -> 9907 | C58: =SUM(C55:C57) -> 1
A60: Public Service Commission, Place No. 2 | B60: Votes | C60: Percentage
A61: Priscilla Andrews | B61: 1297 | C61: =B61/B65 -> 0.12955749
A62: Chris Beeker | B62: 2422 | C62: =B62/B65 -> 0.24193387
A63: Brent Woodall | B63: 1835 | C63: =B63/B65 -> 0.18329837
A64: Jim Zig Zeigler | B64: 4457 | C64: =B64/B65 -> 0.44521027
A65: Total | B65: =SUM(B61:B64) -> 10011 | C65: =SUM(C61:C64) -> 1
A67: U.S. Representative, 3rd Congressional District | B67: Votes | C67: Percentage
A68: Terri LaPoint | B68: 1408 | C68: =B68/B70 -> 0.13074566
A69: Mike Rogers | B69: 9361 | C69: =B69/B70 -> 0.86925434
A70: Total | B70: =SUM(B67:B69) -> 10769 | C70: =SUM(C67:C69) -> 1
A72: State Senator, District No. 10 | B72: Votes | C72: Percentage
A73: Andrew Jones | B73: 5260 | C73: =B73/B75 -> 0.51028328
A74: Amy Dozier Minton | B74: 5048 | C74: =B74/B75 -> 0.48971672
A75: Total | B75: =SUM(B72:B74) -> 10308 | C75: =SUM(C72:C74) -> 1
A77: Member, State Board of Education, District No. 6 | B77: Votes | C77: Percentage
A78: Cathi Bradford | B78: 5197 | C78: =B78/B80 -> 0.54521611
A79: Marie Manning | B79: 4335 | C79: =B79/B80 -> 0.45478389
A80: Total | B80: =SUM(B77:B79) -> 9532 | C80: =SUM(C77:C79) -> 1
A82: Member, Etowah County Commission, District No. 4 | B82: Votes | C82: Percentage
A83: Jeff Bynum | B83: 1049 | C83: =B83/B85 -> 0.45888014
A84: Tim F. Ramsey | B84: 1237 | C84: =B84/B85 -> 0.54111986
A85: Total | B85: =SUM(B82:B84) -> 2286 | C85: =SUM(C82:C84) -> 1
A87: Etowah County Sheriff | B87: Votes | C87: Percentage
A88: John Henry Hill Jr. | B88: 1543 | C88: =B88/B90 -> 0.13447795
A89: Jonathon W. Horton | B89: 9931 | C89: =B89/B90 -> 0.86552205
A90: Total | B90: =SUM(B87:B89) -> 11474 | C90: =SUM(C87:C89) -> 1
A92: Etowah County Coroner | B92: Votes | C92: Percentage
A93: Nicholas Clanton | B93: 3997 | C93: =B93/B95 -> 0.39977996
A94: London Pearce | B94: 6001 | C94: =B94/B95 -> 0.60022004
A95: Total | B95: =SUM(B92:B94) -> 9998 | C95: =SUM(C92:C94) -> 1
A97: Member, Etowah County Board of Education, District No. 2 | B97: Votes | C97: Percentage
A98: Scarlett Rains Farley | B98: 2761 | C98: =B98/B100 -> 0.3321304
A99: Ben Greene | B99: 5552 | C99: =B99/B100 -> 0.6678696
A100: Total | B100: =SUM(B97:B99) -> 8313 | C100: =SUM(C97:C99) -> 1
A102: State Republican Executive Committee, Etowah County, Place No. 2 | B102: Votes | C102: Percentage
A103: Andrew Fuller | B103: 6059 | C103: =B103/B105 -> 0.62463918
A104: Sydney Butler Gunter | B104: 3641 | C104: =B104/B105 -> 0.37536082
A105: Total | B105: =SUM(B102:B104) -> 9700 | C105: =SUM(C102:C104) -> 1
A107: State Republican Executive Committee, Etowah County, Place No. 3 | B107: Votes | C107: Percentage
A108: Mark Gidley | B108: 8058 | C108: =B108/B110 -> 0.7967962
A109: Aaron Lonnergan | B109: 2055 | C109: =B109/B110 -> 0.2032038
A110: Total | B110: =SUM(B107:B109) -> 10113 | C110: =SUM(C107:C109) -> 1

Sheet Fayette
A1: Govenor | B1: Votes | C1: Percentage
A2: Ken McFeeters | B2: 346 | C2: =B2/B5 -> 0.081700118
A3: "Alabama" Will Santivasci | B3: 202 | C3: =B3/B5 -> 0.047697757
A4: Thomas Tuberville | B4: 3687 | C4: =B4/B5 -> 0.87060213
A5: Total | B5: =SUM(B2:B4) -> 4235 | C5: =SUM(C2:C4) -> 1
A7: Lt. Govenor | B7: Votes | C7: Percentage
A8: Wes Allen | B8: 1875 | C8: =B8/B15 -> 0.46875
A9: Pat Bishop | B9: 97 | C9: =B9/B15 -> 0.02425
A10: George Childress | B10: 88 | C10: =B10/B15 -> 0.022
A11: Rick Pate | B11: 283 | C11: =B11/B15 -> 0.07075
A12: Stewart Hill Tankersley | B12: 66 | C12: =B12/B15 -> 0.0165
A13: Nicole Jones Wadsworth | B13: 229 | C13: =B13/B15 -> 0.05725
A14: John Wahl | B14: 1362 | C14: =B14/B15 -> 0.3405
A15: Total | B15: =SUM(B8:B14) -> 4000 | C15: =SUM(C8:C14) -> 1
A17: Senator | B17: Votes | C17: Percentage
A18: Seth Burton | B18: 109 | C18: =B18/B25 -> 0.027236382
A19: Dale Shelton Deas Jr. | B19: 70 | C19: =B19/B25 -> 0.017491254
A20: Jared Hudson | B20: 1234 | C20: =B20/B25 -> 0.30834583
A21: Steve Marshall | B21: 1163 | C21: =B21/B25 -> 0.2906047
A22: Barry Moore | B22: 1190 | C22: =B22/B25 -> 0.29735132
A23: Morgan Murphy | B23: 52 | C23: =B23/B25 -> 0.012993503
A24: Rodney Walker | B24: 184 | C24: =B24/B25 -> 0.045977011
A25: Total | B25: =SUM(B18:B24) -> 4002 | C25: =SUM(C18:C24) -> 1
A27: Attorney General | B27: Votes | C27: Percentage
A28: Pamela L. Casey | B28: 923 | C28: =B28/B31 -> 0.23745819
A29: Jay Mitchell | B29: 1383 | C29: =B29/B31 -> 0.35580139
A30: Katherine Robertson | B30: 1581 | C30: =B30/B31 -> 0.40674042
A31: Total | B31: =SUM(B28:B30) -> 3887 | C31: =SUM(C28:C30) -> 1
A33: Secretary of State | B33: Votes | C33: Percentage
A34: Caroleene Dobson | B34: 2056 | C34: =B34/B37 -> 0.57111111
A35: Christopher Christian Horn | B35: 971 | C35: =B35/B37 -> 0.26972222
A36: Glenda S. Jackson | B36: 573 | C36: =B36/B37 -> 0.15916667
A37: Total | B37: =SUM(B34:B36) -> 3600 | C37: =SUM(C34:C36) -> 1
A39: Treasurer | B39: Votes | C39: Percentage
A40: Young Boozer | B40: 2130 | C40: =B40/B42 -> 0.55993691
A41: Steve Lolley | B41: 1674 | C41: =B41/B42 -> 0.44006309
A42: Total | B42: =SUM(B39:B41) -> 3804 | C42: =SUM(C39:C41) -> 1
A44: Auditor | B44: Votes | C44: Percentage
A45: Derek Chen | B45: 1124 | C45: =B45/B47 -> 0.30077602
A46: Andrew Sorrell | B46: 2613 | C46: =B46/B47 -> 0.69922398
A47: Total | B47: =SUM(B44:B46) -> 3737 | C47: =SUM(C44:C46) -> 1
A49: Commissioner of Agriculture & Industries | B49: Votes | C49: Percentage
A50: Cory Hill | B50: 1723 | C50: =B50/B53 -> 0.46517279
A51: Christina Woerner McInnis | B51: 907 | C51: =B51/B53 -> 0.24487041
A52: Jack Williams | B52: 1074 | C52: =B52/B53 -> 0.2899568
A53: Total | B53: =SUM(B50:B52) -> 3704 | C53: =SUM(C50:C52) -> 1
A55: Public Service Commission, Place No. 1 | B55: Votes | C55: Percentage
A56: Matt Gentry | B56: 2620 | C56: =B56/B58 -> 0.7148704
A57: Jeremy H. Oden | B57: 1045 | C57: =B57/B58 -> 0.2851296
A58: Total | B58: =SUM(B55:B57) -> 3665 | C58: =SUM(C55:C57) -> 1
A60: Public Service Commission, Place No. 2 | B60: Votes | C60: Percentage
A61: Priscilla Andrews | B61: 465 | C61: =B61/B65 -> 0.1260846
A62: Chris Beeker | B62: 1030 | C62: =B62/B65 -> 0.27928416
A63: Brent Woodall | B63: 554 | C63: =B63/B65 -> 0.15021692
A64: Jim Zig Zeigler | B64: 1639 | C64: =B64/B65 -> 0.44441432
A65: Total | B65: =SUM(B61:B64) -> 3688 | C65: =SUM(C61:C64) -> 1
A67: United States Representative, 4th Congressional District | B67: Votes | C67: Percentage
A68: Robert B. Aderholt | B68: 3271 | C68: =B68/B70 -> 0.79412479
A69: Tommy Barnes | B69: 848 | C69: =B69/B70 -> 0.20587521
A70: Total | B70: =SUM(B68:B69) -> 4119 | C70: =SUM(C67:C69) -> 1
A72: Fayette County Sheriff | B72: Votes | C72: Percentage
A73: Roger Morrison | B73: 1454 | C73: =B73/B75 -> 0.32948108
A74: Byron Yerby | B74: 2959 | C74: =B74/B75 -> 0.67051892
A75: Total | B75: =SUM(B73:B74) -> 4413 | C75: =SUM(C72:C74) -> 1
A77: Fayette County Revenue Commissioner | B77: Votes | C77: Percentage
A78: Carrie Edmonson | B78: 1268 | C78: =B78/B81 -> 0.29640019
A79: Jeananne Edwards | B79: 1968 | C79: =B79/B81 -> 0.46002805
A80: Jerry M. Nichols | B80: 1042 | C80: =B80/B81 -> 0.24357176
A81: Total | B81: =SUM(B78:B80) -> 4278 | C81: =SUM(C78:C80) -> 1
A83: Fayette County Coroner | B83: Votes | C83: Percentage
A84: Daniel Ewald, III | B84: 1007 | C84: =B84/B86 -> 0.23993329
A85: Timothy "TK" Kimbrell | B85: 3190 | C85: =B85/B86 -> 0.76006671
A86: Total | B86: =SUM(B84:B85) -> 4197 | C86: =SUM(C83:C85) -> 1
A88: Superintendent, Fayette County Board of Education | B88: Votes | C88: Percentage
A89: Steve Herring | B89: 795 | C89: =B89/B92 -> 0.18385754
A90: Jeremy Madden | B90: 1700 | C90: =B90/B92 -> 0.39315449
A91: Steve Sawyer | B91: 1829 | C91: =B91/B92 -> 0.42298797
A92: Total | B92: =SUM(B89:B91) -> 4324 | C92: =SUM(C89:C91) -> 1

Sheet Franklin
A1: Govenor | B1: Votes | C1: Percentage
A2: Ken McFeeters | B2: 306 | C2: =B2/B5 -> 0.080083748
A3: "Alabama" Will Santivasci | B3: 220 | C3: =B3/B5 -> 0.057576551
A4: Thomas Tuberville | B4: 3295 | C4: =B4/B5 -> 0.8623397
A5: Total | B5: =SUM(B2:B4) -> 3821 | C5: =SUM(C2:C4) -> 1
A7: Lt. Govenor | B7: Votes | C7: Percentage
A8: Wes Allen | B8: 1544 | C8: =B8/B15 -> 0.41774892
A9: Pat Bishop | B9: 162 | C9: =B9/B15 -> 0.043831169
A10: George Childress | B10: 75 | C10: =B10/B15 -> 0.020292208
A11: Rick Pate | B11: 121 | C11: =B11/B15 -> 0.032738095
A12: Stewart Hill Tankersley | B12: 44 | C12: =B12/B15 -> 0.011904762
A13: Nicole Jones Wadsworth | B13: 167 | C13: =B13/B15 -> 0.045183983
A14: John Wahl | B14: 1583 | C14: =B14/B15 -> 0.42830087
A15: Total | B15: =SUM(B8:B14) -> 3696 | C15: =SUM(C8:C14) -> 1
A17: Senator | B17: Votes | C17: Percentage
A18: Seth Burton | B18: 91 | C18: =B18/B25 -> 0.024247269
A19: Dale Shelton Deas Jr. | B19: 35 | C19: =B19/B25 -> 0.0093258726
A20: Jared Hudson | B20: 819 | C20: =B20/B25 -> 0.21822542
A21: Steve Marshall | B21: 673 | C21: =B21/B25 -> 0.17932321
A22: Barry Moore | B22: 1970 | C22: =B22/B25 -> 0.5249134
A23: Morgan Murphy | B23: 32 | C23: =B23/B25 -> 0.0085265121
A24: Rodney Walker | B24: 133 | C24: =B24/B25 -> 0.035438316
A25: Total | B25: =SUM(B18:B24) -> 3753 | C25: =SUM(C18:C24) -> 1
A27: Attorney General | B27: Votes | C27: Percentage
A28: Pamela L. Casey | B28: 887 | C28: =B28/B31 -> 0.25473866
A29: Jay Mitchell | B29: 1373 | C29: =B29/B31 -> 0.39431361
A30: Katherine Robertson | B30: 1222 | C30: =B30/B31 -> 0.35094773
A31: Total | B31: =SUM(B28:B30) -> 3482 | C31: =SUM(C28:C30) -> 1
A33: Secretary of State | B33: Votes | C33: Percentage
A34: Caroleene Dobson | B34: 1755 | C34: =B34/B37 -> 0.54300743
A35: Christopher Christian Horn | B35: 925 | C35: =B35/B37 -> 0.2862005
A36: Glenda S. Jackson | B36: 552 | C36: =B36/B37 -> 0.17079208
A37: Total | B37: =SUM(B34:B36) -> 3232 | C37: =SUM(C34:C36) -> 1
A39: Treasurer | B39: Votes | C39: Percentage
A40: Young Boozer | B40: 1778 | C40: =B40/B42 -> 0.52556902
A41: Steve Lolley | B41: 1605 | C41: =B41/B42 -> 0.47443098
A42: Total | B42: =SUM(B39:B41) -> 3383 | C42: =SUM(C39:C41) -> 1
A44: Auditor | B44: Votes | C44: Percentage
A45: Derek Chen | B45: 876 | C45: =B45/B47 -> 0.25666569
A46: Andrew Sorrell | B46: 2537 | C46: =B46/B47 -> 0.74333431
A47: Total | B47: =SUM(B44:B46) -> 3413 | C47: =SUM(C44:C46) -> 1
A49: Commissioner of Agriculture & Industries | B49: Votes | C49: Percentage
A50: Cory Hill | B50: 1514 | C50: =B50/B53 -> 0.4519403
A51: Christina Woerner McInnis | B51: 837 | C51: =B51/B53 -> 0.24985075
A52: Jack Williams | B52: 999 | C52: =B52/B53 -> 0.29820896
A53: Total | B53: =SUM(B50:B52) -> 3350 | C53: =SUM(C50:C52) -> 1
A55: Public Service Commission, Place No. 1 | B55: Votes | C55: Percentage
A56: Matt Gentry | B56: 2219 | C56: =B56/B58 -> 0.69582941
A57: Jeremy H. Oden | B57: 970 | C57: =B57/B58 -> 0.30417059
A58: Total | B58: =SUM(B55:B57) -> 3189 | C58: =SUM(C55:C57) -> 1
A60: Public Service Commission, Place No. 2 | B60: Votes | C60: Percentage
A61: Priscilla Andrews | B61: 404 | C61: =B61/B65 -> 0.12324588
A62: Chris Beeker | B62: 660 | C62: =B62/B65 -> 0.20134228
A63: Brent Woodall | B63: 934 | C63: =B63/B65 -> 0.28492984
A64: Jim Zig Zeigler | B64: 1280 | C64: =B64/B65 -> 0.390482
A65: Total | B65: =SUM(B61:B64) -> 3278 | C65: =SUM(C61:C64) -> 1
A67: United States Representative, 4th Congrssional District | B67: Votes | C67: Percentage
A68: Robert B. Aderholt | B68: 3101 | C68: =B68/B70 -> 0.80378434
A69: Tommy Barnes | B69: 757 | C69: =B69/B70 -> 0.19621566
A70: Total | B70: =SUM(B68:B69) -> 3858 | C70: =SUM(C67:C69) -> 1
A72: Member, Franklin County Commission, District 1 | B72: Votes | C72: Percentage
A73: Curtis Baker | B73: 1549 | C73: =B73/B78 -> 0.41087533
A74: Jeffery D. Fleming | B74: 614 | C74: =B74/B78 -> 0.16286472
A75: Judson MIles Gaston | B75: 237 | C75: =B75/B78 -> 0.062864721
A76: Grayson Murray | B76: 988 | C76: =B76/B78 -> 0.26206897
A77: Joey Norton | B77: 382 | C77: =B77/B78 -> 0.10132626
A78: Total | B78: =SUM(B73:B77) -> 3770 | C78: =SUM(C71:C77) -> 1
A80: Franklin County Sheriff | B80: Votes | C80: Percentage
A81: Shannon Oliver | B81: 2962 | C81: =B81/B83 -> 0.74590783
A82: Brian Shackelford | B82: 1009 | C82: =B82/B83 -> 0.25409217
A83: Total | B83: =SUM(B81:B82) -> 3971 | C83: =SUM(C80:C82) -> 1
A85: Franklin County Coroner | B85: Votes | C85: Percentage
A86: Charles Adcox | B86: 875 | C86: =B86/B88 -> 0.24745475
A87: Jeff Clark | B87: 2661 | C87: =B87/B88 -> 0.75254525
A88: Total | B88: =SUM(B86:B87) -> 3536 | C88: =SUM(C85:C87) -> 1
A90: Republican State Executive Committee, Franklin County, Place 1 | B90: Votes | C90: Percentage
A91: Kristy Baker Davis | B91: 1842 | C91: =B91/B93 -> 0.5364007
A92: Hillary Malone Hall | B92: 1592 | C92: =B92/B93 -> 0.4635993
A93: Total | B93: =SUM(B91:B92) -> 3434 | C93: =SUM(C90:C92) -> 1
A95: Franklin County Executive Committee, Place 3 | B95: Votes | C95: Percentage
A96: Justine Baker | B96: 2045 | C96: =B96/B98 -> 0.5956889
A97: Joey Norton | B97: 1388 | C97: =B97/B98 -> 0.4043111
A98: Total | B98: =SUM(B96:B97) -> 3433 | C98: =SUM(C95:C97) -> 1
A100: Franklin County Executive Committee, Place 4 | B100: Votes | C100: Percentage
A101: Gage Baker | B101: 1827 | C101: =B101/B103 -> 0.55582598
A102: Lisa Carroll Norton | B102: 1460 | C102: =B102/B103 -> 0.44417402
A103: Total | B103: =SUM(B101:B102) -> 3287 | C103: =SUM(C100:C102) -> 1
A105: Franklin County Executive Committee, Place 6 | B105: Votes | C105: Percentage
A106: Hillary Malone Hall | B106: 1599 | C106: =B106/B108 -> 0.46550218
A107: Teresa Thorn Lawler | B107: 1836 | C107: =B107/B108 -> 0.53449782
A108: Total | B108: =SUM(B106:B107) -> 3435 | C108: =SUM(C105:C107) -> 1
A110: Franklin County Executive Committee, Place 7 | B110: Votes | C110: Percentage
A111: Kristy Baker Davis | B111: 1679 | C111: =B111/B113 -> 0.48907661
A112: William Nale | B112: 1754 | C112: =B112/B113 -> 0.51092339
A113: Total | B113: =SUM(B111:B112) -> 3433 | C113: =SUM(C110:C112) -> 1
A115: Franklin County Executive Committee, Place 8 | B115: Votes | C115: Percentage
A116: Brian Kevin Davis | B116: 1363 | C116: =B116/B118 -> 0.40759569
A117: Jarrett Hovater | B117: 1981 | C117: =B117/B118 -> 0.59240431
A118: Total | B118: =SUM(B116:B117) -> 3344 | C118: =SUM(C115:C117) -> 1

Sheet Geneva
A1: Govenor | B1: Votes | C1: Percentage
A2: Ken McFeeters | B2: 314 | C2: =B2/B5 -> 0.065091211
A3: "Alabama" Will Santivasci | B3: 170 | C3: =B3/B5 -> 0.035240464
A4: Thomas Tuberville | B4: 4340 | C4: =B4/B5 -> 0.89966833
A5: Total | B5: =SUM(B2:B4) -> 4824 | C5: =SUM(C2:C4) -> 1
A7: Lt. Govenor | B7: Votes | C7: Percentage
A8: Wes Allen | B8: 1955 | C8: =B8/B15 -> 0.43137688
A9: Pat Bishop | B9: 122 | C9: =B9/B15 -> 0.026919682
A10: George Childress | B10: 141 | C10: =B10/B15 -> 0.031112092
A11: Rick Pate | B11: 330 | C11: =B11/B15 -> 0.072815534
A12: Stewart Hill Tankersley | B12: 62 | C12: =B12/B15 -> 0.013680494
A13: Nicole Jones Wadsworth | B13: 217 | C13: =B13/B15 -> 0.04788173
A14: John Wahl | B14: 1705 | C14: =B14/B15 -> 0.37621359
A15: Total | B15: =SUM(B8:B14) -> 4532 | C15: =SUM(C8:C14) -> 1
A17: Senator | B17: Votes | C17: Percentage
A18: Seth Burton | B18: 70 | C18: =B18/B25 -> 0.014619883
A19: Dale Shelton Deas Jr. | B19: 40 | C19: =B19/B25 -> 0.0083542189
A20: Jared Hudson | B20: 386 | C20: =B20/B25 -> 0.080618212
A21: Steve Marshall | B21: 491 | C21: =B21/B25 -> 0.10254804
A22: Barry Moore | B22: 3671 | C22: =B22/B25 -> 0.76670844
A23: Morgan Murphy | B23: 35 | C23: =B23/B25 -> 0.0073099415
A24: Rodney Walker | B24: 95 | C24: =B24/B25 -> 0.01984127
A25: Total | B25: =SUM(B18:B24) -> 4788 | C25: =SUM(C18:C24) -> 1
A27: Attorney General | B27: Votes | C27: Percentage
A28: Pamela L. Casey | B28: 1191 | C28: =B28/B31 -> 0.26970109
A29: Jay Mitchell | B29: 1613 | C29: =B29/B31 -> 0.36526268
A30: Katherine Robertson | B30: 1612 | C30: =B30/B31 -> 0.36503623
A31: Total | B31: =SUM(B28:B30) -> 4416 | C31: =SUM(C28:C30) -> 1
A33: Secretary of State | B33: Votes | C33: Percentage
A34: Caroleene Dobson | B34: 2054 | C34: =B34/B37 -> 0.51260294
A35: Christopher Christian Horn | B35: 1274 | C35: =B35/B37 -> 0.3179436
A36: Glenda S. Jackson | B36: 679 | C36: =B36/B37 -> 0.16945346
A37: Total | B37: =SUM(B34:B36) -> 4007 | C37: =SUM(C34:C36) -> 1
A39: Treasurer | B39: Votes | C39: Percentage
A40: Young Boozer | B40: 2901 | C40: =B40/B42 -> 0.66142271
A41: Steve Lolley | B41: 1485 | C41: =B41/B42 -> 0.33857729
A42: Total | B42: =SUM(B39:B41) -> 4386 | C42: =SUM(C39:C41) -> 1
A44: Auditor | B44: Votes | C44: Percentage
A45: Derek Chen | B45: 906 | C45: =B45/B47 -> 0.21252639
A46: Andrew Sorrell | B46: 3357 | C46: =B46/B47 -> 0.78747361
A47: Total | B47: =SUM(B44:B46) -> 4263 | C47: =SUM(C44:C46) -> 1
A49: Commissioner of Agriculture & Industries | B49: Votes | C49: Percentage
A50: Cory Hill | B50: 1899 | C50: =B50/B53 -> 0.44914853
A51: Christina Woerner McInnis | B51: 1078 | C51: =B51/B53 -> 0.25496689
A52: Jack Williams | B52: 1251 | C52: =B52/B53 -> 0.29588458
A53: Total | B53: =SUM(B50:B52) -> 4228 | C53: =SUM(C50:C52) -> 1
A55: Public Service Commission, Place No. 1 | B55: Votes | C55: Percentage
A56: Matt Gentry | B56: 3100 | C56: =B56/B58 -> 0.77967807
A57: Jeremy H. Oden | B57: 876 | C57: =B57/B58 -> 0.22032193
A58: Total | B58: =SUM(B55:B57) -> 3976 | C58: =SUM(C55:C57) -> 1
A60: Public Service Commission, Place No. 2 | B60: Votes | C60: Percentage
A61: Priscilla Andrews | B61: 756 | C61: =B61/B65 -> 0.18086124
A62: Chris Beeker | B62: 743 | C62: =B62/B65 -> 0.1777512
A63: Brent Woodall | B63: 810 | C63: =B63/B65 -> 0.1937799
A64: Jim Zig Zeigler | B64: 1871 | C64: =B64/B65 -> 0.44760766
A65: Total | B65: =SUM(B61:B64) -> 4180 | C65: =SUM(C61:C64) -> 1
A67: United States Representaitve, 1st Congressional District | B67: Votes | C67: Percentage
A68: Jerry Carl | B68: 624 | C68: =B68/B75 -> 0.14444444
A69: James (Jimmy) Dees | B69: 273 | C69: =B69/B75 -> 0.063194444
A70: Rhett Maques | B70: 2098 | C70: =B70/B75 -> 0.48564815
A71: Joshua McKee | B71: 688 | C71: =B71/B75 -> 0.15925926
A72: John Mills | B72: 266 | C72: =B72/B75 -> 0.061574074
A73: James Richardson | B73: 232 | C73: =B73/B75 -> 0.053703704
A74: Austin Sidwell | B74: 139 | C74: =B74/B75 -> 0.032175926
A75: Total | B75: =SUM(B68:B74) -> 4320 | C75: =SUM(C68:C74) -> 1
A77: State Senator, District 29 | B77: Votes | C77: Percentage
A78: Donnie Chesteen | B78: 4263 | C78: =B78/B81 -> 0.89785173
A79: Zachary J. Hurst | B79: 400 | C79: =B79/B81 -> 0.084245998
A80: Val Glasgow Paul | B80: 85 | C80: =B80/B81 -> 0.017902275
A81: Total | B81: =SUM(B78:B80) -> 4748 | C81: =SUM(C78:C80) -> 1
A83: Member, Geneva County Commission, District 1 | B83: Votes | C83: Percentage
A84: Bryan Hatton | B84: 783 | C84: =B84/B86 -> 0.63762215
A85: Kevin Watson | B85: 445 | C85: =B85/B86 -> 0.36237785
A86: Total | B86: =SUM(B83:B85) -> 1228 | C86: =SUM(C83:C85) -> 1
A88: Geneva County Sheriff | B88: Votes | C88: Percentage
A89: Tim Forehand | B89: 754 | C89: =B89/B91 -> 0.15501645
A90: David Hall | B90: 4110 | C90: =B90/B91 -> 0.84498355
A91: Total | B91: =SUM(B88:B90) -> 4864 | C91: =SUM(C88:C90) -> 1

Sheet Greene
A1: Govenor | B1: Votes | C1: Percentage
A2: Ken McFeeters | B2: 10 | C2: =B2/B5 -> 0.055555556
A3: "Alabama" Will Santivasci | B3: 2 | C3: =B3/B5 -> 0.011111111
A4: Thomas Tuberville | B4: 168 | C4: =B4/B5 -> 0.93333333
A5: Total | B5: =SUM(B2:B4) -> 180 | C5: =SUM(C2:C4) -> 1
A7: Lt. Govenor | B7: Votes | C7: Percentage
A8: Wes Allen | B8: 90 | C8: =B8/B15 -> 0.51428571
A9: Pat Bishop | B9: 7 | C9: =B9/B15 -> 0.04
A10: George Childress | B10: 4 | C10: =B10/B15 -> 0.022857143
A11: Rick Pate | B11: 14 | C11: =B11/B15 -> 0.08
A12: Stewart Hill Tankersley | B12: 1 | C12: =B12/B15 -> 0.0057142857
A13: Nicole Jones Wadsworth | B13: 6 | C13: =B13/B15 -> 0.034285714
A14: John Wahl | B14: 53 | C14: =B14/B15 -> 0.30285714
A15: Total | B15: =SUM(B8:B14) -> 175 | C15: =SUM(C8:C14) -> 1
A17: Senator | B17: Votes | C17: Percentage
A18: Seth Burton | B18: 1 | C18: =B18/B25 -> 0.0056818182
A19: Dale Shelton Deas Jr. | B19: 4 | C19: =B19/B25 -> 0.022727273
A20: Jared Hudson | B20: 65 | C20: =B20/B25 -> 0.36931818
A21: Steve Marshall | B21: 44 | C21: =B21/B25 -> 0.25
A22: Barry Moore | B22: 57 | C22: =B22/B25 -> 0.32386364
A23: Morgan Murphy | B23: 1 | C23: =B23/B25 -> 0.0056818182
A24: Rodney Walker | B24: 4 | C24: =B24/B25 -> 0.022727273
A25: Total | B25: =SUM(B18:B24) -> 176 | C25: =SUM(C18:C24) -> 1
A27: Attorney General | B27: Votes | C27: Percentage
A28: Pamela L. Casey | B28: 19 | C28: =B28/B31 -> 0.11046512
A29: Jay Mitchell | B29: 59 | C29: =B29/B31 -> 0.34302326
A30: Katherine Robertson | B30: 94 | C30: =B30/B31 -> 0.54651163
A31: Total | B31: =SUM(B28:B30) -> 172 | C31: =SUM(C28:C30) -> 1
A33: Secretary of State | B33: Votes | C33: Percentage
A34: Caroleene Dobson | B34: 107 | C34: =B34/B37 -> 0.65644172
A35: Christopher Christian Horn | B35: 46 | C35: =B35/B37 -> 0.28220859
A36: Glenda S. Jackson | B36: 10 | C36: =B36/B37 -> 0.061349693
A37: Total | B37: =SUM(B34:B36) -> 163 | C37: =SUM(C34:C36) -> 1
A39: Treasurer | B39: Votes | C39: Percentage
A40: Young Boozer | B40: 110 | C40: =B40/B42 -> 0.65868263
A41: Steve Lolley | B41: 57 | C41: =B41/B42 -> 0.34131737
A42: Total | B42: =SUM(B39:B41) -> 167 | C42: =SUM(C39:C41) -> 1
A44: Auditor | B44: Votes | C44: Percentage
A45: Derek Chen | B45: 58 | C45: =B45/B47 -> 0.34117647
A46: Andrew Sorrell | B46: 112 | C46: =B46/B47 -> 0.65882353
A47: Total | B47: =SUM(B44:B46) -> 170 | C47: =SUM(C44:C46) -> 1
A49: Commissioner of Agriculture & Industries | B49: Votes | C49: Percentage
A50: Cory Hill | B50: 59 | C50: =B50/B53 -> 0.35542169
A51: Christina Woerner McInnis | B51: 41 | C51: =B51/B53 -> 0.24698795
A52: Jack Williams | B52: 66 | C52: =B52/B53 -> 0.39759036
A53: Total | B53: =SUM(B50:B52) -> 166 | C53: =SUM(C50:C52) -> 1
A55: Public Service Commission, Place No. 1 | B55: Votes | C55: Percentage
A56: Matt Gentry | B56: 109 | C56: =B56/B58 -> 0.67701863
A57: Jeremy H. Oden | B57: 52 | C57: =B57/B58 -> 0.32298137
A58: Total | B58: =SUM(B55:B57) -> 161 | C58: =SUM(C55:C57) -> 1
A60: Public Service Commission, Place No. 2 | B60: Votes | C60: Percentage
A61: Priscilla Andrews | B61: 5 | C61: =B61/B65 -> 0.028089888
A62: Chris Beeker | B62: 138 | C62: =B62/B65 -> 0.7752809
A63: Brent Woodall | B63: 2 | C63: =B63/B65 -> 0.011235955
A64: Jim Zig Zeigler | B64: 33 | C64: =B64/B65 -> 0.18539326
A65: Total | B65: =SUM(B61:B64) -> 178 | C65: =SUM(C61:C64) -> 1

Sheet Hale
A1: Govenor | B1: Votes | C1: Percentage
A2: Ken McFeeters | B2: 27 | C2: =B2/B5 -> 0.027635619
A3: "Alabama" Will Santivasci | B3: 21 | C3: =B3/B5 -> 0.021494371
A4: Thomas Tuberville | B4: 929 | C4: =B4/B5 -> 0.95087001
A5: Total | B5: =SUM(B2:B4) -> 977 | C5: =SUM(C2:C4) -> 1
A7: Lt. Govenor | B7: Votes | C7: Percentage
A8: Wes Allen | B8: 540 | C8: =B8/B15 -> 0.5625
A9: Pat Bishop | B9: 15 | C9: =B9/B15 -> 0.015625
A10: George Childress | B10: 5 | C10: =B10/B15 -> 0.0052083333
A11: Rick Pate | B11: 26 | C11: =B11/B15 -> 0.027083333
A12: Stewart Hill Tankersley | B12: 6 | C12: =B12/B15 -> 0.00625
A13: Nicole Jones Wadsworth | B13: 26 | C13: =B13/B15 -> 0.027083333
A14: John Wahl | B14: 342 | C14: =B14/B15 -> 0.35625
A15: Total | B15: =SUM(B8:B14) -> 960 | C15: =SUM(C8:C14) -> 1
A17: Senator | B17: Votes | C17: Percentage
A18: Seth Burton | B18: 20 | C18: =B18/B25 -> 0.020876827
A19: Dale Shelton Deas Jr. | B19: 10 | C19: =B19/B25 -> 0.010438413
A20: Jared Hudson | B20: 280 | C20: =B20/B25 -> 0.29227557
A21: Steve Marshall | B21: 329 | C21: =B21/B25 -> 0.3434238
A22: Barry Moore | B22: 297 | C22: =B22/B25 -> 0.31002088
A23: Morgan Murphy | B23: 2 | C23: =B23/B25 -> 0.0020876827
A24: Rodney Walker | B24: 20 | C24: =B24/B25 -> 0.020876827
A25: Total | B25: =SUM(B18:B24) -> 958 | C25: =SUM(C18:C24) -> 1
A27: Attorney General | B27: Votes | C27: Percentage
A28: Pamela L. Casey | B28: 123 | C28: =B28/B31 -> 0.13071201
A29: Jay Mitchell | B29: 264 | C29: =B29/B31 -> 0.2805526
A30: Katherine Robertson | B30: 554 | C30: =B30/B31 -> 0.58873539
A31: Total | B31: =SUM(B28:B30) -> 941 | C31: =SUM(C28:C30) -> 1
A33: Secretary of State | B33: Votes | C33: Percentage
A34: Caroleene Dobson | B34: 665 | C34: =B34/B37 -> 0.75226244
A35: Christopher Christian Horn | B35: 161 | C35: =B35/B37 -> 0.1821267
A36: Glenda S. Jackson | B36: 58 | C36: =B36/B37 -> 0.06561086
A37: Total | B37: =SUM(B34:B36) -> 884 | C37: =SUM(C34:C36) -> 1
A39: Treasurer | B39: Votes | C39: Percentage
A40: Young Boozer | B40: 662 | C40: =B40/B42 -> 0.73473918
A41: Steve Lolley | B41: 239 | C41: =B41/B42 -> 0.26526082
A42: Total | B42: =SUM(B39:B41) -> 901 | C42: =SUM(C39:C41) -> 1
A44: Auditor | B44: Votes | C44: Percentage
A45: Derek Chen | B45: 430 | C45: =B45/B47 -> 0.47513812
A46: Andrew Sorrell | B46: 475 | C46: =B46/B47 -> 0.52486188
A47: Total | B47: =SUM(B44:B46) -> 905 | C47: =SUM(C44:C46) -> 1
A49: Commissioner of Agriculture & Industries | B49: Votes | C49: Percentage
A50: Cory Hill | B50: 463 | C50: =B50/B53 -> 0.51731844
A51: Christina Woerner McInnis | B51: 233 | C51: =B51/B53 -> 0.2603352
A52: Jack Williams | B52: 199 | C52: =B52/B53 -> 0.22234637
A53: Total | B53: =SUM(B50:B52) -> 895 | C53: =SUM(C50:C52) -> 1
A55: Public Service Commission, Place No. 1 | B55: Votes | C55: Percentage
A56: Matt Gentry | B56: 706 | C56: =B56/B58 -> 0.80410023
A57: Jeremy H. Oden | B57: 172 | C57: =B57/B58 -> 0.19589977
A58: Total | B58: =SUM(B55:B57) -> 878 | C58: =SUM(C55:C57) -> 1
A60: Public Service Commission, Place No. 2 | B60: Votes | C60: Percentage
A61: Priscilla Andrews | B61: 56 | C61: =B61/B65 -> 0.060409924
A62: Chris Beeker | B62: 540 | C62: =B62/B65 -> 0.58252427
A63: Brent Woodall | B63: 67 | C63: =B63/B65 -> 0.07227616
A64: Jim Zig Zeigler | B64: 264 | C64: =B64/B65 -> 0.28478964
A65: Total | B65: =SUM(B61:B64) -> 927 | C65: =SUM(C61:C64) -> 1

Sheet Henry
A1: Govenor | B1: Votes | C1: Percentage
A2: Ken McFeeters | B2: 178 | C2: =B2/B5 -> 0.056293485
A3: "Alabama" Will Santivasci | B3: 106 | C3: =B3/B5 -> 0.033523087
A4: Thomas Tuberville | B4: 2878 | C4: =B4/B5 -> 0.91018343
A5: Total | B5: =SUM(B2:B4) -> 3162 | C5: =SUM(C2:C4) -> 1
A7: Lt. Govenor | B7: Votes | C7: Percentage
A8: Wes Allen | B8: 1272 | C8: =B8/B15 -> 0.42133157
A9: Pat Bishop | B9: 65 | C9: =B9/B15 -> 0.021530308
A10: George Childress | B10: 54 | C10: =B10/B15 -> 0.017886717
A11: Rick Pate | B11: 282 | C11: =B11/B15 -> 0.093408413
A12: Stewart Hill Tankersley | B12: 44 | C12: =B12/B15 -> 0.014574362
A13: Nicole Jones Wadsworth | B13: 132 | C13: =B13/B15 -> 0.043723087
A14: John Wahl | B14: 1170 | C14: =B14/B15 -> 0.38754554
A15: Total | B15: =SUM(B8:B14) -> 3019 | C15: =SUM(C8:C14) -> 1
A17: Senator | B17: Votes | C17: Percentage
A18: Seth Burton | B18: 57 | C18: =B18/B25 -> 0.018205046
A19: Dale Shelton Deas Jr. | B19: 25 | C19: =B19/B25 -> 0.0079846694
A20: Jared Hudson | B20: 427 | C20: =B20/B25 -> 0.13637815
A21: Steve Marshall | B21: 335 | C21: =B21/B25 -> 0.10699457
A22: Barry Moore | B22: 2197 | C22: =B22/B25 -> 0.70169275
A23: Morgan Murphy | B23: 27 | C23: =B23/B25 -> 0.008623443
A24: Rodney Walker | B24: 63 | C24: =B24/B25 -> 0.020121367
A25: Total | B25: =SUM(B18:B24) -> 3131 | C25: =SUM(C18:C24) -> 1
A27: Attorney General | B27: Votes | C27: Percentage
A28: Pamela L. Casey | B28: 638 | C28: =B28/B31 -> 0.21722846
A29: Jay Mitchell | B29: 940 | C29: =B29/B31 -> 0.32005448
A30: Katherine Robertson | B30: 1359 | C30: =B30/B31 -> 0.46271706
A31: Total | B31: =SUM(B28:B30) -> 2937 | C31: =SUM(C28:C30) -> 1
A33: Secretary of State | B33: Votes | C33: Percentage
A34: Caroleene Dobson | B34: 1477 | C34: =B34/B37 -> 0.5535982
A35: Christopher Christian Horn | B35: 851 | C35: =B35/B37 -> 0.31896552
A36: Glenda S. Jackson | B36: 340 | C36: =B36/B37 -> 0.12743628
A37: Total | B37: =SUM(B34:B36) -> 2668 | C37: =SUM(C34:C36) -> 1
A39: Treasurer | B39: Votes | C39: Percentage
A40: Young Boozer | B40: 2067 | C40: =B40/B42 -> 0.71153184
A41: Steve Lolley | B41: 838 | C41: =B41/B42 -> 0.28846816
A42: Total | B42: =SUM(B39:B41) -> 2905 | C42: =SUM(C39:C41) -> 1
A44: Auditor | B44: Votes | C44: Percentage
A45: Derek Chen | B45: 812 | C45: =B45/B47 -> 0.29177147
A46: Andrew Sorrell | B46: 1971 | C46: =B46/B47 -> 0.70822853
A47: Total | B47: =SUM(B44:B46) -> 2783 | C47: =SUM(C44:C46) -> 1
A49: Commissioner of Agriculture & Industries | B49: Votes | C49: Percentage
A50: Cory Hill | B50: 1331 | C50: =B50/B53 -> 0.48207171
A51: Christina Woerner McInnis | B51: 771 | C51: =B51/B53 -> 0.27924665
A52: Jack Williams | B52: 659 | C52: =B52/B53 -> 0.23868164
A53: Total | B53: =SUM(B50:B52) -> 2761 | C53: =SUM(C50:C52) -> 1
A55: Public Service Commission, Place No. 1 | B55: Votes | C55: Percentage
A56: Matt Gentry | B56: 2056 | C56: =B56/B58 -> 0.79382239
A57: Jeremy H. Oden | B57: 534 | C57: =B57/B58 -> 0.20617761
A58: Total | B58: =SUM(B55:B57) -> 2590 | C58: =SUM(C55:C57) -> 1
A60: Public Service Commission, Place No. 2 | B60: Votes | C60: Percentage
A61: Priscilla Andrews | B61: 385 | C61: =B61/B65 -> 0.14066496
A62: Chris Beeker | B62: 611 | C62: =B62/B65 -> 0.22323712
A63: Brent Woodall | B63: 490 | C63: =B63/B65 -> 0.17902813
A64: Jim Zig Zeigler | B64: 1251 | C64: =B64/B65 -> 0.45706978
A65: Total | B65: =SUM(B61:B64) -> 2737 | C65: =SUM(C61:C64) -> 1
A67: United States Representative, 1st Congressional District | B67: Votes | C67: Percentage
A68: Jerry Carl | B68: 359 | C68: =B68/B75 -> 0.12735012
A69: James (Jimmy) Dees | B69: 151 | C69: =B69/B75 -> 0.053565094
A70: Rhett Marques | B70: 1468 | C70: =B70/B75 -> 0.52075204
A71: Joshua McKee | B71: 342 | C71: =B71/B75 -> 0.12131962
A72: John Mills | B72: 109 | C72: =B72/B75 -> 0.038666194
A73: James Richardson | B73: 291 | C73: =B73/B75 -> 0.1032281
A74: Austin Sidwell | B74: 99 | C74: =B74/B75 -> 0.035118836
A75: Total | B75: =SUM(B68:B74) -> 2819 | C75: =SUM(C68:C74) -> 1
A77: State representative, Distrct 85 | B77: Votes | C77: Percentage
A78: David Money | B78: 1309 | C78: =B78/B80 -> 0.40766116
A79: Rick Rehm | B79: 1902 | C79: =B79/B80 -> 0.59233884
A80: Total | B80: =SUM(B77:B79) -> 3211 | C80: =SUM(C76:C79) -> 1
A82: Henry County Commission, District 2 | B82: Votes | C82: Percentage
A83: Ashley Clemens | B83: 548 | C83: =B83/B88 -> 0.55297679
A84: Charles Money | B84: 179 | C84: =B84/B88 -> 0.18062563
A85: Paxton Oakley | B85: 20 | C85: =B85/B88 -> 0.020181635
A86: John Ralph Sanders | B86: 105 | C86: =B86/B88 -> 0.10595358
A87: Clint Voak | B87: 139 | C87: =B87/B88 -> 0.14026236
A88: Total | B88: =SUM(B82:B87) -> 991 | C88: =SUM(C82:C87) -> 1
A90: Henry County Commission, District 3 | B90: Votes | C90: Percentage
A91: Doug Goodlin | B91: 84 | C91: =B91/B95 -> 0.12708018
A92: Shawn Hatfield | B92: 55 | C92: =B92/B95 -> 0.083207262
A93: Jason Hudspeth | B93: 231 | C93: =B93/B95 -> 0.3494705
A94: Randy Ketchum | B94: 291 | C94: =B94/B95 -> 0.44024206
A95: Total | B95: =SUM(B91:B94) -> 661 | C95: =SUM(C91:C94) -> 1
A97: Henry County Board of Education, District 2 | B97: Votes | C97: Percentage
A98: Micah Johnson | B98: 426 | C98: =B98/B100 -> 0.45319149
A99: Tyrone Watson | B99: 514 | C99: =B99/B100 -> 0.54680851
A100: Total | B100: =SUM(B96:B99) -> 940 | C100: =SUM(C97:C99) -> 1

Sheet Houston
A1: Govenor | B1: Votes | C1: Percentage
A2: Ken McFeeters | B2: 741 | C2: =B2/B5 -> 0.067584823
A3: "Alabama" Will Santivasci | B3: 392 | C3: =B3/B5 -> 0.035753375
A4: Thomas Tuberville | B4: 9831 | C4: =B4/B5 -> 0.8966618
A5: Total | B5: =SUM(B2:B4) -> 10964 | C5: =SUM(C2:C4) -> 1
A7: Lt. Govenor | B7: Votes | C7: Percentage
A8: Wes Allen | B8: 4115 | C8: =B8/B15 -> 0.38905172
A9: Pat Bishop | B9: 288 | C9: =B9/B15 -> 0.027228893
A10: George Childress | B10: 212 | C10: =B10/B15 -> 0.020043491
A11: Rick Pate | B11: 755 | C11: =B11/B15 -> 0.071381299
A12: Stewart Hill Tankersley | B12: 204 | C12: =B12/B15 -> 0.019287132
A13: Nicole Jones Wadsworth | B13: 475 | C13: =B13/B15 -> 0.044908764
A14: John Wahl | B14: 4528 | C14: =B14/B15 -> 0.4280987
A15: Total | B15: =SUM(B8:B14) -> 10577 | C15: =SUM(C8:C14) -> 1
A17: Senator | B17: Votes | C17: Percentage
A18: Seth Burton | B18: 196 | C18: =B18/B25 -> 0.017961877
A19: Dale Shelton Deas Jr. | B19: 110 | C19: =B19/B25 -> 0.010080645
A20: Jared Hudson | B20: 1385 | C20: =B20/B25 -> 0.12692449
A21: Steve Marshall | B21: 1182 | C21: =B21/B25 -> 0.10832111
A22: Barry Moore | B22: 7766 | C22: =B22/B25 -> 0.71169355
A23: Morgan Murphy | B23: 81 | C23: =B23/B25 -> 0.0074230205
A24: Rodney Walker | B24: 192 | C24: =B24/B25 -> 0.017595308
A25: Total | B25: =SUM(B18:B24) -> 10912 | C25: =SUM(C18:C24) -> 1
A27: Attorney General | B27: Votes | C27: Percentage
A28: Pamela L. Casey | B28: 2083 | C28: =B28/B31 -> 0.20061639
A29: Jay Mitchell | B29: 3439 | C29: =B29/B31 -> 0.33121449
A30: Katherine Robertson | B30: 4861 | C30: =B30/B31 -> 0.46816912
A31: Total | B31: =SUM(B28:B30) -> 10383 | C31: =SUM(C28:C30) -> 1
A33: Secretary of State | B33: Votes | C33: Percentage
A34: Caroleene Dobson | B34: 5966 | C34: =B34/B37 -> 0.62366715
A35: Christopher Christian Horn | B35: 2488 | C35: =B35/B37 -> 0.26008781
A36: Glenda S. Jackson | B36: 1112 | C36: =B36/B37 -> 0.11624503
A37: Total | B37: =SUM(B34:B36) -> 9566 | C37: =SUM(C34:C36) -> 1
A39: Treasurer | B39: Votes | C39: Percentage
A40: Young Boozer | B40: 7039 | C40: =B40/B42 -> 0.6969997
A41: Steve Lolley | B41: 3060 | C41: =B41/B42 -> 0.3030003
A42: Total | B42: =SUM(B39:B41) -> 10099 | C42: =SUM(C39:C41) -> 1
A44: Auditor | B44: Votes | C44: Percentage
A45: Derek Chen | B45: 2247 | C45: =B45/B47 -> 0.22587455
A46: Andrew Sorrell | B46: 7701 | C46: =B46/B47 -> 0.77412545
A47: Total | B47: =SUM(B44:B46) -> 9948 | C47: =SUM(C44:C46) -> 1
A49: Commissioner of Agriculture & Industries | B49: Votes | C49: Percentage
A50: Cory Hill | B50: 3727 | C50: =B50/B53 -> 0.38581781
A51: Christina Woerner McInnis | B51: 3271 | C51: =B51/B53 -> 0.33861284
A52: Jack Williams | B52: 2662 | C52: =B52/B53 -> 0.27556936
A53: Total | B53: =SUM(B50:B52) -> 9660 | C53: =SUM(C50:C52) -> 1
A55: Public Service Commission, Place No. 1 | B55: Votes | C55: Percentage
A56: Matt Gentry | B56: 7344 | C56: =B56/B58 -> 0.80087241
A57: Jeremy H. Oden | B57: 1826 | C57: =B57/B58 -> 0.19912759
A58: Total | B58: =SUM(B55:B57) -> 9170 | C58: =SUM(C55:C57) -> 1
A60: Public Service Commission, Place No. 2 | B60: Votes | C60: Percentage
A61: Priscilla Andrews | B61: 1639 | C61: =B61/B65 -> 0.16886462
A62: Chris Beeker | B62: 1761 | C62: =B62/B65 -> 0.18143416
A63: Brent Woodall | B63: 2012 | C63: =B63/B65 -> 0.20729446
A64: Jim Zig Zeigler | B64: 4294 | C64: =B64/B65 -> 0.44240676
A65: Total | B65: =SUM(B61:B64) -> 9706 | C65: =SUM(C61:C64) -> 1
A67: United States Representative, 1st Congressional District | B67: Votes | C67: Percentage
A68: Jerry Carl | B68: 1455 | C68: =B68/B75 -> 0.14585004
A69: James (Jimmy) Dees | B69: 508 | C69: =B69/B75 -> 0.050922213
A70: Rhett Marques | B70: 5425 | C70: =B70/B75 -> 0.54380513
A71: Joshua McKee | B71: 1091 | C71: =B71/B75 -> 0.10936247
A72: John Mills | B72: 465 | C72: =B72/B75 -> 0.046611868
A73: James Richardson | B73: 649 | C73: =B73/B75 -> 0.065056135
A74: Austin Sidwell | B74: 383 | C74: =B74/B75 -> 0.038392141
A75: Total | B75: =SUM(B68:B74) -> 9976 | C75: =SUM(C68:C74) -> 1
A77: State Senator, District 29 | B77: Votes | C77: Percentage
A78: Donnie Chesteen | B78: 7562 | C78: =B78/B81 -> 0.84519951
A79: Zachary J. Hurst | B79: 1097 | C79: =B79/B81 -> 0.12261093
A80: Val Glasgow Paul | B80: 288 | C80: =B80/B81 -> 0.032189561
A81: Total | B81: =SUM(B78:B80) -> 8947 | C81: =SUM(C78:C80) -> 1
A83: State representative, Distrct 85 | B83: Votes | C83: Percentage
A84: David Money | B84: 709 | C84: =B84/B86 -> 0.53068862
A85: Rick Rehm | B85: 627 | C85: =B85/B86 -> 0.46931138
A86: Total | B86: =SUM(B83:B85) -> 1336 | C86: =SUM(C83:C85) -> 1
A88: State representative, District 93 | B88: Votes | C88: Percentage
A89: Steve Clouse | B89: 890 | C89: =B89/B91 -> 0.78621908
A90: Stormin' Norman Horton | B90: 242 | C90: =B90/B91 -> 0.21378092
A91: Total | B91: =SUM(B88:B90) -> 1132 | C91: =SUM(C88:C90) -> 1
A93: Chairman, Houston County Commission | B93: Votes | C93: Percentage
A94: John Rogers | B94: 4400 | C94: =B94/B96 -> 0.41229385
A95: Brandon Shoupe | B95: 6272 | C95: =B95/B96 -> 0.58770615
A96: Total | B96: =SUM(B93:B95) -> 10672 | C96: =SUM(C93:C95) -> 1
A98: Member, Houston County Commission District 1 | B98: Votes | C98: Percentage
A99: Bobby Lewis | B99: 480 | C99: =B99/B101 -> 0.45889101
A100: Jeffery A. Williams | B100: 566 | C100: =B100/B101 -> 0.54110899
A101: Total | B101: =SUM(B99:B100) -> 1046 | C101: =SUM(C99:C100) -> 1
A103: Member, Houston County Commission District 2 | B103: Votes | C103: Percentage
A104: Tracy Adams | B104: 1385 | C104: =B104/B107 -> 0.47464016
A105: Chris Love | B105: 1201 | C105: =B105/B107 -> 0.41158328
A106: Whitney Ingram Strength | B106: 332 | C106: =B106/B107 -> 0.11377656
A107: Total | B107: =SUM(B104:B106) -> 2918 | C107: =SUM(C104:C106) -> 1
A109: Member, Houston County Commission District 3 | B109: Votes | C109: Percentage
A110: Ashley E. Enfinger | B110: 1951 | C110: =B110/B112 -> 0.31381695
A111: Taylor Knight | B111: 1348 | C111: =B111/B112 -> 0.21682484
A112: Total | B112: =SUM(B107:B111) -> 6217 | C112: =SUM(C107:C111) -> 1.5306418
A114: Houston County Revenue Commissioner | B114: Votes | C114: Percentage
A115: Greg Holland | B115: 6944 | C115: =B115/B117 -> 0.67039969
A116: Richard Talley | B116: 3414 | C116: =B116/B117 -> 0.32960031
A117: Total | B117: =SUM(B114:B116) -> 10358 | C117: =SUM(C114:C116) -> 1
A119: Houston County Coroner | B119: Votes | C119: Percentage
...

Sheet Jackson
A1: Govenor | B1: Votes | C1: Percentage
A2: Ken McFeeters | B2: 664 | C2: =B2/B5 -> 0.097033465
A3: "Alabama" Will Santivasci | B3: 398 | C3: =B3/B5 -> 0.058161625
A4: Thomas Tuberville | B4: 5781 | C4: =B4/B5 -> 0.84480491
A5: Total | B5: =SUM(B2:B4) -> 6843 | C5: =SUM(C2:C4) -> 1
A7: Lt. Govenor | B7: Votes | C7: Percentage
A8: Wes Allen | B8: 2259 | C8: =B8/B15 -> 0.35252809
A9: Pat Bishop | B9: 216 | C9: =B9/B15 -> 0.033707865
A10: George Childress | B10: 183 | C10: =B10/B15 -> 0.028558052
A11: Rick Pate | B11: 544 | C11: =B11/B15 -> 0.084893883
A12: Stewart Hill Tankersley | B12: 185 | C12: =B12/B15 -> 0.028870162
A13: Nicole Jones Wadsworth | B13: 390 | C13: =B13/B15 -> 0.060861423
A14: John Wahl | B14: 2631 | C14: =B14/B15 -> 0.41058052
A15: Total | B15: =SUM(B8:B14) -> 6408 | C15: =SUM(C8:C14) -> 1
A17: Senator | B17: Votes | C17: Percentage
A18: Seth Burton | B18: 300 | C18: =B18/B25 -> 0.04552352
A19: Dale Shelton Deas Jr. | B19: 181 | C19: =B19/B25 -> 0.027465857
A20: Jared Hudson | B20: 1335 | C20: =B20/B25 -> 0.20257967
A21: Steve Marshall | B21: 2016 | C21: =B21/B25 -> 0.30591806
A22: Barry Moore | B22: 2439 | C22: =B22/B25 -> 0.37010622
A23: Morgan Murphy | B23: 103 | C23: =B23/B25 -> 0.015629742
A24: Rodney Walker | B24: 216 | C24: =B24/B25 -> 0.032776935
A25: Total | B25: =SUM(B18:B24) -> 6590 | C25: =SUM(C18:C24) -> 1
A27: Attorney General | B27: Votes | C27: Percentage
A28: Pamela L. Casey | B28: 1455 | C28: =B28/B31 -> 0.23022152
A29: Jay Mitchell | B29: 2430 | C29: =B29/B31 -> 0.38449367
A30: Katherine Robertson | B30: 2435 | C30: =B30/B31 -> 0.38528481
A31: Total | B31: =SUM(B28:B30) -> 6320 | C31: =SUM(C28:C30) -> 1
A33: Secretary of State | B33: Votes | C33: Percentage
A34: Caroleene Dobson | B34: 3232 | C34: =B34/B37 -> 0.55580396
A35: Christopher Christian Horn | B35: 1542 | C35: =B35/B37 -> 0.26517627
A36: Glenda S. Jackson | B36: 1041 | C36: =B36/B37 -> 0.17901978
A37: Total | B37: =SUM(B34:B36) -> 5815 | C37: =SUM(C34:C36) -> 1
A39: Treasurer | B39: Votes | C39: Percentage
A40: Young Boozer | B40: 3419 | C40: =B40/B42 -> 0.57978633
A41: Steve Lolley | B41: 2478 | C41: =B41/B42 -> 0.42021367
A42: Total | B42: =SUM(B39:B41) -> 5897 | C42: =SUM(C39:C41) -> 1
A44: Auditor | B44: Votes | C44: Percentage
A45: Derek Chen | B45: 1649 | C45: =B45/B47 -> 0.27920759
A46: Andrew Sorrell | B46: 4257 | C46: =B46/B47 -> 0.72079241
A47: Total | B47: =SUM(B44:B46) -> 5906 | C47: =SUM(C44:C46) -> 1
A49: Commissioner of Agriculture & Industries | B49: Votes | C49: Percentage
A50: Cory Hill | B50: 2532 | C50: =B50/B53 -> 0.42185938
A51: Christina Woerner McInnis | B51: 1512 | C51: =B51/B53 -> 0.25191603
A52: Jack Williams | B52: 1958 | C52: =B52/B53 -> 0.32622459
A53: Total | B53: =SUM(B50:B52) -> 6002 | C53: =SUM(C50:C52) -> 1
A55: Public Service Commission, Place No. 1 | B55: Votes | C55: Percentage
A56: Matt Gentry | B56: 4432 | C56: =B56/B58 -> 0.76678201
A57: Jeremy H. Oden | B57: 1348 | C57: =B57/B58 -> 0.23321799
A58: Total | B58: =SUM(B55:B57) -> 5780 | C58: =SUM(C55:C57) -> 1
A60: Public Service Commission, Place No. 2 | B60: Votes | C60: Percentage
A61: Priscilla Andrews | B61: 645 | C61: =B61/B65 -> 0.11130285
A62: Chris Beeker | B62: 1287 | C62: =B62/B65 -> 0.22208801
A63: Brent Woodall | B63: 1871 | C63: =B63/B65 -> 0.32286454
A64: Jim Zig Zeigler | B64: 1992 | C64: =B64/B65 -> 0.34374461
A65: Total | B65: =SUM(B61:B64) -> 5795 | C65: =SUM(C61:C64) -> 1
A67: State Board of Education, District 8 | B67: Votes | C67: Percentage
A68: Emily Jones | B68: 2591 | C68: =B68/B71 -> 0.44072121
A69: Connie Spears | B69: 1605 | C69: =B69/B71 -> 0.27300561
A70: William Matthews | B70: 1683 | C70: =B70/B71 -> 0.28627318
A71: Total | B71: =SUM(B68:B70) -> 5879 | C71: =SUM(C68:C70) -> 1
A73: Chairman, Jackson County Commission | B73: Votes | C73: Percentage
A74: Bill Nance | B74: 4030 | C74: =B74/B76 -> 0.6276281
A75: Zac Talley | B75: 2391 | C75: =B75/B76 -> 0.3723719
A76: Total | B76: =SUM(B73:B75) -> 6421 | C76: =SUM(C73:C75) -> 1
A78: Member, Jackson County Commission, District 1 | B78: Votes | C78: Percentage
A79: David Keith Blizard | B79: 1677 | C79: =B79/B82 -> 0.26285266
A80: Chris Gulley | B80: 3696 | C80: =B80/B82 -> 0.57931034
A81: John Peacock | B81: 1007 | C81: =B81/B82 -> 0.15783699
A82: Total | B82: =SUM(B79:B81) -> 6380 | C82: =SUM(C79:C81) -> 1
A84: Jackson County Sheriff | B84: Votes | C84: Percentage
A85: Tony Baker | B85: 1221 | C85: =B85/B89 -> 0.17333901
A86: Craig Holcomb | B86: 3431 | C86: =B86/B89 -> 0.4870812
A87: Bradley James Talley | B87: 694 | C87: =B87/B89 -> 0.098523566
A88: Eric Woodall | B88: 1698 | C88: =B88/B89 -> 0.24105622
A89: Total | B89: =SUM(B85:B88) -> 7044 | C89: =SUM(C85:C88) -> 1
A91: Jackson County Coroner | B91: Votes | C91: Percentage
A92: John David Jordan | B92: 5119 | C92: =B92/B94 -> 0.7954934
A93: Tony Lee Watson | B93: 1316 | C93: =B93/B94 -> 0.2045066
A94: Votes | B94: =SUM(B91:B93) -> 6435 | C94: =SUM(C91:C93) -> 1
A96: Jackson County Board of Education, District 4 | B96: Votes | C96: Percentage
A97: Josh Fralick | B97: 1898 | C97: =B97/B99 -> 0.42470351
A98: Robert "Robbie" King | B98: 2571 | C98: =B98/B99 -> 0.57529649
A99: Votes | B99: =SUM(B96:B98) -> 4469 | C99: =SUM(C96:C98) -> 1

Sheet Jefferson
A1: Govenor | B1: Votes | C1: Percentage
A2: Ken McFeeters | B2: 4740 | C2: =B2/B5 -> 0.12042989
A3: "Alabama" Will Santivasci | B3: 1686 | C3: =B3/B5 -> 0.042836454
A4: Thomas Tuberville | B4: 32933 | C4: =B4/B5 -> 0.83673366
A5: Total | B5: =SUM(B2:B4) -> 39359 | C5: =SUM(C2:C4) -> 1
A7: Lt. Govenor | B7: Votes | C7: Percentage
A8: Wes Allen | B8: 14843 | C8: =B8/B15 -> 0.38945739
A9: Pat Bishop | B9: 1195 | C9: =B9/B15 -> 0.031354954
A10: George Childress | B10: 653 | C10: =B10/B15 -> 0.017133711
A11: Rick Pate | B11: 2486 | C11: =B11/B15 -> 0.065228799
A12: Stewart Hill Tankersley | B12: 1444 | C12: =B12/B15 -> 0.037888329
A13: Nicole Jones Wadsworth | B13: 2329 | C13: =B13/B15 -> 0.061109362
A14: John Wahl | B14: 15162 | C14: =B14/B15 -> 0.39782746
A15: Total | B15: =SUM(B8:B14) -> 38112 | C15: =SUM(C8:C14) -> 1
A17: Senator | B17: Votes | C17: Percentage
A18: Seth Burton | B18: 756 | C18: =B18/B25 -> 0.0192
A19: Dale Shelton Deas Jr. | B19: 757 | C19: =B19/B25 -> 0.019225397
A20: Jared Hudson | B20: 17654 | C20: =B20/B25 -> 0.44835556
A21: Steve Marshall | B21: 8880 | C21: =B21/B25 -> 0.22552381
A22: Barry Moore | B22: 10057 | C22: =B22/B25 -> 0.25541587
A23: Morgan Murphy | B23: 435 | C23: =B23/B25 -> 0.011047619
A24: Rodney Walker | B24: 836 | C24: =B24/B25 -> 0.021231746
A25: Total | B25: =SUM(B18:B24) -> 39375 | C25: =SUM(C18:C24) -> 1
A27: Attorney General | B27: Votes | C27: Percentage
A28: Pamela L. Casey | B28: 9431 | C28: =B28/B31 -> 0.24705297
A29: Jay Mitchell | B29: 13639 | C29: =B29/B31 -> 0.35728506
A30: Katherine Robertson | B30: 15104 | C30: =B30/B31 -> 0.39566197
A31: Total | B31: =SUM(B28:B30) -> 38174 | C31: =SUM(C28:C30) -> 1
A33: Secretary of State | B33: Votes | C33: Percentage
A34: Caroleene Dobson | B34: 23887 | C34: =B34/B37 -> 0.67624494
A35: Christopher Christian Horn | B35: 8019 | C35: =B35/B37 -> 0.22701922
A36: Glenda S. Jackson | B36: 3417 | C36: =B36/B37 -> 0.096735838
A37: Total | B37: =SUM(B34:B36) -> 35323 | C37: =SUM(C34:C36) -> 1
A39: Treasurer | B39: Votes | C39: Percentage
A40: Young Boozer | B40: 25043 | C40: =B40/B42 -> 0.68981379
A41: Steve Lolley | B41: 11261 | C41: =B41/B42 -> 0.31018621
A42: Total | B42: =SUM(B39:B41) -> 36304 | C42: =SUM(C39:C41) -> 1
A44: Auditor | B44: Votes | C44: Percentage
A45: Derek Chen | B45: 12806 | C45: =B45/B47 -> 0.36065112
A46: Andrew Sorrell | B46: 22702 | C46: =B46/B47 -> 0.63934888
A47: Total | B47: =SUM(B44:B46) -> 35508 | C47: =SUM(C44:C46) -> 1
A49: Commissioner of Agriculture & Industries | B49: Votes | C49: Percentage
A50: Cory Hill | B50: 9688 | C50: =B50/B53 -> 0.28257255
A51: Christina Woerner McInnis | B51: 12695 | C51: =B51/B53 -> 0.37027855
A52: Jack Williams | B52: 11902 | C52: =B52/B53 -> 0.3471489
A53: Total | B53: =SUM(B50:B52) -> 34285 | C53: =SUM(C50:C52) -> 1
A55: Public Service Commission, Place No. 1 | B55: Votes | C55: Percentage
A56: Matt Gentry | B56: 24546 | C56: =B56/B58 -> 0.72761227
A57: Jeremy H. Oden | B57: 9189 | C57: =B57/B58 -> 0.27238773
A58: Total | B58: =SUM(B55:B57) -> 33735 | C58: =SUM(C55:C57) -> 1
A60: Public Service Commission, Place No. 2 | B60: Votes | C60: Percentage
A61: Priscilla Andrews | B61: 3503 | C61: =B61/B65 -> 0.10102962
A62: Chris Beeker | B62: 10816 | C62: =B62/B65 -> 0.31194301
A63: Brent Woodall | B63: 5239 | C63: =B63/B65 -> 0.1510974
A64: Jim Zig Zeigler | B64: 15115 | C64: =B64/B65 -> 0.43592997
A65: Total | B65: =SUM(B61:B64) -> 34673 | C65: =SUM(C61:C64) -> 1
A67: United States 6th Congressional District | B67: Votes | C67: Percentage
A68: Case Dixon | B68: 3894 | C68: =B68/B70 -> 0.16109548
A69: Gary Palmer | B69: 20278 | C69: =B69/B70 -> 0.83890452
A70: Total | B70: =SUM(B67:B69) -> 24172 | C70: =SUM(C67:C69) -> 1
A72: State Senator District 15 | B72: Votes | C72: Percentage
A73: Scott Ortis | B73: 4102 | C73: =B73/B75 -> 0.53176044
A74: Dan Roberts | B74: 3612 | C74: =B74/B75 -> 0.46823956
A75: Total | B75: =SUM(B72:B74) -> 7714 | C75: =SUM(C72:C74) -> 1
A77: State Senator District 16 | B77: Votes | C77: Percentage
A78: Nate Carlson | B78: 3977 | C78: =B78/B80 -> 0.43712904
A79: J.T. "Jabo" Waggoner | B79: 5121 | C79: =B79/B80 -> 0.56287096
A80: Total | B80: =SUM(B77:B79) -> 9098 | C80: =SUM(C77:C79) -> 1
A82: State representative, Distrct 45 | B82: Votes | C82: Percentage
A83: John Dawson | B83: 288 | C83: =B83/B85 -> 0.19238477
A84: Susan Dubose | B84: 1209 | C84: =B84/B85 -> 0.80761523
A85: Total | B85: =SUM(B82:B84) -> 1497 | C85: =SUM(C82:C84) -> 1
A87: State representative, Distrct 48 | B87: Votes | C87: Percentage
A88: Jim Carns | B88: 1914 | C88: =B88/B91 -> 0.38480097
A89: Lloyd Peeples | B89: 2746 | C89: =B89/B91 -> 0.55207077
A90: William Wentowski | B90: 314 | C90: =B90/B91 -> 0.063128267
A91: Total | B91: =SUM(B88:B90) -> 4974 | C91: =SUM(C88:C90) -> 1
A93: State Rebublican Executive Committee, Jefferson County, Place 1 District 3 | B93: Votes | C93: Percentage
A94: Diana B Browning | B94: 2433 | C94: =B94/B97 -> 0.27723336
A95: Johnny L Curry | B95: 5223 | C95: =B95/B97 -> 0.59514585
A96: Susan Vawter | B96: 1120 | C96: =B96/B97 -> 0.12762078
A97: Total | B97: =SUM(B94:B96) -> 8776 | C97: =SUM(C94:C96) -> 1
A99: State Rebublican Executive Committee, Jefferson County, Place 4 District 3 | B99: Votes | C99: Percentage
A100: Kevin Speed | B100: 4968 | C100: =B100/B102 -> 0.59697188
A101: Eddie Webber Jr. | B101: 3354 | C101: =B101/B102 -> 0.40302812
A102: Total | B102: =SUM(B99:B101) -> 8322 | C102: =SUM(C99:C101) -> 1
A104: State Rebublican Executive Committee, Jefferson County, Place 5 District 3 | B104: Votes | C104: Percentage
A105: Alan D. Crisologo | B105: 2536 | C105: =B105/B107 -> 0.30616926
A106: Riley McArdle | B106: 5747 | C106: =B106/B107 -> 0.69383074
A107: Total | B107: =SUM(B104:B106) -> 8283 | C107: =SUM(C104:C106) -> 1
A109: State Rebublican Executive Committee, Jefferson County, Place 6 District 3 | B109: Votes | C109: Percentage
A110: Case Dixon | B110: 3623 | C110: =B110/B112 -> 0.41884393
A111: Stephen Parker | B111: 5027 | C111: =B111/B112 -> 0.58115607
A112: Total | B112: =SUM(B109:B111) -> 8650 | C112: =SUM(C109:C111) -> 1
A114: State Rebublican Executive Committee, Jefferson County, Place 1 District 4 | B114: Votes | C114: Percentage
A115: Patricia Ellis | B115: 3077 | C115: =B115/B117 -> 0.39590839
A116: Ben Foster | B116: 4695 | C116: =B116/B117 -> 0.60409161
A117: Total | B117: =SUM(B114:B116) -> 7772 | C117: =SUM(C114:C116) -> 1
A119: State Rebublican Executive Committee, Jefferson County, Place 2 District 4 | B119: Votes | C119: Percentage
A120: Danny Garrett | B120: 7211 | C120: =B120/B122 -> 0.84735605
...

Sheet Lamar
A1: Govenor | B1: Votes | C1: Percentage
A2: Ken McFeeters | B2: 115 | C2: =B2/B5 -> 0.063430778
A3: "Alabama" Will Santivasci | B3: 60 | C3: =B3/B5 -> 0.033094319
A4: Thomas Tuberville | B4: 1638 | C4: =B4/B5 -> 0.9034749
A5: Total | B5: =SUM(B2:B4) -> 1813 | C5: =SUM(C2:C4) -> 1
A7: Lt. Govenor | B7: Votes | C7: Percentage
A8: Wes Allen | B8: 800 | C8: =B8/B15 -> 0.45248869
A9: Pat Bishop | B9: 60 | C9: =B9/B15 -> 0.033936652
A10: George Childress | B10: 43 | C10: =B10/B15 -> 0.024321267
A11: Rick Pate | B11: 54 | C11: =B11/B15 -> 0.030542986
A12: Stewart Hill Tankersley | B12: 14 | C12: =B12/B15 -> 0.007918552
A13: Nicole Jones Wadsworth | B13: 139 | C13: =B13/B15 -> 0.07861991
A14: John Wahl | B14: 658 | C14: =B14/B15 -> 0.37217195
A15: Total | B15: =SUM(B8:B14) -> 1768 | C15: =SUM(C8:C14) -> 1
A17: Senator | B17: Votes | C17: Percentage
A18: Seth Burton | B18: 50 | C18: =B18/B25 -> 0.028785262
A19: Dale Shelton Deas Jr. | B19: 38 | C19: =B19/B25 -> 0.021876799
A20: Jared Hudson | B20: 406 | C20: =B20/B25 -> 0.23373633
A21: Steve Marshall | B21: 432 | C21: =B21/B25 -> 0.24870466
A22: Barry Moore | B22: 696 | C22: =B22/B25 -> 0.40069085
A23: Morgan Murphy | B23: 21 | C23: =B23/B25 -> 0.01208981
A24: Rodney Walker | B24: 94 | C24: =B24/B25 -> 0.054116292
A25: Total | B25: =SUM(B18:B24) -> 1737 | C25: =SUM(C18:C24) -> 1
A27: Attorney General | B27: Votes | C27: Percentage
A28: Pamela L. Casey | B28: 461 | C28: =B28/B31 -> 0.26864802
A29: Jay Mitchell | B29: 688 | C29: =B29/B31 -> 0.4009324
A30: Katherine Robertson | B30: 567 | C30: =B30/B31 -> 0.33041958
A31: Total | B31: =SUM(B28:B30) -> 1716 | C31: =SUM(C28:C30) -> 1
A33: Secretary of State | B33: Votes | C33: Percentage
A34: Caroleene Dobson | B34: 962 | C34: =B34/B37 -> 0.59382716
A35: Christopher Christian Horn | B35: 453 | C35: =B35/B37 -> 0.27962963
A36: Glenda S. Jackson | B36: 205 | C36: =B36/B37 -> 0.12654321
A37: Total | B37: =SUM(B34:B36) -> 1620 | C37: =SUM(C34:C36) -> 1
A39: Treasurer | B39: Votes | C39: Percentage
A40: Young Boozer | B40: 838 | C40: =B40/B42 -> 0.50179641
A41: Steve Lolley | B41: 832 | C41: =B41/B42 -> 0.49820359
A42: Total | B42: =SUM(B39:B41) -> 1670 | C42: =SUM(C39:C41) -> 1
A44: Auditor | B44: Votes | C44: Percentage
A45: Derek Chen | B45: 566 | C45: =B45/B47 -> 0.34137515
A46: Andrew Sorrell | B46: 1092 | C46: =B46/B47 -> 0.65862485
A47: Total | B47: =SUM(B44:B46) -> 1658 | C47: =SUM(C44:C46) -> 1
A49: Commissioner of Agriculture & Industries | B49: Votes | C49: Percentage
A50: Cory Hill | B50: 826 | C50: =B50/B53 -> 0.49879227
A51: Christina Woerner McInnis | B51: 427 | C51: =B51/B53 -> 0.25785024
A52: Jack Williams | B52: 403 | C52: =B52/B53 -> 0.24335749
A53: Total | B53: =SUM(B50:B52) -> 1656 | C53: =SUM(C50:C52) -> 1
A55: Public Service Commission, Place No. 1 | B55: Votes | C55: Percentage
A56: Matt Gentry | B56: 1347 | C56: =B56/B58 -> 0.83096854
A57: Jeremy H. Oden | B57: 274 | C57: =B57/B58 -> 0.16903146
A58: Total | B58: =SUM(B55:B57) -> 1621 | C58: =SUM(C55:C57) -> 1
A60: Public Service Commission, Place No. 2 | B60: Votes | C60: Percentage
A61: Priscilla Andrews | B61: 184 | C61: =B61/B65 -> 0.11372064
A62: Chris Beeker | B62: 452 | C62: =B62/B65 -> 0.27935723
A63: Brent Woodall | B63: 357 | C63: =B63/B65 -> 0.22064277
A64: Jim Zig Zeigler | B64: 625 | C64: =B64/B65 -> 0.38627936
A65: Total | B65: =SUM(B61:B64) -> 1618 | C65: =SUM(C61:C64) -> 1
A67: United States Representative, 4th Congressional District | B67: Votes | C67: Percentage
A68: Robert B. Aderholt | B68: 1448 | C68: =B68/B70 -> 0.81211441
A69: Tommy Barnes | B69: 335 | C69: =B69/B70 -> 0.18788559
A70: Total | B70: =SUM(B67:B69) -> 1783 | C70: =SUM(C67:C69) -> 1
A72: State Representative, District 17 | B72: Votes | C72: Percentage
A73: Michael Beck | B73: 685 | C73: =B73/B76 -> 0.38182832
A74: Kevin Bradford | B74: 484 | C74: =B74/B76 -> 0.26978818
A75: Phil Segraves | B75: 625 | C75: =B75/B76 -> 0.3483835
A76: Total | B76: =SUM(B73:B75) -> 1794 | C76: =SUM(C73:C75) -> 1
A78: Lamar County Coroner | B78: Votes | C78: Percentage
A79: Allen V. Chandler | B79: 1141 | C79: =B79/B81 -> 0.64609287
A80: Tommy Dunham | B80: 625 | C80: =B80/B81 -> 0.35390713
A81: Total | B81: =SUM(B78:B80) -> 1766 | C81: =SUM(C78:C80) -> 1

Sheet Lauderdale
A1: Govenor | B1: Votes | C1: Percentage
A2: Ken McFeeters | B2: 932 | C2: =B2/B5 -> 0.10241758
A3: "Alabama" Will Santivasci | B3: 488 | C3: =B3/B5 -> 0.053626374
A4: Thomas Tuberville | B4: 7680 | C4: =B4/B5 -> 0.84395604
A5: Total | B5: =SUM(B2:B4) -> 9100 | C5: =SUM(C2:C4) -> 1
A7: Lt. Govenor | B7: Votes | C7: Percentage
A8: Wes Allen | B8: 2569 | C8: =B8/B15 -> 0.28819834
A9: Pat Bishop | B9: 204 | C9: =B9/B15 -> 0.022885349
A10: George Childress | B10: 117 | C10: =B10/B15 -> 0.013125421
A11: Rick Pate | B11: 363 | C11: =B11/B15 -> 0.040722459
A12: Stewart Hill Tankersley | B12: 168 | C12: =B12/B15 -> 0.018846758
A13: Nicole Jones Wadsworth | B13: 352 | C13: =B13/B15 -> 0.039488445
A14: John Wahl | B14: 5141 | C14: =B14/B15 -> 0.57673323
A15: Total | B15: =SUM(B8:B14) -> 8914 | C15: =SUM(C8:C14) -> 1
A17: Senator | B17: Votes | C17: Percentage
A18: Seth Burton | B18: 248 | C18: =B18/B25 -> 0.027972028
A19: Dale Shelton Deas Jr. | B19: 147 | C19: =B19/B25 -> 0.016580194
A20: Jared Hudson | B20: 1890 | C20: =B20/B25 -> 0.21317392
A21: Steve Marshall | B21: 2123 | C21: =B21/B25 -> 0.23945409
A22: Barry Moore | B22: 3793 | C22: =B22/B25 -> 0.42781412
A23: Morgan Murphy | B23: 123 | C23: =B23/B25 -> 0.013873224
A24: Rodney Walker | B24: 542 | C24: =B24/B25 -> 0.061132416
A25: Total | B25: =SUM(B18:B24) -> 8866 | C25: =SUM(C18:C24) -> 1
A27: Attorney General | B27: Votes | C27: Percentage
A28: Pamela L. Casey | B28: 2021 | C28: =B28/B31 -> 0.23538318
A29: Jay Mitchell | B29: 3391 | C29: =B29/B31 -> 0.39494526
A30: Katherine Robertson | B30: 3174 | C30: =B30/B31 -> 0.36967156
A31: Total | B31: =SUM(B28:B30) -> 8586 | C31: =SUM(C28:C30) -> 1
A33: Secretary of State | B33: Votes | C33: Percentage
A34: Caroleene Dobson | B34: 5284 | C34: =B34/B37 -> 0.65827831
A35: Christopher Christian Horn | B35: 1693 | C35: =B35/B37 -> 0.21091317
A36: Glenda S. Jackson | B36: 1050 | C36: =B36/B37 -> 0.13080852
A37: Total | B37: =SUM(B34:B36) -> 8027 | C37: =SUM(C34:C36) -> 1
A39: Treasurer | B39: Votes | C39: Percentage
A40: Young Boozer | B40: 5032 | C40: =B40/B42 -> 0.61917067
A41: Steve Lolley | B41: 3095 | C41: =B41/B42 -> 0.38082933
A42: Total | B42: =SUM(B39:B41) -> 8127 | C42: =SUM(C39:C41) -> 1
A44: Auditor | B44: Votes | C44: Percentage
A45: Derek Chen | B45: 1910 | C45: =B45/B47 -> 0.22732683
A46: Andrew Sorrell | B46: 6492 | C46: =B46/B47 -> 0.77267317
A47: Total | B47: =SUM(B44:B46) -> 8402 | C47: =SUM(C44:C46) -> 1
A49: Commissioner of Agriculture & Industries | B49: Votes | C49: Percentage
A50: Cory Hill | B50: 3088 | C50: =B50/B53 -> 0.39019459
A51: Christina Woerner McInnis | B51: 2658 | C51: =B51/B53 -> 0.3358605
A52: Jack Williams | B52: 2168 | C52: =B52/B53 -> 0.27394491
A53: Total | B53: =SUM(B50:B52) -> 7914 | C53: =SUM(C50:C52) -> 1
A55: Public Service Commission, Place No. 1 | B55: Votes | C55: Percentage
A56: Matt Gentry | B56: 5365 | C56: =B56/B58 -> 0.69512827
A57: Jeremy H. Oden | B57: 2353 | C57: =B57/B58 -> 0.30487173
A58: Total | B58: =SUM(B55:B57) -> 7718 | C58: =SUM(C55:C57) -> 1
A60: Public Service Commission, Place No. 2 | B60: Votes | C60: Percentage
A61: Priscilla Andrews | B61: 1044 | C61: =B61/B65 -> 0.13137033
A62: Chris Beeker | B62: 1553 | C62: =B62/B65 -> 0.19541966
A63: Brent Woodall | B63: 1766 | C63: =B63/B65 -> 0.22222222
A64: Jim Zig Zeigler | B64: 3584 | C64: =B64/B65 -> 0.45098779
A65: Total | B65: =SUM(B61:B64) -> 7947 | C65: =SUM(C61:C64) -> 1
A67: United States Representative, 4th Congressional District | B67: Votes | C67: Percentage
A68: Robert B. Aderholt | B68: 5032 | C68: =B68/B70 -> 0.70813397
A69: Tommy Barnes | B69: 2074 | C69: =B69/B70 -> 0.29186603
A70: Total | B70: =SUM(B67:B69) -> 7106 | C70: =SUM(C67:C69) -> 1
A72: State Representative, District 1 | B72: Votes | C72: Percentage
A73: Maurice McCaney | B73: 2914 | C73: =B73/B75 -> 0.59263779
A74: Phillip Pettus | B74: 2003 | C74: =B74/B75 -> 0.40736221
A75: Total | B75: =SUM(B72:B74) -> 4917 | C75: =SUM(C72:C74) -> 1
A77: Lauderdale County Coroner | B77: Votes | C77: Percentage
A78: Bridget Burbank | B78: 2918 | C78: =B78/B80 -> 0.38268852
A79: Kim Edgil Jones | B79: 4707 | C79: =B79/B80 -> 0.61731148
A80: Total | B80: =SUM(B77:B79) -> 7625 | C80: =SUM(C77:C79) -> 1
A82: State Republican Executive Committee, Lauderdale County, Place 1 | B82: Votes | C82: Percentage
A83: Maurice McCaney | B83: 4778 | C83: =B83/B85 -> 0.53541013
A84: Phillip Pettus | B84: 4146 | C84: =B84/B85 -> 0.46458987
A85: Total | B85: =SUM(B82:B84) -> 8924 | C85: =SUM(C82:C84) -> 1
A87: State Republican Executive Committee, Lauderdale County, Place 2 | B87: Votes | C87: Percentage
A88: Tim Melson | B88: 4667 | C88: =B88/B90 -> 0.55002946
A89: William "Will" Smith | B89: 3818 | C89: =B89/B90 -> 0.44997054
A90: Total | B90: =SUM(B87:B89) -> 8485 | C90: =SUM(C87:C89) -> 1
A92: State Republican Executive Committee, Lauderdale County, Place 3 | B92: Votes | C92: Percentage
A93: Courtney Dennis Bowling | B93: 4044 | C93: =B93/B95 -> 0.51002649
A94: Scott Jones | B94: 3885 | C94: =B94/B95 -> 0.48997351
A95: Total | B95: =SUM(B92:B94) -> 7929 | C95: =SUM(C92:C94) -> 1
A97: State Republican Executive Committee, Lauderdale County, Place 4 | B97: Votes | C97: Percentage
A98: Allen Long | B98: 4742 | C98: =B98/B100 -> 0.54846172
A99: Rodney Pettus | B99: 3904 | C99: =B99/B100 -> 0.45153828
A100: Total | B100: =SUM(B97:B99) -> 8646 | C100: =SUM(C97:C99) -> 1
A102: Lauderdale County Republican Executive Committee, Place 2 | B102: Votes | C102: Percentage
A103: Courtney Dennis Bowling | B103: 2065 | C103: =B103/B105 -> 0.48157649
A104: Lynn Greer | B104: 2223 | C104: =B104/B105 -> 0.51842351
A105: Total | B105: =SUM(B102:B104) -> 4288 | C105: =SUM(C102:C104) -> 1
A107: Lauderdale County Republican Executive Committee, Place 4 | B107: Votes | C107: Percentage
A108: Missy Hill | B108: 2462 | C108: =B108/B110 -> 0.64704336
A109: Vicki Rikard | B109: 1343 | C109: =B109/B110 -> 0.35295664
A110: Total | B110: =SUM(B107:B109) -> 3805 | C110: =SUM(C107:C109) -> 1
A112: Lauderdale County Republican Executive Committee, Place 5 | B112: Votes | C112: Percentage
A113: Richard Herston | B113: 1878 | C113: =B113/B115 -> 0.4561574
A114: Barry Morris | B114: 2239 | C114: =B114/B115 -> 0.5438426
A115: Total | B115: =SUM(B112:B114) -> 4117 | C115: =SUM(C112:C114) -> 1
A117: Lauderdale County Republican Executive Committee, Place 9 | B117: Votes | C117: Percentage
A118: Ann Marie Carney | B118: 2199 | C118: =B118/B120 -> 0.62882471
A119: Logan Neil Morris | B119: 1298 | C119: =B119/B120 -> 0.37117529
A120: Total | B120: =SUM(B117:B119) -> 3497 | C120: =SUM(C117:C119) -> 1
...

Sheet Lawrence
A1: Govenor | B1: Votes | C1: Percentage
A2: Ken McFeeters | B2: 461 | C2: =B2/B5 -> 0.091232931
A3: "Alabama" Will Santivasci | B3: 235 | C3: =B3/B5 -> 0.046507026
A4: Thomas Tuberville | B4: 4357 | C4: =B4/B5 -> 0.86226004
A5: Total | B5: =SUM(B2:B4) -> 5053 | C5: =SUM(C2:C4) -> 1
A7: Lt. Govenor | B7: Votes | C7: Percentage
A8: Wes Allen | B8: 1718 | C8: =B8/B15 -> 0.35746983
A9: Pat Bishop | B9: 123 | C9: =B9/B15 -> 0.025593009
A10: George Childress | B10: 104 | C10: =B10/B15 -> 0.021639617
A11: Rick Pate | B11: 301 | C11: =B11/B15 -> 0.062630046
A12: Stewart Hill Tankersley | B12: 108 | C12: =B12/B15 -> 0.02247191
A13: Nicole Jones Wadsworth | B13: 205 | C13: =B13/B15 -> 0.042655015
A14: John Wahl | B14: 2247 | C14: =B14/B15 -> 0.46754057
A15: Total | B15: =SUM(B8:B14) -> 4806 | C15: =SUM(C8:C14) -> 1
A17: Senator | B17: Votes | C17: Percentage
A18: Seth Burton | B18: 116 | C18: =B18/B25 -> 0.023887974
A19: Dale Shelton Deas Jr. | B19: 64 | C19: =B19/B25 -> 0.013179572
A20: Jared Hudson | B20: 1012 | C20: =B20/B25 -> 0.20840198
A21: Steve Marshall | B21: 1421 | C21: =B21/B25 -> 0.29262768
A22: Barry Moore | B22: 1924 | C22: =B22/B25 -> 0.39621087
A23: Morgan Murphy | B23: 82 | C23: =B23/B25 -> 0.016886326
A24: Rodney Walker | B24: 237 | C24: =B24/B25 -> 0.048805601
A25: Total | B25: =SUM(B18:B24) -> 4856 | C25: =SUM(C18:C24) -> 1
A27: Attorney General | B27: Votes | C27: Percentage
A28: Pamela L. Casey | B28: 874 | C28: =B28/B31 -> 0.18795699
A29: Jay Mitchell | B29: 1784 | C29: =B29/B31 -> 0.38365591
A30: Katherine Robertson | B30: 1992 | C30: =B30/B31 -> 0.4283871
A31: Total | B31: =SUM(B28:B30) -> 4650 | C31: =SUM(C28:C30) -> 1
A33: Secretary of State | B33: Votes | C33: Percentage
A34: Caroleene Dobson | B34: 2433 | C34: =B34/B37 -> 0.56965582
